Workbook
Name List_OppNames: #REF!
Name Path: Aux!$A$1

Sheet Fee Distribution
E1: =SUM(_xlfn.ANCHORARRAY(E4)) -> -52779.04
G2: Lookup based on the stripe details over the stripe name and QB Name in historical Stripe Fees Files (Columns O & P)
C3: Stripe Details | D3: Date | E3: Total fees | F3: Opp Name | G3: Opp Name Lookup
C4: {=_xlfn._xlws.SORT(_xlfn.UNIQUE(_xlfn.HSTACK(Transformed_Data[Details], INT(Transformed_Data[DateQB]))), 2, 1)} -> 2512-1100 Allen Sheri 04 | D4: 45663 | E4: {=SUMIFS(Transformed_Data[Stripe fee total], Transformed_Data[Details],INDEX(_xlfn.ANCHORARRAY(C4),,1), Transformed_Data[DateQB],INDEX(_xlfn.ANCHORARRAY(C4),,2))} -> -1.1617211 | J4: =IFERROR(INDEX(_xlfn._TRO_TRAILING(#REF!),MATCH(C4,_xlfn._TRO_TRAILING(#REF!),0)),"")
C5: 2512-1900 Long Christopher 02 | D5: 45663 | E5: -1.5382789 | J5: =IFERROR(INDEX(_xlfn._TRO_TRAILING(#REF!),MATCH(C5,_xlfn._TRO_TRAILING(#REF!),0)),"")
C6: Cox James | D6: 45663 | E6: 0 | J6: =IFERROR(INDEX(_xlfn._TRO_TRAILING(#REF!),MATCH(C6,_xlfn._TRO_TRAILING(#REF!),0)),"")
C7: 2609-0900 Johnson William 01 | D7: 45663 | E7: -30.4 | J7: =IFERROR(INDEX(_xlfn._TRO_TRAILING(#REF!),MATCH(C7,_xlfn._TRO_TRAILING(#REF!),0)),"")
C8: 2604-0400 Mclaughlin Matthew 08 | D8: 45663 | E8: -234.6 | J8: =IFERROR(INDEX(_xlfn._TRO_TRAILING(#REF!),MATCH(C8,_xlfn._TRO_TRAILING(#REF!),0)),"")
C9: 2604-0300 Lozano Javier 05 | D9: 45663 | E9: -174.9 | J9: =IFERROR(INDEX(_xlfn._TRO_TRAILING(#REF!),MATCH(C9,_xlfn._TRO_TRAILING(#REF!),0)),"")
C10: 2602-0100 Carlson Jessica 04 | D10: 45663 | E10: -0.72 | J10: =IFERROR(INDEX(_xlfn._TRO_TRAILING(#REF!),MATCH(C10,_xlfn._TRO_TRAILING(#REF!),0)),"")
C11: 2512-2100 Summers Elizabeth 04 | D11: 45663 | E11: -0.16 | J11: =IFERROR(INDEX(_xlfn._TRO_TRAILING(#REF!),MATCH(C11,_xlfn._TRO_TRAILING(#REF!),0)),"")
C12: 2609-1700 Ward Sean 02 | D12: 45663 | E12: -126.6 | J12: =IFERROR(INDEX(_xlfn._TRO_TRAILING(#REF!),MATCH(C12,_xlfn._TRO_TRAILING(#REF!),0)),"")
C13: 2507-0700 Roy Judith 02 | D13: 45811 | E13: 0
C14: 2508-1000 Riddle Jean 02 | D14: 45811 | E14: 0 | J14: =IFERROR(INDEX(_xlfn._TRO_TRAILING(#REF!),MATCH(C14,_xlfn._TRO_TRAILING(#REF!),0)),"")
C15: 2508-0500 Gutierrez Gregory 02 | D15: 45811 | E15: 0 | J15: =IFERROR(INDEX(_xlfn._TRO_TRAILING(#REF!),MATCH(C15,_xlfn._TRO_TRAILING(#REF!),0)),"")
C16: 2507-1200 Herrera Kathryn 05 | D16: 45811 | E16: 0 | J16: =IFERROR(INDEX(_xlfn._TRO_TRAILING(#REF!),MATCH(C16,_xlfn._TRO_TRAILING(#REF!),0)),"")
C17: 2505-1100 Gay Sean 04 | D17: 45811 | E17: 0 | J17: =IFERROR(INDEX(_xlfn._TRO_TRAILING(#REF!),MATCH(C17,_xlfn._TRO_TRAILING(#REF!),0)),"")
C18: 2507-0300 Jimenez Alexander 05 | D18: 45811 | E18: 0 | J18: =IFERROR(INDEX(_xlfn._TRO_TRAILING(#REF!),MATCH(C18,_xlfn._TRO_TRAILING(#REF!),0)),"")
C19: 2508-1001 Riddle Christine 01 | D19: 45811 | E19: 0 | J19: =IFERROR(INDEX(_xlfn._TRO_TRAILING(#REF!),MATCH(C19,_xlfn._TRO_TRAILING(#REF!),0)),"")
C20: 2605-0300 Kelly Maria 05 | D20: 45811 | E20: 0 | J20: =IFERROR(INDEX(_xlfn._TRO_TRAILING(#REF!),MATCH(C20,_xlfn._TRO_TRAILING(#REF!),0)),"")
C21: 2508-0600 Nguyen Laura 05 | D21: 45811 | E21: 0 | J21: =IFERROR(INDEX(_xlfn._TRO_TRAILING(#REF!),MATCH(C21,_xlfn._TRO_TRAILING(#REF!),0)),"")
C22: 2508-1000 Riddle Kendra 01 | D22: 45811 | E22: 0 | J22: =IFERROR(INDEX(_xlfn._TRO_TRAILING(#REF!),MATCH(C22,_xlfn._TRO_TRAILING(#REF!),0)),"")
C23: 2505-0500 Cantrell Keith 02 | D23: 45811 | E23: 0 | J23: =IFERROR(INDEX(_xlfn._TRO_TRAILING(#REF!),MATCH(C23,_xlfn._TRO_TRAILING(#REF!),0)),"")
C24: 2508-1900 Keith Jeremy 06 | D24: 45811 | E24: 0 | J24: =IFERROR(INDEX(_xlfn._TRO_TRAILING(#REF!),MATCH(C24,_xlfn._TRO_TRAILING(#REF!),0)),"")
C25: 2506-1300 Hicks Joseph 02 | D25: 45811 | E25: 0 | J25: =IFERROR(INDEX(_xlfn._TRO_TRAILING(#REF!),MATCH(C25,_xlfn._TRO_TRAILING(#REF!),0)),"")
... C495: 2601-0100 Williams Darrell 02 | D495: 46014 | E495: -0.6 | J495: =IFERROR(INDEX(_xlfn._TRO_TRAILING(#REF!),MATCH(C495,_xlfn._TRO_TRAILING(#REF!),0)),"")
J496: =IFERROR(INDEX(_xlfn._TRO_TRAILING(#REF!),MATCH(C496,_xlfn._TRO_TRAILING(#REF!),0)),"")
J497: =IFERROR(INDEX(_xlfn._TRO_TRAILING(#REF!),MATCH(C497,_xlfn._TRO_TRAILING(#REF!),0)),"")
J498: =IFERROR(INDEX(_xlfn._TRO_TRAILING(#REF!),MATCH(C498,_xlfn._TRO_TRAILING(#REF!),0)),"")
J499: =IFERROR(INDEX(_xlfn._TRO_TRAILING(#REF!),MATCH(C499,_xlfn._TRO_TRAILING(#REF!),0)),"")
J500: =IFERROR(INDEX(_xlfn._TRO_TRAILING(#REF!),MATCH(C500,_xlfn._TRO_TRAILING(#REF!),0)),"")
J501: =IFERROR(INDEX(_xlfn._TRO_TRAILING(#REF!),MATCH(C501,_xlfn._TRO_TRAILING(#REF!),0)),"")
J502: =IFERROR(INDEX(_xlfn._TRO_TRAILING(#REF!),MATCH(C502,_xlfn._TRO_TRAILING(#REF!),0)),"")
J503: =IFERROR(INDEX(_xlfn._TRO_TRAILING(#REF!),MATCH(C503,_xlfn._TRO_TRAILING(#REF!),0)),"")
J504: =IFERROR(INDEX(_xlfn._TRO_TRAILING(#REF!),MATCH(C504,_xlfn._TRO_TRAILING(#REF!),0)),"")
J505: =IFERROR(INDEX(_xlfn._TRO_TRAILING(#REF!),MATCH(C505,_xlfn._TRO_TRAILING(#REF!),0)),"")
J506: =IFERROR(INDEX(_xlfn._TRO_TRAILING(#REF!),MATCH(C506,_xlfn._TRO_TRAILING(#REF!),0)),"")
J507: =IFERROR(INDEX(_xlfn._TRO_TRAILING(#REF!),MATCH(C507,_xlfn._TRO_TRAILING(#REF!),0)),"")
... J536: =IFERROR(INDEX(_xlfn._TRO_TRAILING(#REF!),MATCH(C536,_xlfn._TRO_TRAILING(#REF!),0)),"")

Sheet Fees by date
C1: Totals | D1: =SUM(_xlfn._TRO_TRAILING(D4:D1000)) -> -52857.24 | G1: =SUM(_xlfn._TRO_TRAILING(G4:G1000)) -> -52779.04 | H1: =SUM(_xlfn._TRO_TRAILING(H4:H1000)) -> -52208.96
C3: Date | D3: Stripe Fee | E3: Charge | F3: Fee as % | G3: Stripe fees in TRANSFORMED DATA Table | H3: Distributed fees in FEE DISTRIBUTION Table
C4: {=_xlfn.SEQUENCE(MAX(Data[Created])- MIN(Data[Created]) + 1, 1, MIN(Data[Created]), 1)} -> 45800 | D4: {=SUMIFS(Data[Amount],Data[Fees-Date],_xlfn.ANCHORARRAY(C4),Data[Type],$D$3)} -> 0 | E4: {=SUMIFS(Data[Amount],Data[Created],_xlfn.ANCHORARRAY(C4),Data[Type],$E$3,Data[Description],"<>")} -> 150 | F4: {=IFERROR(_xlfn.ANCHORARRAY(D4)/_xlfn.ANCHORARRAY(E4),"")} -> 0 | G4: {=IFERROR(SUMIFS(Transformed_Data[Stripe fee total],Transformed_Data[Created],_xlfn.ANCHORARRAY(C4)),"")} -> 0 | H4: {=SUMIFS(_xlfn._TRO_TRAILING('Fee Distribution'!$E$4:$E$561),_xlfn._TRO_TRAILING('Fee Distribution'!$D$4:$D$561),_xlfn.ANCHORARRAY(C4))} -> 0
C5: 45801 | D5: 0 | E5: 0 | G5: 0 | H5: 0
C6: 45802 | D6: 0 | E6: 0 | G6: 0 | H6: 0
C7: 45803 | D7: 0 | E7: 13080 | F7: 0 | G7: 0 | H7: 0
C8: 45804 | D8: 0 | E8: 116230 | F8: 0 | G8: 0 | H8: 0
C9: 45805 | D9: 0 | E9: 64175 | F9: 0 | G9: 0 | H9: 0
C10: 45806 | D10: 0 | E10: 74400 | F10: 0 | G10: 0 | H10: 0
C11: 45807 | D11: 0 | E11: 0 | G11: 0 | H11: 0
C12: 45808 | D12: 0 | E12: 58750 | F12: 0 | G12: 0 | H12: 0
C13: 45809 | D13: 0 | E13: 0 | G13: 0 | H13: 0
C14: 45810 | D14: 0 | E14: 231130 | F14: 0 | G14: 0 | H14: 0
C15: 45811 | D15: 0 | E15: 5178.59 | F15: 0 | G15: 0 | H15: 0
C16: 45812 | D16: 0 | E16: 74000 | F16: 0 | G16: 0 | H16: 0
C17: 45813 | D17: 0 | E17: 207295 | F17: 0 | G17: 0 | H17: 0
C18: 45814 | D18: 0 | E18: 70325 | F18: 0 | G18: 0 | H18: 0
C19: 45815 | D19: 0 | E19: 38600 | F19: 0 | G19: 0 | H19: 0
C20: 45816 | D20: 0 | E20: 2650 | F20: 0 | G20: 0 | H20: 0
C21: 45817 | D21: 0 | E21: 84389 | F21: 0 | G21: 0 | H21: 0
C22: 45818 | D22: 0 | E22: 17080 | F22: 0 | G22: 0 | H22: 0
C23: 45819 | D23: -256.8 | E23: 51359 | F23: -0.0050000974 | G23: -256.8 | H23: 0
C24: 45820 | D24: -143.65 | E24: 28730 | F24: -0.005 | G24: -143.65 | H24: 0
C25: 45821 | D25: -48.57 | E25: 9711.59 | F25: -0.0050012408 | G25: -48.57 | H25: 0
C26: 45822 | D26: 0 | E26: 0 | G26: 0 | H26: 0
C27: 45823 | D27: -217.03 | E27: 43405 | F27: -0.0050001152 | G27: -217.03 | H27: 0
C28: 45824 | D28: -494.88 | E28: 98975 | F28: -0.0050000505 | G28: -494.88 | H28: 0
C29: 45825 | D29: -215 | E29: 43000 | F29: -0.005 | G29: -215 | H29: -449.02
C30: 45826 | D30: -529 | E30: 105799 | F30: -0.0050000473 | G30: -529 | H30: 0
C31: 45827 | D31: -900.91 | E31: 180180 | F31: -0.0050000555 | G31: -900.91 | H31: 0
C32: 45828 | D32: 0 | E32: 0 | G32: 0 | H32: 0
C33: 45829 | D33: 0 | E33: 0 | G33: 0 | H33: 0
C34: 45830 | D34: 0 | E34: 0 | G34: 0 | H34: 0
C35: 45831 | D35: -337.5 | E35: 67500 | F35: -0.005 | G35: -337.5 | H35: 0
C36: 45832 | D36: -97.34 | E36: 19467.5 | F36: -0.0050001284 | G36: -97.34 | H36: -2356.82
C37: 45833 | D37: -72.45 | E37: 14490 | F37: -0.005 | G37: -72.45 | H37: 0
C38: 45834 | D38: -267.81 | E38: 53560.5 | F38: -0.00500014 | G38: -267.81 | H38: 0
C39: 45835 | D39: -647.75 | E39: 129550 | F39: -0.005 | G39: -647.75 | H39: 0
C40: 45836 | D40: -197.93 | E40: 39585 | F40: -0.0050001263 | G40: -197.93 | H40: 0
C41: 45837 | D41: 0 | E41: 0 | G41: 0 | H41: 0
C42: 45838 | D42: -755.07 | E42: 151012.5 | F42: -0.0050000497 | G42: -755.07 | H42: 0
C43: 45839 | D43: -442.59 | E43: 88518 | F43: -0.005 | G43: -442.59 | H43: -1422.85
C44: 45840 | D44: -998.07 | E44: 199612.5 | F44: -0.0050000376 | G44: -998.07 | H44: 0
C45: 45841 | D45: -314.46 | E45: 62892.5 | F45: -0.0049999602 | G45: -314.46 | H45: 0
C46: 45842 | D46: -1140.98 | E46: 228196 | F46: -0.005 | G46: -1140.98 | H46: 0
C47: 45843 | D47: -190.5 | E47: 38100 | F47: -0.005 | G47: -190.5 | H47: 0
C48: 45844 | D48: -98.84 | E48: 19767.5 | F48: -0.0050001265 | G48: -98.84 | H48: 0
C49: 45845 | D49: -286.55 | E49: 57310 | F49: -0.005 | G49: -286.55 | H49: 0
C50: 45846 | D50: -695.25 | E50: 139050 | F50: -0.005 | G50: -695.25 | H50: -2708.12
C51: 45847 | D51: -848.92 | E51: 169784 | F51: -0.005 | G51: -848.92 | H51: 0
C52: 45848 | D52: -647.25 | E52: 129450 | F52: -0.005 | G52: -647.25 | H52: 0
C53: 45849 | D53: -92.25 | E53: 18450 | F53: -0.005 | G53: -92.25 | H53: 0
C54: 45850 | D54: 0 | E54: 0 | G54: 0 | H54: 0
C55: 45851 | D55: -226.88 | E55: 45375 | F55: -0.0050001102 | G55: -226.88 | H55: 0
C56: 45852 | D56: -130.91 | E56: 26180 | F56: -0.005000382 | G56: -130.91 | H56: 0
C57: 45853 | D57: -338.95 | E57: 67790 | F57: -0.005 | G57: -338.95 | H57: -4000.54
C58: 45854 | D58: 0 | E58: 0 | G58: 0 | H58: 0
C59: 45855 | D59: -111.43 | E59: 22285 | F59: -0.0050002244 | G59: -111.43 | H59: 0
C60: 45856 | D60: 0 | E60: 0 | G60: 0 | H60: 0
C61: 45857 | D61: 0 | E61: 0 | G61: 0 | H61: 0
C62: 45858 | D62: 0 | E62: 0 | G62: 0 | H62: 0
C63: 45859 | D63: -812.5 | E63: 162500 | F63: -0.005 | G63: -812.5 | H63: 0
C64: 45860 | D64: -109.05 | E64: 21810 | F64: -0.005 | G64: -109.05 | H64: -808.17
C65: 45861 | D65: -80.5 | E65: 16100 | F65: -0.005 | G65: -80.5 | H65: 0
C66: 45862 | D66: 0 | E66: 0 | G66: 0 | H66: 0
C67: 45863 | D67: -375.38 | E67: 75075 | F67: -0.0050000666 | G67: -375.38 | H67: 0
C68: 45864 | D68: 0 | E68: 0 | G68: 0 | H68: 0
C69: 45865 | D69: -1.4 | E69: 280 | F69: -0.005 | G69: -1.4 | H69: 0
C70: 45866 | D70: -6.3 | E70: 1259 | F70: -0.0050039714 | G70: -6.3 | H70: 0
C71: 45867 | D71: -690.44 | E71: 138085 | F71: -0.0050001086 | G71: -690.44 | H71: -1377.43
C72: 45868 | D72: -176.5 | E72: 35300 | F72: -0.005 | G72: -176.5 | H72: 0
C73: 45869 | D73: -416.75 | E73: 83350 | F73: -0.005 | G73: -416.75 | H73: 0
C74: 45870 | D74: -30.83 | E74: 6165 | F74: -0.005000811 | G74: -30.83 | H74: 0
C75: 45871 | D75: 0 | E75: 0 | G75: 0 | H75: 0
C76: 45872 | D76: 0 | E76: 0 | G76: 0 | H76: 0
C77: 45873 | D77: -646.32 | E77: 129264 | F77: -0.005 | G77: -646.32 | H77: 0
C78: 45874 | D78: -178.88 | E78: 35775 | F78: -0.0050001398 | G78: -178.88 | H78: -1322.22
C79: 45875 | D79: -218.56 | E79: 43711 | F79: -0.0050001144 | G79: -218.56 | H79: 0
C80: 45876 | D80: -709.67 | E80: 141933 | F80: -0.0050000352 | G80: -709.67 | H80: 0
C81: 45877 | D81: -3.63 | E81: 725 | F81: -0.0050068966 | G81: -3.63 | H81: 0
C82: 45878 | D82: -206.6 | E82: 41320 | F82: -0.005 | G82: -206.6 | H82: 0
C83: 45879 | D83: 0 | E83: 0 | G83: 0 | H83: 0
C84: 45880 | D84: -0.64 | E84: 128 | F84: -0.005 | G84: -0.64 | H84: 0
C85: 45881 | D85: -375.92 | E85: 75184 | F85: -0.005 | G85: -375.92 | H85: -1757.06
C86: 45882 | D86: -419.25 | E86: 83850 | F86: -0.005 | G86: -419.25 | H86: 0
C87: 45883 | D87: -1079.63 | E87: 215925 | F87: -0.0050000232 | G87: -1079.63 | H87: 0
C88: 45884 | D88: -158.05 | E88: 31610 | F88: -0.005 | G88: -158.05 | H88: 0
C89: 45885 | D89: -432 | E89: 86400 | F89: -0.005 | G89: -432 | H89: 0
C90: 45886 | D90: -426.25 | E90: 85250 | F90: -0.005 | G90: -426.25 | H90: 0
C91: 45887 | D91: -25 | E91: 5000 | F91: -0.005 | G91: -25 | H91: 0
C92: 45888 | D92: -854.45 | E92: 170890 | F92: -0.005 | G92: -854.45 | H92: -2240.09
C93: 45889 | D93: -68.35 | E93: 13670 | F93: -0.005 | G93: -68.35 | H93: 0
C94: 45890 | D94: -197.25 | E94: 39450 | F94: -0.005 | G94: -197.25 | H94: 0
C95: 45891 | D95: -9.8 | E95: 1960 | F95: -0.005 | G95: -9.8 | H95: 0
C96: 45892 | D96: 0 | E96: 0 | G96: 0 | H96: 0
C97: 45893 | D97: 0 | E97: 0 | G97: 0 | H97: 0
C98: 45894 | D98: -97.7 | E98: 19540 | F98: -0.005 | G98: -97.7 | H98: 0
C99: 45895 | D99: -131.79 | E99: 26357.6 | F99: -0.0050000759 | G99: -131.79 | H99: -2013.1
C100: 45896 | D100: -582.56 | E100: 116511 | F100: -0.0050000429 | G100: -582.56 | H100: 0
C101: 45897 | D101: -335 | E101: 67000 | F101: -0.005 | G101: -335 | H101: 0
...

Sheet Transformed Data QB
D1: Total Stipe Fees
D2: =SUBTOTAL(9,Transformed_Data[Stripe fee total]) -> -52779.04
C4: Stripe fee Allocation % | D4: Stripe fee total | E4: DateQB | F4: Worksheet | G4: TabName | H4: Type | I4: ID | J4: Created | K4: Description | L4: Amount | M4: Converted Amount | N4: Fees | O4: Net | P4: Details | Q4: Customer ID | R4: Customer Email | S4: rs_document (metadata)
C5: =Transformed_Data[[#This Row],[Amount]]/SUMIFS(Transformed_Data[Amount],Transformed_Data[Created],Transformed_Data[[#This Row],[Created]]) -> 0.43026706 | D5: {=IFERROR(_xlfn.XLOOKUP(Transformed_Data[[#This Row],[Created]],_xlfn._TRO_TRAILING('Fees by date'!$C$4:$C$1001),_xlfn._TRO_TRAILING('Fees by date'!$D$4:D$1001)),"")*Transformed_Data[[#This Row],[Stripe fee Allocation %]]} -> -1.1617211 | E5: =DATEVALUE(SUBSTITUTE(_xlfn.TEXTAFTER(Transformed_Data[[#This Row],[TabName]], " ", -3), " ", ", ", 2)) -> 45663 | F5: Clean December 2025 - Stripe data upload.xlsx | G5: Stripe data Jan 6 2025 | H5: Charge | J5: 46013 | K5: Invoice 238E93DA-0005 | L5: 290 | M5: 290 | N5: 10.16 | O5: 279.84 | P5: 2512-1100 Allen Sheri 04
C6: =Transformed_Data[[#This Row],[Amount]]/SUMIFS(Transformed_Data[Amount],Transformed_Data[Created],Transformed_Data[[#This Row],[Created]]) -> 0.56973294 | D6: {=IFERROR(_xlfn.XLOOKUP(Transformed_Data[[#This Row],[Created]],_xlfn._TRO_TRAILING('Fees by date'!$C$4:$C$1001),_xlfn._TRO_TRAILING('Fees by date'!$D$4:D$1001)),"")*Transformed_Data[[#This Row],[Stripe fee Allocation %]]} -> -1.5382789 | E6: =DATEVALUE(SUBSTITUTE(_xlfn.TEXTAFTER(Transformed_Data[[#This Row],[TabName]], " ", -3), " ", ", ", 2)) -> 45663 | F6: Clean December 2025 - Stripe data upload.xlsx | G6: Stripe data Jan 6 2025 | H6: Charge | J6: 46013 | K6: Invoice C60NNV6F-0004 | L6: 384 | M6: 384 | N6: 11.44 | O6: 372.56 | P6: 2512-1900 Long Christopher 02
C7: =Transformed_Data[[#This Row],[Amount]]/SUMIFS(Transformed_Data[Amount],Transformed_Data[Created],Transformed_Data[[#This Row],[Created]]) -> 1 | D7: {=IFERROR(_xlfn.XLOOKUP(Transformed_Data[[#This Row],[Created]],_xlfn._TRO_TRAILING('Fees by date'!$C$4:$C$1001),_xlfn._TRO_TRAILING('Fees by date'!$D$4:D$1001)),"")*Transformed_Data[[#This Row],[Stripe fee Allocation %]]} -> 0 | E7: =DATEVALUE(SUBSTITUTE(_xlfn.TEXTAFTER(Transformed_Data[[#This Row],[TabName]], " ", -3), " ", ", ", 2)) -> 45663 | F7: Clean December 2025 - Stripe data upload.xlsx | G7: Stripe data Jan 6 2025 | H7: Charge | J7: 46014 | L7: 185 | M7: 185 | N7: 8.44 | O7: 176.56 | P7: Cox James
C8: =Transformed_Data[[#This Row],[Amount]]/SUMIFS(Transformed_Data[Amount],Transformed_Data[Created],Transformed_Data[[#This Row],[Created]]) -> 1 | D8: {=IFERROR(_xlfn.XLOOKUP(Transformed_Data[[#This Row],[Created]],_xlfn._TRO_TRAILING('Fees by date'!$C$4:$C$1001),_xlfn._TRO_TRAILING('Fees by date'!$D$4:D$1001)),"")*Transformed_Data[[#This Row],[Stripe fee Allocation %]]} -> -30.4 | E8: =DATEVALUE(SUBSTITUTE(_xlfn.TEXTAFTER(Transformed_Data[[#This Row],[TabName]], " ", -3), " ", ", ", 2)) -> 45663 | F8: Clean December 2025 - Stripe data upload.xlsx | G8: Stripe data Jan 6 2025 | H8: Charge | J8: 46015 | K8: Invoice 1FC7CKDD-0003 | L8: 7600 | M8: 7600 | N8: 258.7 | O8: 7341.3 | P8: 2609-0900 Johnson William 01
C9: =Transformed_Data[[#This Row],[Amount]]/SUMIFS(Transformed_Data[Amount],Transformed_Data[Created],Transformed_Data[[#This Row],[Created]]) -> 1 | D9: {=IFERROR(_xlfn.XLOOKUP(Transformed_Data[[#This Row],[Created]],_xlfn._TRO_TRAILING('Fees by date'!$C$4:$C$1001),_xlfn._TRO_TRAILING('Fees by date'!$D$4:D$1001)),"")*Transformed_Data[[#This Row],[Stripe fee Allocation %]]} -> -78.2 | E9: =DATEVALUE(SUBSTITUTE(_xlfn.TEXTAFTER(Transformed_Data[[#This Row],[TabName]], " ", -3), " ", ", ", 2)) -> 45663 | F9: Clean December 2025 - Stripe data upload.xlsx | G9: Stripe data Jan 6 2025 | H9: Charge | J9: 46019 | K9: Invoice AWV4XVBZ-0007 | L9: 19550 | M9: 19550 | N9: 567.25 | O9: 18982.75 | P9: 2604-0400 Mclaughlin Matthew 08
C10: =Transformed_Data[[#This Row],[Amount]]/SUMIFS(Transformed_Data[Amount],Transformed_Data[Created],Transformed_Data[[#This Row],[Created]]) -> 1 | D10: {=IFERROR(_xlfn.XLOOKUP(Transformed_Data[[#This Row],[Created]],_xlfn._TRO_TRAILING('Fees by date'!$C$4:$C$1001),_xlfn._TRO_TRAILING('Fees by date'!$D$4:D$1001)),"")*Transformed_Data[[#This Row],[Stripe fee Allocation %]]} -> -174.9 | E10: =DATEVALUE(SUBSTITUTE(_xlfn.TEXTAFTER(Transformed_Data[[#This Row],[TabName]], " ", -3), " ", ", ", 2)) -> 45663 | F10: Clean December 2025 - Stripe data upload.xlsx | G10: Stripe data Jan 6 2025 | H10: Charge | J10: 46020 | K10: Invoice A70DA778-0008 | L10: 43725 | M10: 43725 | N10: 8 | O10: 43717 | P10: 2604-0300 Lozano Javier 05
C11: =Transformed_Data[[#This Row],[Amount]]/SUMIFS(Transformed_Data[Amount],Transformed_Data[Created],Transformed_Data[[#This Row],[Created]]) -> 0.0091231627 | D11: {=IFERROR(_xlfn.XLOOKUP(Transformed_Data[[#This Row],[Created]],_xlfn._TRO_TRAILING('Fees by date'!$C$4:$C$1001),_xlfn._TRO_TRAILING('Fees by date'!$D$4:D$1001)),"")*Transformed_Data[[#This Row],[Stripe fee Allocation %]]} -> -0.72 | E11: =DATEVALUE(SUBSTITUTE(_xlfn.TEXTAFTER(Transformed_Data[[#This Row],[TabName]], " ", -3), " ", ", ", 2)) -> 45663 | F11: Clean December 2025 - Stripe data upload.xlsx | G11: Stripe data Jan 6 2025 | H11: Charge | J11: 46021 | K11: Invoice SYLM9C6Q-0004 | L11: 180 | M11: 180 | N11: 5.52 | O11: 174.48 | P11: 2602-0100 Carlson Jessica 04
C12: =Transformed_Data[[#This Row],[Amount]]/SUMIFS(Transformed_Data[Amount],Transformed_Data[Created],Transformed_Data[[#This Row],[Created]]) -> 0.99087684 | D12: {=IFERROR(_xlfn.XLOOKUP(Transformed_Data[[#This Row],[Created]],_xlfn._TRO_TRAILING('Fees by date'!$C$4:$C$1001),_xlfn._TRO_TRAILING('Fees by date'!$D$4:D$1001)),"")*Transformed_Data[[#This Row],[Stripe fee Allocation %]]} -> -78.2 | E12: =DATEVALUE(SUBSTITUTE(_xlfn.TEXTAFTER(Transformed_Data[[#This Row],[TabName]], " ", -3), " ", ", ", 2)) -> 45663 | F12: Clean December 2025 - Stripe data upload.xlsx | G12: Stripe data Jan 6 2025 | H12: Charge | J12: 46021 | K12: Invoice AWV4XVBZ-0008 | L12: 19550 | M12: 19550 | N12: 567.25 | O12: 18982.75 | P12: 2604-0400 Mclaughlin Matthew 08
C13: =Transformed_Data[[#This Row],[Amount]]/SUMIFS(Transformed_Data[Amount],Transformed_Data[Created],Transformed_Data[[#This Row],[Created]]) -> 1 | D13: {=IFERROR(_xlfn.XLOOKUP(Transformed_Data[[#This Row],[Created]],_xlfn._TRO_TRAILING('Fees by date'!$C$4:$C$1001),_xlfn._TRO_TRAILING('Fees by date'!$D$4:D$1001)),"")*Transformed_Data[[#This Row],[Stripe fee Allocation %]]} -> -0.16 | E13: =DATEVALUE(SUBSTITUTE(_xlfn.TEXTAFTER(Transformed_Data[[#This Row],[TabName]], " ", -3), " ", ", ", 2)) -> 45663 | F13: Clean December 2025 - Stripe data upload.xlsx | G13: Stripe data Jan 6 2025 | H13: Charge | J13: 46022 | K13: Invoice A1JWFX2Q-0003 | L13: 40 | M13: 40 | N13: 1.46 | O13: 38.54 | P13: 2512-2100 Summers Elizabeth 04
C14: =Transformed_Data[[#This Row],[Amount]]/SUMIFS(Transformed_Data[Amount],Transformed_Data[Created],Transformed_Data[[#This Row],[Created]]) -> 0.38183594 | D14: {=IFERROR(_xlfn.XLOOKUP(Transformed_Data[[#This Row],[Created]],_xlfn._TRO_TRAILING('Fees by date'!$C$4:$C$1001),_xlfn._TRO_TRAILING('Fees by date'!$D$4:D$1001)),"")*Transformed_Data[[#This Row],[Stripe fee Allocation %]]} -> -78.2 | E14: =DATEVALUE(SUBSTITUTE(_xlfn.TEXTAFTER(Transformed_Data[[#This Row],[TabName]], " ", -3), " ", ", ", 2)) -> 45663 | F14: Clean December 2025 - Stripe data upload.xlsx | G14: Stripe data Jan 6 2025 | H14: Charge | J14: 46023 | K14: Invoice AWV4XVBZ-0009 | L14: 19550 | M14: 19550 | N14: 567.25 | O14: 18982.75 | P14: 2604-0400 Mclaughlin Matthew 08
C15: =Transformed_Data[[#This Row],[Amount]]/SUMIFS(Transformed_Data[Amount],Transformed_Data[Created],Transformed_Data[[#This Row],[Created]]) -> 0.61816406 | D15: {=IFERROR(_xlfn.XLOOKUP(Transformed_Data[[#This Row],[Created]],_xlfn._TRO_TRAILING('Fees by date'!$C$4:$C$1001),_xlfn._TRO_TRAILING('Fees by date'!$D$4:D$1001)),"")*Transformed_Data[[#This Row],[Stripe fee Allocation %]]} -> -126.6 | E15: =DATEVALUE(SUBSTITUTE(_xlfn.TEXTAFTER(Transformed_Data[[#This Row],[TabName]], " ", -3), " ", ", ", 2)) -> 45663 | F15: Clean December 2025 - Stripe data upload.xlsx | G15: Stripe data Jan 6 2025 | H15: Charge | J15: 46023 | K15: Invoice 3KK20IFV-0002 | L15: 31650 | M15: 31650 | N15: 1392.9 | O15: 30257.1 | P15: 2609-1700 Ward Sean 02
C16: =Transformed_Data[[#This Row],[Amount]]/SUMIFS(Transformed_Data[Amount],Transformed_Data[Created],Transformed_Data[[#This Row],[Created]]) -> 1 | D16: {=IFERROR(_xlfn.XLOOKUP(Transformed_Data[[#This Row],[Created]],_xlfn._TRO_TRAILING('Fees by date'!$C$4:$C$1001),_xlfn._TRO_TRAILING('Fees by date'!$D$4:D$1001)),"")*Transformed_Data[[#This Row],[Stripe fee Allocation %]]} -> 0 | E16: =DATEVALUE(SUBSTITUTE(_xlfn.TEXTAFTER(Transformed_Data[[#This Row],[TabName]], " ", -3), " ", ", ", 2)) -> 45811 | F16: Clean July 2025 - Stripe data upload.xlsx | G16: Stripe data Jun 3 2025 | H16: Charge | J16: 45800 | K16: Invoice 63B5033F-0005 | L16: 150 | M16: 150 | N16: 4.65 | O16: 145.35 | P16: 2507-0700 Roy Judith 02
C17: =Transformed_Data[[#This Row],[Amount]]/SUMIFS(Transformed_Data[Amount],Transformed_Data[Created],Transformed_Data[[#This Row],[Created]]) -> 0.44342508 | D17: {=IFERROR(_xlfn.XLOOKUP(Transformed_Data[[#This Row],[Created]],_xlfn._TRO_TRAILING('Fees by date'!$C$4:$C$1001),_xlfn._TRO_TRAILING('Fees by date'!$D$4:D$1001)),"")*Transformed_Data[[#This Row],[Stripe fee Allocation %]]} -> 0 | E17: =DATEVALUE(SUBSTITUTE(_xlfn.TEXTAFTER(Transformed_Data[[#This Row],[TabName]], " ", -3), " ", ", ", 2)) -> 45811 | F17: Clean July 2025 - Stripe data upload.xlsx | G17: Stripe data Jun 3 2025 | H17: Charge | J17: 45803 | K17: Invoice E60A20BC-0002 | L17: 11600 | M17: 11600 | N17: 394.7 | O17: 11205.3 | P17: 2508-1000 Riddle Jean 02
C18: =Transformed_Data[[#This Row],[Amount]]/SUMIFS(Transformed_Data[Amount],Transformed_Data[Created],Transformed_Data[[#This Row],[Created]]) -> 0.032492355 | D18: {=IFERROR(_xlfn.XLOOKUP(Transformed_Data[[#This Row],[Created]],_xlfn._TRO_TRAILING('Fees by date'!$C$4:$C$1001),_xlfn._TRO_TRAILING('Fees by date'!$D$4:D$1001)),"")*Transformed_Data[[#This Row],[Stripe fee Allocation %]]} -> 0 | E18: =DATEVALUE(SUBSTITUTE(_xlfn.TEXTAFTER(Transformed_Data[[#This Row],[TabName]], " ", -3), " ", ", ", 2)) -> 45811 | F18: Clean July 2025 - Stripe data upload.xlsx | G18: Stripe data Jun 3 2025 | H18: Charge | J18: 45803 | K18: Invoice 3C7E2175-0004 | L18: 850 | M18: 850 | N18: 29.2 | O18: 820.8 | P18: 2508-0500 Gutierrez Gregory 02
C19: =Transformed_Data[[#This Row],[Amount]]/SUMIFS(Transformed_Data[Amount],Transformed_Data[Created],Transformed_Data[[#This Row],[Created]]) -> 0.021980122 | D19: {=IFERROR(_xlfn.XLOOKUP(Transformed_Data[[#This Row],[Created]],_xlfn._TRO_TRAILING('Fees by date'!$C$4:$C$1001),_xlfn._TRO_TRAILING('Fees by date'!$D$4:D$1001)),"")*Transformed_Data[[#This Row],[Stripe fee Allocation %]]} -> 0 | E19: =DATEVALUE(SUBSTITUTE(_xlfn.TEXTAFTER(Transformed_Data[[#This Row],[TabName]], " ", -3), " ", ", ", 2)) -> 45811 | F19: Clean July 2025 - Stripe data upload.xlsx | G19: Stripe data Jun 3 2025 | H19: Charge | J19: 45803 | K19: Invoice 2C268179-0003 | L19: 575 | M19: 575 | N19: 16.98 | O19: 558.02 | P19: 2507-1200 Herrera Kathryn 05
... C66: =Transformed_Data[[#This Row],[Amount]]/SUMIFS(Transformed_Data[Amount],Transformed_Data[Created],Transformed_Data[[#This Row],[Created]]) -> 0.30287949 | D66: {=IFERROR(_xlfn.XLOOKUP(Transformed_Data[[#This Row],[Created]],_xlfn._TRO_TRAILING('Fees by date'!$C$4:$C$1001),_xlfn._TRO_TRAILING('Fees by date'!$D$4:D$1001)),"")*Transformed_Data[[#This Row],[Stripe fee Allocation %]]} -> 0 | E66: =DATEVALUE(SUBSTITUTE(_xlfn.TEXTAFTER(Transformed_Data[[#This Row],[TabName]], " ", -3), " ", ", ", 2)) -> 45818 | F66: Clean June 2025 - Stripe data upload.xlsx | G66: Stripe data Jun 10 2025 | H66: Charge | J66: 45814 | K66: Invoice LTH0AMWD-0001 | L66: 21300 | M66: 21300 | N66: 724.5 | O66: 20575.5 | P66: 2512-1700 Rodriguez Natalie 02
C67: =Transformed_Data[[#This Row],[Amount]]/SUMIFS(Transformed_Data[Amount],Transformed_Data[Created],Transformed_Data[[#This Row],[Created]]) -> 0.03768219 | D67: {=IFERROR(_xlfn.XLOOKUP(Transformed_Data[[#This Row],[Created]],_xlfn._TRO_TRAILING('Fees by date'!$C$4:$C$1001),_xlfn._TRO_TRAILING('Fees by date'!$D$4:D$1001)),"")*Transformed_Data[[#This Row],[Stripe fee Allocation %]]} -> 0 | E67: =DATEVALUE(SUBSTITUTE(_xlfn.TEXTAFTER(Transformed_Data[[#This Row],[TabName]], " ", -3), " ", ", ", 2)) -> 45818 | F67: Clean June 2025 - Stripe data upload.xlsx | G67: Stripe data Jun 10 2025 | H67: Charge | I67: ch_3RWzymKYhcjsD9Cb1an45uCU | J67: 45814 | K67: Invoice 3E783304-0030 | L67: 2650 | M67: 2650 | N67: 77.15 | O67: 2572.85 | P67: 2701-0106 Spencer Glen 01
C68: =Transformed_Data[[#This Row],[Amount]]/SUMIFS(Transformed_Data[Amount],Transformed_Data[Created],Transformed_Data[[#This Row],[Created]]) -> 0.62175613 | D68: {=IFERROR(_xlfn.XLOOKUP(Transformed_Data[[#This Row],[Created]],_xlfn._TRO_TRAILING('Fees by date'!$C$4:$C$1001),_xlfn._TRO_TRAILING('Fees by date'!$D$4:D$1001)),"")*Transformed_Data[[#This Row],[Stripe fee Allocation %]]} -> 0 | E68: =DATEVALUE(SUBSTITUTE(_xlfn.TEXTAFTER(Transformed_Data[[#This Row],[TabName]], " ", -3), " ", ", ", 2)) -> 45818 | F68: Clean June 2025 - Stripe data upload.xlsx | G68: Stripe data Jun 10 2025 | H68: Charge | I68: py_3RWu46KYhcjsD9Cb1piPxSKC | J68: 45814 | K68: Invoice A70DA778-0007 | L68: 43725 | M68: 43725 | N68: 8 | O68: 43717 | P68: 2604-0300 Lozano Javier 05
C69: =Transformed_Data[[#This Row],[Amount]]/SUMIFS(Transformed_Data[Amount],Transformed_Data[Created],Transformed_Data[[#This Row],[Created]]) -> 1 | D69: {=IFERROR(_xlfn.XLOOKUP(Transformed_Data[[#This Row],[Created]],_xlfn._TRO_TRAILING('Fees by date'!$C$4:$C$1001),_xlfn._TRO_TRAILING('Fees by date'!$D$4:D$1001)),"")*Transformed_Data[[#This Row],[Stripe fee Allocation %]]} -> 0 | E69: =DATEVALUE(SUBSTITUTE(_xlfn.TEXTAFTER(Transformed_Data[[#This Row],[TabName]], " ", -3), " ", ", ", 2)) -> 45825 | F69: Clean June 2025 - Stripe data upload.xlsx | G69: Stripe data Jun 17 2025 | H69: Charge | I69: ch_3RWCGvKYhcjsD9Cb0juEc6Ae | J69: 45815 | K69: Invoice B1QHD97C-0003 | L69: 38600 | M69: 38600 | N69: 1119.7 | O69: 37480.3 | P69: 2609-0600 Matthews Michael 02
C70: =Transformed_Data[[#This Row],[Amount]]/SUMIFS(Transformed_Data[Amount],Transformed_Data[Created],Transformed_Data[[#This Row],[Created]]) -> 1 | D70: {=IFERROR(_xlfn.XLOOKUP(Transformed_Data[[#This Row],[Created]],_xlfn._TRO_TRAILING('Fees by date'!$C$4:$C$1001),_xlfn._TRO_TRAILING('Fees by date'!$D$4:D$1001)),"")*Transformed_Data[[#This Row],[Stripe fee Allocation %]]} -> 0 | E70: =DATEVALUE(SUBSTITUTE(_xlfn.TEXTAFTER(Transformed_Data[[#This Row],[TabName]], " ", -3), " ", ", ", 2)) -> 45825 | F70: Clean June 2025 - Stripe data upload.xlsx | G70: Stripe data Jun 17 2025 | H70: Charge | I70: ch_3RWzdXKYhcjsD9Cb1rigzfPB | J70: 45816 | K70: Invoice 00BF4B89-0052 | L70: 2650 | M70: 2650 | N70: 77.15 | O70: 2572.85 | P70: 2605-0800 Padilla John 04
C71: =Transformed_Data[[#This Row],[Amount]]/SUMIFS(Transformed_Data[Amount],Transformed_Data[Created],Transformed_Data[[#This Row],[Created]]) -> 0.00053324485 | D71: {=IFERROR(_xlfn.XLOOKUP(Transformed_Data[[#This Row],[Created]],_xlfn._TRO_TRAILING('Fees by date'!$C$4:$C$1001),_xlfn._TRO_TRAILING('Fees by date'!$D$4:D$1001)),"")*Transformed_Data[[#This Row],[Stripe fee Allocation %]]} -> 0 | E71: =DATEVALUE(SUBSTITUTE(_xlfn.TEXTAFTER(Transformed_Data[[#This Row],[TabName]], " ", -3), " ", ", ", 2)) -> 45825 | F71: Clean June 2025 - Stripe data upload.xlsx | G71: Stripe data Jun 17 2025 | H71: Charge | I71: ch_3RY1UgKYhcjsD9Cb1hXSzzaI | J71: 45817 | K71: Invoice D9BBE4D2-0003 | L71: 45 | M71: 45 | N71: 1.61 | O71: 43.39 | P71: 2507-2200 Johns Christine 01
C72: =Transformed_Data[[#This Row],[Amount]]/SUMIFS(Transformed_Data[Amount],Transformed_Data[Created],Transformed_Data[[#This Row],[Created]]) -> 0.014279112 | D72: {=IFERROR(_xlfn.XLOOKUP(Transformed_Data[[#This Row],[Created]],_xlfn._TRO_TRAILING('Fees by date'!$C$4:$C$1001),_xlfn._TRO_TRAILING('Fees by date'!$D$4:D$1001)),"")*Transformed_Data[[#This Row],[Stripe fee Allocation %]]} -> 0 | E72: =DATEVALUE(SUBSTITUTE(_xlfn.TEXTAFTER(Transformed_Data[[#This Row],[TabName]], " ", -3), " ", ", ", 2)) -> 45825 | F72: Clean June 2025 - Stripe data upload.xlsx | G72: Stripe data Jun 17 2025 | H72: Charge | I72: ch_3RY4nBKYhcjsD9Cb1f13q1re | J72: 45817 | K72: Invoice AEF6662B-0006 | L72: 1205 | M72: 1205 | N72: 35.25 | O72: 1169.75 | P72: 2506-0700 Gonzalez Alec 04
C73: =Transformed_Data[[#This Row],[Amount]]/SUMIFS(Transformed_Data[Amount],Transformed_Data[Created],Transformed_Data[[#This Row],[Created]]) -> 0.15824337 | D73: {=IFERROR(_xlfn.XLOOKUP(Transformed_Data[[#This Row],[Created]],_xlfn._TRO_TRAILING('Fees by date'!$C$4:$C$1001),_xlfn._TRO_TRAILING('Fees by date'!$D$4:D$1001)),"")*Transformed_Data[[#This Row],[Stripe fee Allocation %]]} -> 0 | E73: =DATEVALUE(SUBSTITUTE(_xlfn.TEXTAFTER(Transformed_Data[[#This Row],[TabName]], " ", -3), " ", ", ", 2)) -> 45825 | F73: Clean June 2025 - Stripe data upload.xlsx | G73: Stripe data Jun 17 2025 | H73: Charge | I73: ch_3RY5h6KYhcjsD9Cb1KxkG5ra | J73: 45817 | K73: Invoice AEF6662B-0007 | L73: 13354 | M73: 13354 | N73: 387.57 | O73: 12966.43 | P73: 2506-0700 Gonzalez Alec 04
C74: =Transformed_Data[[#This Row],[Amount]]/SUMIFS(Transformed_Data[Amount],Transformed_Data[Created],Transformed_Data[[#This Row],[Created]]) -> 0.084785932 | D74: {=IFERROR(_xlfn.XLOOKUP(Transformed_Data[[#This Row],[Created]],_xlfn._TRO_TRAILING('Fees by date'!$C$4:$C$1001),_xlfn._TRO_TRAILING('Fees by date'!$D$4:D$1001)),"")*Transformed_Data[[#This Row],[Stripe fee Allocation %]]} -> 0 | E74: =DATEVALUE(SUBSTITUTE(_xlfn.TEXTAFTER(Transformed_Data[[#This Row],[TabName]], " ", -3), " ", ", ", 2)) -> 45825 | F74: Clean June 2025 - Stripe data upload.xlsx | G74: Stripe data Jun 17 2025 | H74: Charge | I74: ch_3RY18RKYhcjsD9Cb0BHvFTEn | J74: 45817 | K74: Invoice CE119675-0014 | L74: 7155 | M74: 7155 | N74: 207.8 | O74: 6947.2 | P74: 2701-0104 Gardner Sarah 01
C75: =Transformed_Data[[#This Row],[Amount]]/SUMIFS(Transformed_Data[Amount],Transformed_Data[Created],Transformed_Data[[#This Row],[Created]]) -> 0.50954508 | D75: {=IFERROR(_xlfn.XLOOKUP(Transformed_Data[[#This Row],[Created]],_xlfn._TRO_TRAILING('Fees by date'!$C$4:$C$1001),_xlfn._TRO_TRAILING('Fees by date'!$D$4:D$1001)),"")*Transformed_Data[[#This Row],[Stripe fee Allocation %]]} -> 0 | E75: =DATEVALUE(SUBSTITUTE(_xlfn.TEXTAFTER(Transformed_Data[[#This Row],[TabName]], " ", -3), " ", ", ", 2)) -> 45825 | F75: Clean June 2025 - Stripe data upload.xlsx | G75: Stripe data Jun 17 2025 | H75: Charge | I75: ch_3RWtMCKYhcjsD9Cb1RywZ1W9 | J75: 45817 | K75: Invoice 6C318D0E-0007 | L75: 43000 | M75: 43000 | N75: 1247.3 | O75: 41752.7 | P75: 2508-1101 Moore Brian 02
C76: =Transformed_Data[[#This Row],[Amount]]/SUMIFS(Transformed_Data[Amount],Transformed_Data[Created],Transformed_Data[[#This Row],[Created]]) -> 0.11849886 | D76: {=IFERROR(_xlfn.XLOOKUP(Transformed_Data[[#This Row],[Created]],_xlfn._TRO_TRAILING('Fees by date'!$C$4:$C$1001),_xlfn._TRO_TRAILING('Fees by date'!$D$4:D$1001)),"")*Transformed_Data[[#This Row],[Stripe fee Allocation %]]} -> 0 | E76: =DATEVALUE(SUBSTITUTE(_xlfn.TEXTAFTER(Transformed_Data[[#This Row],[TabName]], " ", -3), " ", ", ", 2)) -> 45825 | F76: Clean June 2025 - Stripe data upload.xlsx | G76: Stripe data Jun 17 2025 | H76: Charge | I76: ch_3RWtQBKYhcjsD9Cb0vFZFkgR | J76: 45817 | K76: Invoice 6C318D0E-0008 | L76: 10000 | M76: 10000 | N76: 290.3 | O76: 9709.7 | P76: 2508-1101 Moore Brian 02
C77: =Transformed_Data[[#This Row],[Amount]]/SUMIFS(Transformed_Data[Amount],Transformed_Data[Created],Transformed_Data[[#This Row],[Created]]) -> 0.1141144 | D77: {=IFERROR(_xlfn.XLOOKUP(Transformed_Data[[#This Row],[Created]],_xlfn._TRO_TRAILING('Fees by date'!$C$4:$C$1001),_xlfn._TRO_TRAILING('Fees by date'!$D$4:D$1001)),"")*Transformed_Data[[#This Row],[Stripe fee Allocation %]]} -> 0 | E77: =DATEVALUE(SUBSTITUTE(_xlfn.TEXTAFTER(Transformed_Data[[#This Row],[TabName]], " ", -3), " ", ", ", 2)) -> 45825 | F77: Clean June 2025 - Stripe data upload.xlsx | G77: Stripe data Jun 17 2025 | H77: Charge | I77: ch_3RWtSzKYhcjsD9Cb1yok0fD5 | J77: 45817 | K77: Invoice 6C318D0E-0009 | L77: 9630 | M77: 9630 | N77: 279.57 | O77: 9350.43 | P77: 2508-1101 Moore Brian 02
C78: =Transformed_Data[[#This Row],[Amount]]/SUMIFS(Transformed_Data[Amount],Transformed_Data[Created],Transformed_Data[[#This Row],[Created]]) -> 0.011416862 | D78: {=IFERROR(_xlfn.XLOOKUP(Transformed_Data[[#This Row],[Created]],_xlfn._TRO_TRAILING('Fees by date'!$C$4:$C$1001),_xlfn._TRO_TRAILING('Fees by date'!$D$4:D$1001)),"")*Transformed_Data[[#This Row],[Stripe fee Allocation %]]} -> 0 | E78: =DATEVALUE(SUBSTITUTE(_xlfn.TEXTAFTER(Transformed_Data[[#This Row],[TabName]], " ", -3), " ", ", ", 2)) -> 45825 | F78: Clean June 2025 - Stripe data upload.xlsx | G78: Stripe data Jun 17 2025 | H78: Charge | I78: ch_3RY0fDKYhcjsD9Cb0uE52oJk | J78: 45818 | K78: Invoice 6DD48EDC-0004 | L78: 195 | M78: 195 | N78: 5.96 | O78: 189.04 | P78: 2506-2200 Harris Elijah 02
... C82: =Transformed_Data[[#This Row],[Amount]]/SUMIFS(Transformed_Data[Amount],Transformed_Data[Created],Transformed_Data[[#This Row],[Created]]) -> 0.017564403 | D82: {=IFERROR(_xlfn.XLOOKUP(Transformed_Data[[#This Row],[Created]],_xlfn._TRO_TRAILING('Fees by date'!$C$4:$C$1001),_xlfn._TRO_TRAILING('Fees by date'!$D$4:D$1001)),"")*Transformed_Data[[#This Row],[Stripe fee Allocation %]]} -> 0 | E82: =DATEVALUE(SUBSTITUTE(_xlfn.TEXTAFTER(Transformed_Data[[#This Row],[TabName]], " ", -3), " ", ", ", 2)) -> 45825 | F82: Clean June 2025 - Stripe data upload.xlsx | G82: Stripe data Jun 17 2025 | H82: Charge | I82: ch_3RYTbgKYhcjsD9Cb0N8wnLX9 | J82: 45818 | K82: Invoice 38E608D8-0008 | L82: 300 | M82: 300 | N82: 13.5 | O82: 286.5 | P82: 2507-0100 Cain Gregory 06
C83: =Transformed_Data[[#This Row],[Amount]]/SUMIFS(Transformed_Data[Amount],Transformed_Data[Created],Transformed_Data[[#This Row],[Created]]) -> 0.39552951 | D83: {=IFERROR(_xlfn.XLOOKUP(Transformed_Data[[#This Row],[Created]],_xlfn._TRO_TRAILING('Fees by date'!$C$4:$C$1001),_xlfn._TRO_TRAILING('Fees by date'!$D$4:D$1001)),"")*Transformed_Data[[#This Row],[Stripe fee Allocation %]]} -> -101.57198 | E83: =DATEVALUE(SUBSTITUTE(_xlfn.TEXTAFTER(Transformed_Data[[#This Row],[TabName]], " ", -3), " ", ", ", 2)) -> 45825 | F83: Clean June 2025 - Stripe data upload.xlsx | G83: Stripe data Jun 17 2025 | H83: Charge | J83: 45819 | K83: Invoice 72F687AD-0002 | L83: 20314 | M83: 20314 | N83: 589.41 | O83: 19724.59 | P83: 2508-0800 Golden Paula & Gabriella 02
C84: =Transformed_Data[[#This Row],[Amount]]/SUMIFS(Transformed_Data[Amount],Transformed_Data[Created],Transformed_Data[[#This Row],[Created]]) -> 0.051597578 | D84: {=IFERROR(_xlfn.XLOOKUP(Transformed_Data[[#This Row],[Created]],_xlfn._TRO_TRAILING('Fees by date'!$C$4:$C$1001),_xlfn._TRO_TRAILING('Fees by date'!$D$4:D$1001)),"")*Transformed_Data[[#This Row],[Stripe fee Allocation %]]} -> -13.250258 | E84: =DATEVALUE(SUBSTITUTE(_xlfn.TEXTAFTER(Transformed_Data[[#This Row],[TabName]], " ", -3), " ", ", ", 2)) -> 45825 | F84: Clean June 2025 - Stripe data upload.xlsx | G84: Stripe data Jun 17 2025 | H84: Charge | J84: 45819 | K84: Invoice EASXMNYO-0001 | L84: 2650 | M84: 2650 | N84: 77.15 | O84: 2572.85 | P84: 2701-0110 Mendoza Kelly 01
C85: =Transformed_Data[[#This Row],[Amount]]/SUMIFS(Transformed_Data[Amount],Transformed_Data[Created],Transformed_Data[[#This Row],[Created]]) -> 0.0040888647 | D85: {=IFERROR(_xlfn.XLOOKUP(Transformed_Data[[#This Row],[Created]],_xlfn._TRO_TRAILING('Fees by date'!$C$4:$C$1001),_xlfn._TRO_TRAILING('Fees by date'!$D$4:D$1001)),"")*Transformed_Data[[#This Row],[Stripe fee Allocation %]]} -> -1.0500204 | E85: =DATEVALUE(SUBSTITUTE(_xlfn.TEXTAFTER(Transformed_Data[[#This Row],[TabName]], " ", -3), " ", ", ", 2)) -> 45825 | F85: Clean June 2025 - Stripe data upload.xlsx | G85: Stripe data Jun 17 2025 | H85: Charge | J85: 45819 | K85: Invoice E60A20BC-0003 | L85: 210 | M85: 210 | N85: 6.39 | O85: 203.61 | P85: 2508-1000 Riddle Jean 02
C86: =Transformed_Data[[#This Row],[Amount]]/SUMIFS(Transformed_Data[Amount],Transformed_Data[Created],Transformed_Data[[#This Row],[Created]]) -> 0.052279055 | D86: {=IFERROR(_xlfn.XLOOKUP(Transformed_Data[[#This Row],[Created]],_xlfn._TRO_TRAILING('Fees by date'!$C$4:$C$1001),_xlfn._TRO_TRAILING('Fees by date'!$D$4:D$1001)),"")*Transformed_Data[[#This Row],[Stripe fee Allocation %]]} -> -13.425261 | E86: =DATEVALUE(SUBSTITUTE(_xlfn.TEXTAFTER(Transformed_Data[[#This Row],[TabName]], " ", -3), " ", ", ", 2)) -> 45825 | F86: Clean June 2025 - Stripe data upload.xlsx | G86: Stripe data Jun 17 2025 | H86: Charge | J86: 45819 | K86: Invoice 0CB29726-0005 | L86: 2685 | M86: 2685 | N86: 78.17 | O86: 2606.83 | P86: 2701-0102 Hernandez Reginald 01
C87: =Transformed_Data[[#This Row],[Amount]]/SUMIFS(Transformed_Data[Amount],Transformed_Data[Created],Transformed_Data[[#This Row],[Created]]) -> 0.0040888647 | D87: {=IFERROR(_xlfn.XLOOKUP(Transformed_Data[[#This Row],[Created]],_xlfn._TRO_TRAILING('Fees by date'!$C$4:$C$1001),_xlfn._TRO_TRAILING('Fees by date'!$D$4:D$1001)),"")*Transformed_Data[[#This Row],[Stripe fee Allocation %]]} -> -1.0500204 | E87: =DATEVALUE(SUBSTITUTE(_xlfn.TEXTAFTER(Transformed_Data[[#This Row],[TabName]], " ", -3), " ", ", ", 2)) -> 45825 | F87: Clean June 2025 - Stripe data upload.xlsx | G87: Stripe data Jun 17 2025 | H87: Charge | J87: 45819 | K87: Invoice AB18C19A-0006 | L87: 210 | M87: 210 | N87: 6.39 | O87: 203.61 | P87: 2508-1000 Riddle Daniel 02
C88: =Transformed_Data[[#This Row],[Amount]]/SUMIFS(Transformed_Data[Amount],Transformed_Data[Created],Transformed_Data[[#This Row],[Created]]) -> 0.49241613 | D88: {=IFERROR(_xlfn.XLOOKUP(Transformed_Data[[#This Row],[Created]],_xlfn._TRO_TRAILING('Fees by date'!$C$4:$C$1001),_xlfn._TRO_TRAILING('Fees by date'!$D$4:D$1001)),"")*Transformed_Data[[#This Row],[Stripe fee Allocation %]]} -> -126.45246 | E88: =DATEVALUE(SUBSTITUTE(_xlfn.TEXTAFTER(Transformed_Data[[#This Row],[TabName]], " ", -3), " ", ", ", 2)) -> 45825 | F88: Clean June 2025 - Stripe data upload.xlsx | G88: Stripe data Jun 17 2025 | H88: Charge | J88: 45819 | K88: Invoice 81546724-0003 | L88: 25290 | M88: 25290 | N88: 8 | O88: 25282 | P88: 2509-2000 Allen Eugene & Kimberly 02
C89: =Transformed_Data[[#This Row],[Amount]]/SUMIFS(Transformed_Data[Amount],Transformed_Data[Created],Transformed_Data[[#This Row],[Created]]) -> 0.038287504 | D89: {=IFERROR(_xlfn.XLOOKUP(Transformed_Data[[#This Row],[Created]],_xlfn._TRO_TRAILING('Fees by date'!$C$4:$C$1001),_xlfn._TRO_TRAILING('Fees by date'!$D$4:D$1001)),"")*Transformed_Data[[#This Row],[Stripe fee Allocation %]]} -> -5.5 | E89: =DATEVALUE(SUBSTITUTE(_xlfn.TEXTAFTER(Transformed_Data[[#This Row],[TabName]], " ", -3), " ", ", ", 2)) -> 45825 | F89: Clean June 2025 - Stripe data upload.xlsx | G89: Stripe data Jun 17 2025 | H89: Charge | J89: 45820 | K89: Invoice UWWD93LB-0001 | L89: 1100 | M89: 1100 | N89: 32.2 | O89: 1067.8 | P89: 2505-1200 Rodriguez Brenda 02 | Q89: rUn_sYO3LXUk92CVf3 | R89: jacksonjennifer@gmail.com | S89: Brenda Rodriguez
C90: =Transformed_Data[[#This Row],[Amount]]/SUMIFS(Transformed_Data[Amount],Transformed_Data[Created],Transformed_Data[[#This Row],[Created]]) -> 0.94813784 | D90: {=IFERROR(_xlfn.XLOOKUP(Transformed_Data[[#This Row],[Created]],_xlfn._TRO_TRAILING('Fees by date'!$C$4:$C$1001),_xlfn._TRO_TRAILING('Fees by date'!$D$4:D$1001)),"")*Transformed_Data[[#This Row],[Stripe fee Allocation %]]} -> -136.2 | E90: =DATEVALUE(SUBSTITUTE(_xlfn.TEXTAFTER(Transformed_Data[[#This Row],[TabName]], " ", -3), " ", ", ", 2)) -> 45825 | F90: Clean June 2025 - Stripe data upload.xlsx | G90: Stripe data Jun 17 2025 | H90: Charge | J90: 45820 | K90: Invoice SYLM9C6Q-0001 | L90: 27240 | M90: 27240 | N90: 926.46 | O90: 26313.54 | P90: 2602-0100 Carlson Jessica 04 | Q90: TYg_WdlRkenpmw84Nw | R90: waltersjon@hotmail.com | S90: Jessica Carlson
C91: =Transformed_Data[[#This Row],[Amount]]/SUMIFS(Transformed_Data[Amount],Transformed_Data[Created],Transformed_Data[[#This Row],[Created]]) -> 0.013574661 | D91: {=IFERROR(_xlfn.XLOOKUP(Transformed_Data[[#This Row],[Created]],_xlfn._TRO_TRAILING('Fees by date'!$C$4:$C$1001),_xlfn._TRO_TRAILING('Fees by date'!$D$4:D$1001)),"")*Transformed_Data[[#This Row],[Stripe fee Allocation %]]} -> -1.95 | E91: =DATEVALUE(SUBSTITUTE(_xlfn.TEXTAFTER(Transformed_Data[[#This Row],[TabName]], " ", -3), " ", ", ", 2)) -> 45825 | F91: Clean June 2025 - Stripe data upload.xlsx | G91: Stripe data Jun 17 2025 | H91: Charge | J91: 45820 | K91: Invoice 96C023F2-0003 | L91: 390 | M91: 390 | N91: 11.61 | O91: 378.39 | P91: 2507-1100 Barron Emma 02 | Q91: hNr_xMJdwsEwSdoQ9R | R91: james28@yahoo.com | S91: Emma Barron
C92: =Transformed_Data[[#This Row],[Amount]]/SUMIFS(Transformed_Data[Amount],Transformed_Data[Created],Transformed_Data[[#This Row],[Created]]) -> 0.96910907 | D92: {=IFERROR(_xlfn.XLOOKUP(Transformed_Data[[#This Row],[Created]],_xlfn._TRO_TRAILING('Fees by date'!$C$4:$C$1001),_xlfn._TRO_TRAILING('Fees by date'!$D$4:D$1001)),"")*Transformed_Data[[#This Row],[Stripe fee Allocation %]]} -> -47.069628 | E92: =DATEVALUE(SUBSTITUTE(_xlfn.TEXTAFTER(Transformed_Data[[#This Row],[TabName]], " ", -3), " ", ", ", 2)) -> 45825 | F92: Clean June 2025 - Stripe data upload.xlsx | G92: Stripe data Jun 17 2025 | H92: Charge | J92: 45821 | K92: Invoice JB6R9FXL-0001 | L92: 9411.59 | M92: 9411.59 | N92: 8 | O92: 9403.59 | P92: Buckley Scott | Q92: cEi_gGlwZp7av8XGnS | R92: â stephenfuller@hotmail.com | S92: Brent Allen
C93: =Transformed_Data[[#This Row],[Amount]]/SUMIFS(Transformed_Data[Amount],Transformed_Data[Created],Transformed_Data[[#This Row],[Created]]) -> 0.010811824 | D93: {=IFERROR(_xlfn.XLOOKUP(Transformed_Data[[#This Row],[Created]],_xlfn._TRO_TRAILING('Fees by date'!$C$4:$C$1001),_xlfn._TRO_TRAILING('Fees by date'!$D$4:D$1001)),"")*Transformed_Data[[#This Row],[Stripe fee Allocation %]]} -> -0.52513028 | E93: =DATEVALUE(SUBSTITUTE(_xlfn.TEXTAFTER(Transformed_Data[[#This Row],[TabName]], " ", -3), " ", ", ", 2)) -> 45825 | F93: Clean June 2025 - Stripe data upload.xlsx | G93: Stripe data Jun 17 2025 | H93: Charge | J93: 45821 | K93: Invoice ECB53460-0004 | L93: 105 | M93: 105 | N93: 3.35 | O93: 101.65 | P93: 2508-1000 Riddle Kendra 01 | Q93: vJD_VaOkUdXDi56GBZ | R93: julie60@yahoo.com | S93: Kendra Riddle
C94: =Transformed_Data[[#This Row],[Amount]]/SUMIFS(Transformed_Data[Amount],Transformed_Data[Created],Transformed_Data[[#This Row],[Created]]) -> 0.020079101 | D94: {=IFERROR(_xlfn.XLOOKUP(Transformed_Data[[#This Row],[Created]],_xlfn._TRO_TRAILING('Fees by date'!$C$4:$C$1001),_xlfn._TRO_TRAILING('Fees by date'!$D$4:D$1001)),"")*Transformed_Data[[#This Row],[Stripe fee Allocation %]]} -> -0.97524195 | E94: =DATEVALUE(SUBSTITUTE(_xlfn.TEXTAFTER(Transformed_Data[[#This Row],[TabName]], " ", -3), " ", ", ", 2)) -> 45825 | F94: Clean June 2025 - Stripe data upload.xlsx | G94: Stripe data Jun 17 2025 | H94: Charge | J94: 45821 | K94: Invoice DEE091EA-0006 | L94: 195 | M94: 195 | N94: 5.96 | O94: 189.04 | P94: 2506-1500 Clark Pam 05 | Q94: LsW_KmrjvQm9a9efR1 | R94: haledavid@yahoo.com | S94: Pam Clark
C95: =Transformed_Data[[#This Row],[Amount]]/SUMIFS(Transformed_Data[Amount],Transformed_Data[Created],Transformed_Data[[#This Row],[Created]]) -> 0.0087547518 | D95: {=IFERROR(_xlfn.XLOOKUP(Transformed_Data[[#This Row],[Created]],_xlfn._TRO_TRAILING('Fees by date'!$C$4:$C$1001),_xlfn._TRO_TRAILING('Fees by date'!$D$4:D$1001)),"")*Transformed_Data[[#This Row],[Stripe fee Allocation %]]} -> -1.9000438 | E95: =DATEVALUE(SUBSTITUTE(_xlfn.TEXTAFTER(Transformed_Data[[#This Row],[TabName]], " ", -3), " ", ", ", 2)) -> 45832 | F95: Clean June 2025 - Stripe data upload.xlsx | G95: Stripe data Jun 24 2025 | H95: Charge | J95: 45823 | K95: Invoice KJCGFYOY-0003 | L95: 380 | M95: 380 | N95: 11.32 | O95: 368.68 | P95: 2506-0801 Cannon Michael 01 | Q95: NZA_cyR8hGTmBONpIL | R95: mholmes@hotmail.com | S95: Danny Patrick
C96: =Transformed_Data[[#This Row],[Amount]]/SUMIFS(Transformed_Data[Amount],Transformed_Data[Created],Transformed_Data[[#This Row],[Created]]) -> 0.34558231 | D96: {=IFERROR(_xlfn.XLOOKUP(Transformed_Data[[#This Row],[Created]],_xlfn._TRO_TRAILING('Fees by date'!$C$4:$C$1001),_xlfn._TRO_TRAILING('Fees by date'!$D$4:D$1001)),"")*Transformed_Data[[#This Row],[Stripe fee Allocation %]]} -> -75.001728 | E96: =DATEVALUE(SUBSTITUTE(_xlfn.TEXTAFTER(Transformed_Data[[#This Row],[TabName]], " ", -3), " ", ", ", 2)) -> 45832 | F96: Clean June 2025 - Stripe data upload.xlsx | G96: Stripe data Jun 24 2025 | H96: Charge | J96: 45823 | K96: Invoice WHTIHLKD-0001 | L96: 15000 | M96: 15000 | N96: 510.3 | O96: 14489.7 | P96: 2609-0700 Vargas Maria 02 | Q96: rtK_PoTeIKLvaiApV9 | R96: hboone@hotmail.com | S96: Gabriela Peck
C97: =Transformed_Data[[#This Row],[Amount]]/SUMIFS(Transformed_Data[Amount],Transformed_Data[Created],Transformed_Data[[#This Row],[Created]]) -> 0.0024190761 | D97: {=IFERROR(_xlfn.XLOOKUP(Transformed_Data[[#This Row],[Created]],_xlfn._TRO_TRAILING('Fees by date'!$C$4:$C$1001),_xlfn._TRO_TRAILING('Fees by date'!$D$4:D$1001)),"")*Transformed_Data[[#This Row],[Stripe fee Allocation %]]} -> -0.5250121 | E97: =DATEVALUE(SUBSTITUTE(_xlfn.TEXTAFTER(Transformed_Data[[#This Row],[TabName]], " ", -3), " ", ", ", 2)) -> 45832 | F97: Clean June 2025 - Stripe data upload.xlsx | G97: Stripe data Jun 24 2025 | H97: Charge | J97: 45823 | K97: Invoice C34E5031-0003 | L97: 105 | M97: 105 | N97: 3.35 | O97: 101.65 | P97: 2508-1001 Riddle Christine 01 | Q97: EwH_p2sr4cSjRi1B0k | R97: josephjaime@hotmail.com | S97: Gabriela & Jacqueline Morse
C98: =Transformed_Data[[#This Row],[Amount]]/SUMIFS(Transformed_Data[Amount],Transformed_Data[Created],Transformed_Data[[#This Row],[Created]]) -> 0.43773759 | D98: {=IFERROR(_xlfn.XLOOKUP(Transformed_Data[[#This Row],[Created]],_xlfn._TRO_TRAILING('Fees by date'!$C$4:$C$1001),_xlfn._TRO_TRAILING('Fees by date'!$D$4:D$1001)),"")*Transformed_Data[[#This Row],[Stripe fee Allocation %]]} -> -95.002189 | E98: =DATEVALUE(SUBSTITUTE(_xlfn.TEXTAFTER(Transformed_Data[[#This Row],[TabName]], " ", -3), " ", ", ", 2)) -> 45832 | F98: Clean June 2025 - Stripe data upload.xlsx | G98: Stripe data Jun 24 2025 | H98: Charge | J98: 45823 | K98: Invoice 132BF3E5-0009 | L98: 19000 | M98: 19000 | N98: 551.3 | O98: 18448.7 | P98: 2603-0200 Garcia Joseph 08 | Q98: aBQ_WC2LqRCH5mvEUQ | R98: fwilson@hotmail.com | S98: Patricia Gonzales
C99: =Transformed_Data[[#This Row],[Amount]]/SUMIFS(Transformed_Data[Amount],Transformed_Data[Created],Transformed_Data[[#This Row],[Created]]) -> 0.20550628 | D99: {=IFERROR(_xlfn.XLOOKUP(Transformed_Data[[#This Row],[Created]],_xlfn._TRO_TRAILING('Fees by date'!$C$4:$C$1001),_xlfn._TRO_TRAILING('Fees by date'!$D$4:D$1001)),"")*Transformed_Data[[#This Row],[Stripe fee Allocation %]]} -> -44.601028 | E99: =DATEVALUE(SUBSTITUTE(_xlfn.TEXTAFTER(Transformed_Data[[#This Row],[TabName]], " ", -3), " ", ", ", 2)) -> 45832 | F99: Clean June 2025 - Stripe data upload.xlsx | G99: Stripe data Jun 24 2025 | H99: Charge | J99: 45823 | K99: Invoice 132BF3E5-0010 | L99: 8920 | M99: 8920 | N99: 258.98 | O99: 8661.02 | P99: 2603-0200 Garcia Joseph 08 | Q99: aBQ_WC2LqRCH5mvEUQ | R99: fwilson@hotmail.com | S99: Patricia Gonzales
C100: =Transformed_Data[[#This Row],[Amount]]/SUMIFS(Transformed_Data[Amount],Transformed_Data[Created],Transformed_Data[[#This Row],[Created]]) -> 0.20207123 | D100: {=IFERROR(_xlfn.XLOOKUP(Transformed_Data[[#This Row],[Created]],_xlfn._TRO_TRAILING('Fees by date'!$C$4:$C$1001),_xlfn._TRO_TRAILING('Fees by date'!$D$4:D$1001)),"")*Transformed_Data[[#This Row],[Stripe fee Allocation %]]} -> -100.00101 | E100: =DATEVALUE(SUBSTITUTE(_xlfn.TEXTAFTER(Transformed_Data[[#This Row],[TabName]], " ", -3), " ", ", ", 2)) -> 45832 | F100: Clean June 2025 - Stripe data upload.xlsx | G100: Stripe data Jun 24 2025 | H100: Charge | J100: 45824 | K100: Invoice WHTIHLKD-0002 | L100: 20000 | M100: 20000 | N100: 680.3 | O100: 19319.7 | P100: 2609-0700 Vargas Maria 02 | Q100: vqr_xGCRJnim6CevVZ | R100: david74@yahoo.com | S100: Alexander Jimenez
... C107: =Transformed_Data[[#This Row],[Amount]]/SUMIFS(Transformed_Data[Amount],Transformed_Data[Created],Transformed_Data[[#This Row],[Created]]) -> 0.037571244 | D107: {=IFERROR(_xlfn.XLOOKUP(Transformed_Data[[#This Row],[Created]],_xlfn._TRO_TRAILING('Fees by date'!$C$4:$C$1001),_xlfn._TRO_TRAILING('Fees by date'!$D$4:D$1001)),"")*Transformed_Data[[#This Row],[Stripe fee Allocation %]]} -> -19.875188 | E107: =DATEVALUE(SUBSTITUTE(_xlfn.TEXTAFTER(Transformed_Data[[#This Row],[TabName]], " ", -3), " ", ", ", 2)) -> 45832 | F107: Clean June 2025 - Stripe data upload.xlsx | G107: Stripe data Jun 24 2025 | H107: Charge | J107: 45826 | K107: Invoice DD88C660-0002 | L107: 3975 | M107: 3975 | N107: 135.45 | O107: 3839.55 | P107: 2701-0112 Taylor Jesus 01 | Q107: Bdb_eL6KWSPtETeIV7 | R107: tinakaiser@hotmail.com | S107: Cole Ferguson
C108: =Transformed_Data[[#This Row],[Amount]]/SUMIFS(Transformed_Data[Amount],Transformed_Data[Created],Transformed_Data[[#This Row],[Created]]) -> 0.058601688 | D108: {=IFERROR(_xlfn.XLOOKUP(Transformed_Data[[#This Row],[Created]],_xlfn._TRO_TRAILING('Fees by date'!$C$4:$C$1001),_xlfn._TRO_TRAILING('Fees by date'!$D$4:D$1001)),"")*Transformed_Data[[#This Row],[Stripe fee Allocation %]]} -> -31.000293 | E108: =DATEVALUE(SUBSTITUTE(_xlfn.TEXTAFTER(Transformed_Data[[#This Row],[TabName]], " ", -3), " ", ", ", 2)) -> 45832 | F108: Clean June 2025 - Stripe data upload.xlsx | G108: Stripe data Jun 24 2025 | H108: Charge | I108: ch_3RaDiOKYhcjsD9Cb18FfmOA1 | J108: 45826 | K108: Invoice WHTIHLKD-0003 | L108: 6200 | M108: 6200 | N108: 211.1 | O108: 5988.9 | P108: 2609-0700 Vargas Maria 02 | Q108: WRW_ZTqe5kmV1RMVzI | R108: jperez@hotmail.com | S108: Jennifer Byrd
C109: =Transformed_Data[[#This Row],[Amount]]/SUMIFS(Transformed_Data[Amount],Transformed_Data[Created],Transformed_Data[[#This Row],[Created]]) -> 0.36044764 | D109: {=IFERROR(_xlfn.XLOOKUP(Transformed_Data[[#This Row],[Created]],_xlfn._TRO_TRAILING('Fees by date'!$C$4:$C$1001),_xlfn._TRO_TRAILING('Fees by date'!$D$4:D$1001)),"")*Transformed_Data[[#This Row],[Stripe fee Allocation %]]} -> -190.6768 | E109: =DATEVALUE(SUBSTITUTE(_xlfn.TEXTAFTER(Transformed_Data[[#This Row],[TabName]], " ", -3), " ", ", ", 2)) -> 45832 | F109: Clean June 2025 - Stripe data upload.xlsx | G109: Stripe data Jun 24 2025 | H109: Charge | I109: ch_3RaxMgKYhcjsD9Cb0ODAeZqR | J109: 45826 | K109: Invoice 3C7E2175-0005 | L109: 38135 | M109: 38135 | N109: 1106.22 | O109: 37028.78 | P109: 2508-0500 Gutierrez Gregory 02 | Q109: nkl_GLKJDCpvO39UAo | R109: ghernandez@hotmail.com | S109: Scott Schwartz
C110: =Transformed_Data[[#This Row],[Amount]]/SUMIFS(Transformed_Data[Amount],Transformed_Data[Created],Transformed_Data[[#This Row],[Created]]) -> 0.087231448 | D110: {=IFERROR(_xlfn.XLOOKUP(Transformed_Data[[#This Row],[Created]],_xlfn._TRO_TRAILING('Fees by date'!$C$4:$C$1001),_xlfn._TRO_TRAILING('Fees by date'!$D$4:D$1001)),"")*Transformed_Data[[#This Row],[Stripe fee Allocation %]]} -> -46.145436 | E110: =DATEVALUE(SUBSTITUTE(_xlfn.TEXTAFTER(Transformed_Data[[#This Row],[TabName]], " ", -3), " ", ", ", 2)) -> 45832 | F110: Clean June 2025 - Stripe data upload.xlsx | G110: Stripe data Jun 24 2025 | H110: Charge | I110: ch_3RbRVUKYhcjsD9Cb0nlOnd77 | J110: 45826 | K110: Invoice F1CF4EDB-0007 | L110: 9229 | M110: 9229 | N110: 314.09 | O110: 8914.91 | P110: 2506-2700 Malone Maria 04 | Q110: jqz_OFFWvjdyL6VObC | R110: johnnydavis@hotmail.com | S110: Selena Evans
C111: =Transformed_Data[[#This Row],[Amount]]/SUMIFS(Transformed_Data[Amount],Transformed_Data[Created],Transformed_Data[[#This Row],[Created]]) -> 0.45614798 | D111: {=IFERROR(_xlfn.XLOOKUP(Transformed_Data[[#This Row],[Created]],_xlfn._TRO_TRAILING('Fees by date'!$C$4:$C$1001),_xlfn._TRO_TRAILING('Fees by date'!$D$4:D$1001)),"")*Transformed_Data[[#This Row],[Stripe fee Allocation %]]} -> -241.30228 | E111: =DATEVALUE(SUBSTITUTE(_xlfn.TEXTAFTER(Transformed_Data[[#This Row],[TabName]], " ", -3), " ", ", ", 2)) -> 45832 | F111: Clean June 2025 - Stripe data upload.xlsx | G111: Stripe data Jun 24 2025 | H111: Charge | I111: py_3RY6I4KYhcjsD9Cb0YU885tn | J111: 45826 | K111: Invoice 69CE179A-0002 | L111: 48260 | M111: 48260 | N111: 8 | O111: 48252 | P111: 2508-2100 Cooper Bradley 04
C112: =Transformed_Data[[#This Row],[Amount]]/SUMIFS(Transformed_Data[Amount],Transformed_Data[Created],Transformed_Data[[#This Row],[Created]]) -> 0.0038017538 | D112: {=IFERROR(_xlfn.XLOOKUP(Transformed_Data[[#This Row],[Created]],_xlfn._TRO_TRAILING('Fees by date'!$C$4:$C$1001),_xlfn._TRO_TRAILING('Fees by date'!$D$4:D$1001)),"")*Transformed_Data[[#This Row],[Stripe fee Allocation %]]} -> -3.425038 | E112: =DATEVALUE(SUBSTITUTE(_xlfn.TEXTAFTER(Transformed_Data[[#This Row],[TabName]], " ", -3), " ", ", ", 2)) -> 45832 | F112: Clean June 2025 - Stripe data upload.xlsx | G112: Stripe data Jun 24 2025 | H112: Charge | I112: ch_3RYjfmKYhcjsD9Cb1mKQq6Vp | J112: 45827 | K112: Invoice 58A60EC5-0003 | L112: 685 | M112: 685 | N112: 20.17 | O112: 664.83 | P112: 2512-0503 Lyons David & Richard | Q112: mjt_gDIwoJzmVUjOEN | R112: schneiderbrian@hotmail.com | S112: Sean Bush
C113: =Transformed_Data[[#This Row],[Amount]]/SUMIFS(Transformed_Data[Amount],Transformed_Data[Created],Transformed_Data[[#This Row],[Created]]) -> 0.59731935 | D113: {=IFERROR(_xlfn.XLOOKUP(Transformed_Data[[#This Row],[Created]],_xlfn._TRO_TRAILING('Fees by date'!$C$4:$C$1001),_xlfn._TRO_TRAILING('Fees by date'!$D$4:D$1001)),"")*Transformed_Data[[#This Row],[Stripe fee Allocation %]]} -> -538.13097 | E113: =DATEVALUE(SUBSTITUTE(_xlfn.TEXTAFTER(Transformed_Data[[#This Row],[TabName]], " ", -3), " ", ", ", 2)) -> 45832 | F113: Clean June 2025 - Stripe data upload.xlsx | G113: Stripe data Jun 24 2025 | H113: Charge | I113: ch_3Rau1nKYhcjsD9Cb0oasmm3E | J113: 45827 | K113: Invoice UDFEMUNX-0001 | L113: 107625 | M113: 107625 | N113: 3121.43 | O113: 104503.57 | P113: 2606-0200 Wright Kevin 05 | Q113: pbU_zyTZMaPkr8Srlx | R113: anita61@gmail.com | S113: Brian Sullivan
C114: =Transformed_Data[[#This Row],[Amount]]/SUMIFS(Transformed_Data[Amount],Transformed_Data[Created],Transformed_Data[[#This Row],[Created]]) -> 0.19352869 | D114: {=IFERROR(_xlfn.XLOOKUP(Transformed_Data[[#This Row],[Created]],_xlfn._TRO_TRAILING('Fees by date'!$C$4:$C$1001),_xlfn._TRO_TRAILING('Fees by date'!$D$4:D$1001)),"")*Transformed_Data[[#This Row],[Stripe fee Allocation %]]} -> -174.35194 | E114: =DATEVALUE(SUBSTITUTE(_xlfn.TEXTAFTER(Transformed_Data[[#This Row],[TabName]], " ", -3), " ", ", ", 2)) -> 45832 | F114: Clean June 2025 - Stripe data upload.xlsx | G114: Stripe data Jun 24 2025 | H114: Charge | I114: ch_3Rbjl1KYhcjsD9Cb1uKHvb8v | J114: 45827 | K114: Invoice E320EDFA-0005 | L114: 34870 | M114: 34870 | N114: 1185.88 | O114: 33684.12 | P114: 2508-1800 Sparks Heather 04 | Q114: hNr_xMJdwsEwSdoQ9R | R114: james28@yahoo.com | S114: Emma Barron
C115: =Transformed_Data[[#This Row],[Amount]]/SUMIFS(Transformed_Data[Amount],Transformed_Data[Created],Transformed_Data[[#This Row],[Created]]) -> 0.20535021 | D115: {=IFERROR(_xlfn.XLOOKUP(Transformed_Data[[#This Row],[Created]],_xlfn._TRO_TRAILING('Fees by date'!$C$4:$C$1001),_xlfn._TRO_TRAILING('Fees by date'!$D$4:D$1001)),"")*Transformed_Data[[#This Row],[Stripe fee Allocation %]]} -> -185.00205 | E115: =DATEVALUE(SUBSTITUTE(_xlfn.TEXTAFTER(Transformed_Data[[#This Row],[TabName]], " ", -3), " ", ", ", 2)) -> 45832 | F115: Clean June 2025 - Stripe data upload.xlsx | G115: Stripe data Jun 24 2025 | H115: Charge | I115: ch_3RbME1KYhcjsD9Cb0WZPDjpI | J115: 45827 | K115: Invoice 1MVL5XKA-0003 | L115: 37000 | M115: 37000 | N115: 1073.3 | O115: 35926.7 | P115: 2606-0300 Daniel Felicia 04 | Q115: ijB_Vgkvi74uHFV9yZ | R115: angela05@hotmail.com | S115: Daniel Riddle
C116: =Transformed_Data[[#This Row],[Amount]]/SUMIFS(Transformed_Data[Amount],Transformed_Data[Created],Transformed_Data[[#This Row],[Created]]) -> 0.5 | D116: {=IFERROR(_xlfn.XLOOKUP(Transformed_Data[[#This Row],[Created]],_xlfn._TRO_TRAILING('Fees by date'!$C$4:$C$1001),_xlfn._TRO_TRAILING('Fees by date'!$D$4:D$1001)),"")*Transformed_Data[[#This Row],[Stripe fee Allocation %]]} -> -168.75 | E116: =DATEVALUE(SUBSTITUTE(_xlfn.TEXTAFTER(Transformed_Data[[#This Row],[TabName]], " ", -3), " ", ", ", 2)) -> 45839 | F116: Clean June 2025 - Stripe data upload.xlsx | G116: Stripe data Jul 1 2025 | H116: Charge | I116: ch_3RdAcYKYhcjsD9Cb0MxhIriw | J116: 45831 | K116: Invoice 3642C437-0004 | L116: 33750 | M116: 33750 | N116: 979.05 | O116: 32770.95 | P116: 2508-2200 Keith Cynthia 09 | Q116: qdS_L8OYCN9QsIUztD | R116: timothydavidson@hotmail.com | S116: Jean James Carter
C117: =Transformed_Data[[#This Row],[Amount]]/SUMIFS(Transformed_Data[Amount],Transformed_Data[Created],Transformed_Data[[#This Row],[Created]]) -> 0.5 | D117: {=IFERROR(_xlfn.XLOOKUP(Transformed_Data[[#This Row],[Created]],_xlfn._TRO_TRAILING('Fees by date'!$C$4:$C$1001),_xlfn._TRO_TRAILING('Fees by date'!$D$4:D$1001)),"")*Transformed_Data[[#This Row],[Stripe fee Allocation %]]} -> -168.75 | E117: =DATEVALUE(SUBSTITUTE(_xlfn.TEXTAFTER(Transformed_Data[[#This Row],[TabName]], " ", -3), " ", ", ", 2)) -> 45839 | F117: Clean June 2025 - Stripe data upload.xlsx | G117: Stripe data Jul 1 2025 | H117: Charge | I117: ch_3RdAenKYhcjsD9Cb0cJdL8zc | J117: 45831 | K117: Invoice 3642C437-0005 | L117: 33750 | M117: 33750 | N117: 979.05 | O117: 32770.95 | P117: 2508-2200 Keith Cynthia 09 | Q117: qdS_L8OYCN9QsIUztD | R117: timothydavidson@hotmail.com | S117: Lisa Erickson
C118: =Transformed_Data[[#This Row],[Amount]]/SUMIFS(Transformed_Data[Amount],Transformed_Data[Created],Transformed_Data[[#This Row],[Created]]) -> 0.095030179 | D118: {=IFERROR(_xlfn.XLOOKUP(Transformed_Data[[#This Row],[Created]],_xlfn._TRO_TRAILING('Fees by date'!$C$4:$C$1001),_xlfn._TRO_TRAILING('Fees by date'!$D$4:D$1001)),"")*Transformed_Data[[#This Row],[Stripe fee Allocation %]]} -> -9.2502376 | E118: =DATEVALUE(SUBSTITUTE(_xlfn.TEXTAFTER(Transformed_Data[[#This Row],[TabName]], " ", -3), " ", ", ", 2)) -> 45839 | F118: Clean June 2025 - Stripe data upload.xlsx | G118: Stripe data Jul 1 2025 | H118: Charge | I118: ch_3RdR1eKYhcjsD9Cb03y3Y5qg | J118: 45832 | K118: Invoice B2FC7B4C-0005 | L118: 1850 | M118: 1850 | N118: 81.7 | O118: 1768.3 | P118: 2507-1300 Moore Robert & Sheila 02 | Q118: vru_ITckD5V1kdeUdy | R118: cjones@gmail.com | S118: Kimberly Lopez
C119: =Transformed_Data[[#This Row],[Amount]]/SUMIFS(Transformed_Data[Amount],Transformed_Data[Created],Transformed_Data[[#This Row],[Created]]) -> 0.90496982 | D119: {=IFERROR(_xlfn.XLOOKUP(Transformed_Data[[#This Row],[Created]],_xlfn._TRO_TRAILING('Fees by date'!$C$4:$C$1001),_xlfn._TRO_TRAILING('Fees by date'!$D$4:D$1001)),"")*Transformed_Data[[#This Row],[Stripe fee Allocation %]]} -> -88.089762 | E119: =DATEVALUE(SUBSTITUTE(_xlfn.TEXTAFTER(Transformed_Data[[#This Row],[TabName]], " ", -3), " ", ", ", 2)) -> 45839 | F119: Clean June 2025 - Stripe data upload.xlsx | G119: Stripe data Jul 1 2025 | H119: Charge | I119: ch_3RdXxoKYhcjsD9Cb0t1PtZLe | J119: 45832 | K119: Invoice 21380D0C-0003 | L119: 17617.5 | M119: 17617.5 | N119: 511.21 | O119: 17106.29 | P119: 2509-0201 Cole Timothy 02 | Q119: QoW_MRzCX4BPQL3uFS | R119: nicholas66@yahoo.com | S119: Cole Ferguson
C120: =Transformed_Data[[#This Row],[Amount]]/SUMIFS(Transformed_Data[Amount],Transformed_Data[Created],Transformed_Data[[#This Row],[Created]]) -> 0.91442374 | D120: {=IFERROR(_xlfn.XLOOKUP(Transformed_Data[[#This Row],[Created]],_xlfn._TRO_TRAILING('Fees by date'!$C$4:$C$1001),_xlfn._TRO_TRAILING('Fees by date'!$D$4:D$1001)),"")*Transformed_Data[[#This Row],[Stripe fee Allocation %]]} -> -66.25 | E120: =DATEVALUE(SUBSTITUTE(_xlfn.TEXTAFTER(Transformed_Data[[#This Row],[TabName]], " ", -3), " ", ", ", 2)) -> 45839 | F120: Clean June 2025 - Stripe data upload.xlsx | G120: Stripe data Jul 1 2025 | H120: Charge | I120: ch_3RdlrMKYhcjsD9Cb11KVHkQc | J120: 45833 | K120: Invoice EVFZ3UHB-0001 | L120: 13250 | M120: 13250 | N120: 450.8 | O120: 12799.2 | P120: 2701-0113 Christian John 01 | Q120: HGC_eNaXg6K3b61kLv | R120: david65@gmail.com | S120: Matthew Rose
C121: =Transformed_Data[[#This Row],[Amount]]/SUMIFS(Transformed_Data[Amount],Transformed_Data[Created],Transformed_Data[[#This Row],[Created]]) -> 0.085576259 | D121: {=IFERROR(_xlfn.XLOOKUP(Transformed_Data[[#This Row],[Created]],_xlfn._TRO_TRAILING('Fees by date'!$C$4:$C$1001),_xlfn._TRO_TRAILING('Fees by date'!$D$4:D$1001)),"")*Transformed_Data[[#This Row],[Stripe fee Allocation %]]} -> -6.2 | E121: =DATEVALUE(SUBSTITUTE(_xlfn.TEXTAFTER(Transformed_Data[[#This Row],[TabName]], " ", -3), " ", ", ", 2)) -> 45839 | F121: Clean June 2025 - Stripe data upload.xlsx | G121: Stripe data Jul 1 2025 | H121: Charge | I121: ch_3Rdna4KYhcjsD9Cb1KwzUJdK | J121: 45833 | K121: Invoice D5A4FB29-0004 | L121: 1240 | M121: 1240 | N121: 54.86 | O121: 1185.14 | P121: 2507-0900 Black Christopher 11 | Q121: gPu_Et9dKdQFehXm0Q | R121: allisonbullock@yahoo.com | S121: Melissa Smith
C122: =Transformed_Data[[#This Row],[Amount]]/SUMIFS(Transformed_Data[Amount],Transformed_Data[Created],Transformed_Data[[#This Row],[Created]]) -> 0.020145443 | D122: {=IFERROR(_xlfn.XLOOKUP(Transformed_Data[[#This Row],[Created]],_xlfn._TRO_TRAILING('Fees by date'!$C$4:$C$1001),_xlfn._TRO_TRAILING('Fees by date'!$D$4:D$1001)),"")*Transformed_Data[[#This Row],[Stripe fee Allocation %]]} -> -5.3951511 | E122: =DATEVALUE(SUBSTITUTE(_xlfn.TEXTAFTER(Transformed_Data[[#This Row],[TabName]], " ", -3), " ", ", ", 2)) -> 45839 | F122: Clean June 2025 - Stripe data upload.xlsx | G122: Stripe data Jul 1 2025 | H122: Charge | I122: ch_3ReBmcKYhcjsD9Cb0c1fe03V | J122: 45834 | K122: Invoice 0AC15I0L-0001 | L122: 1079 | M122: 1079 | N122: 47.78 | O122: 1031.22 | P122: 2506-2901 Castaneda Jennifer 01 | Q122: wvN_QPglTpMAhhaSX9 | R122: christopher87@gmail.com | S122: Raymond Austin
C123: =Transformed_Data[[#This Row],[Amount]]/SUMIFS(Transformed_Data[Amount],Transformed_Data[Created],Transformed_Data[[#This Row],[Created]]) -> 0.020145443 | D123: {=IFERROR(_xlfn.XLOOKUP(Transformed_Data[[#This Row],[Created]],_xlfn._TRO_TRAILING('Fees by date'!$C$4:$C$1001),_xlfn._TRO_TRAILING('Fees by date'!$D$4:D$1001)),"")*Transformed_Data[[#This Row],[Stripe fee Allocation %]]} -> -5.3951511 | E123: =DATEVALUE(SUBSTITUTE(_xlfn.TEXTAFTER(Transformed_Data[[#This Row],[TabName]], " ", -3), " ", ", ", 2)) -> 45839 | F123: Clean June 2025 - Stripe data upload.xlsx | G123: Stripe data Jul 1 2025 | H123: Charge | I123: ch_3ReBe1KYhcjsD9Cb0ceByE9B | J123: 45834 | K123: Invoice 1486A6C9-0002 | L123: 1079 | M123: 1079 | N123: 47.78 | O123: 1031.22 | P123: 2506-2900 Jenkins Allen 01 | Q123: IHn_tPSr65viKILZVj | R123: johnsonkelly@hotmail.com | S123: Richard Bradley
... C146: =Transformed_Data[[#This Row],[Amount]]/SUMIFS(Transformed_Data[Amount],Transformed_Data[Created],Transformed_Data[[#This Row],[Created]]) -> 0.0058864049 | D146: {=IFERROR(_xlfn.XLOOKUP(Transformed_Data[[#This Row],[Created]],_xlfn._TRO_TRAILING('Fees by date'!$C$4:$C$1001),_xlfn._TRO_TRAILING('Fees by date'!$D$4:D$1001)),"")*Transformed_Data[[#This Row],[Stripe fee Allocation %]]} -> -5.8750441 | E146: =DATEVALUE(SUBSTITUTE(_xlfn.TEXTAFTER(Transformed_Data[[#This Row],[TabName]], " ", -3), " ", ", ", 2)) -> 45846 | F146: Clean July 2025 - Stripe data upload.xlsx | G146: Stripe data Jul 8 2025 | H146: Charge | I146: ch_3RgRjCKYhcjsD9Cb1ymOpOpZ | J146: 45840 | K146: Invoice 38E608D8-0009 | L146: 1175 | M146: 1175 | N146: 52 | O146: 1123 | P146: 2507-0100 Cain Gregory 06 | Q146: kDp_UkyN3i6PxsHcCb | R146: barnettjoseph@hotmail.com | S146: Pam Bell
C147: =Transformed_Data[[#This Row],[Amount]]/SUMIFS(Transformed_Data[Amount],Transformed_Data[Created],Transformed_Data[[#This Row],[Created]]) -> 0.1553009 | D147: {=IFERROR(_xlfn.XLOOKUP(Transformed_Data[[#This Row],[Created]],_xlfn._TRO_TRAILING('Fees by date'!$C$4:$C$1001),_xlfn._TRO_TRAILING('Fees by date'!$D$4:D$1001)),"")*Transformed_Data[[#This Row],[Stripe fee Allocation %]]} -> -155.00116 | E147: =DATEVALUE(SUBSTITUTE(_xlfn.TEXTAFTER(Transformed_Data[[#This Row],[TabName]], " ", -3), " ", ", ", 2)) -> 45846 | F147: Clean July 2025 - Stripe data upload.xlsx | G147: Stripe data Jul 8 2025 | H147: Charge | I147: py_3Rg7chKYhcjsD9Cb1BXrTqsA | J147: 45840 | K147: Invoice 6ACFE4CD-0002 | L147: 31000 | M147: 31000 | N147: 8 | O147: 30992 | P147: 2509-1200 Vaughn Steven 01 | Q147: Hhe_mIe91VjRj4xkTQ | R147: zcooper@gmail.com
C148: =Transformed_Data[[#This Row],[Amount]]/SUMIFS(Transformed_Data[Amount],Transformed_Data[Created],Transformed_Data[[#This Row],[Created]]) -> 0.4919903 | D148: {=IFERROR(_xlfn.XLOOKUP(Transformed_Data[[#This Row],[Created]],_xlfn._TRO_TRAILING('Fees by date'!$C$4:$C$1001),_xlfn._TRO_TRAILING('Fees by date'!$D$4:D$1001)),"")*Transformed_Data[[#This Row],[Stripe fee Allocation %]]} -> -154.71127 | E148: =DATEVALUE(SUBSTITUTE(_xlfn.TEXTAFTER(Transformed_Data[[#This Row],[TabName]], " ", -3), " ", ", ", 2)) -> 45846 | F148: Clean July 2025 - Stripe data upload.xlsx | G148: Stripe data Jul 8 2025 | H148: Charge | I148: ch_3Rc1S0KYhcjsD9Cb1cV9f3WX | J148: 45841 | K148: Invoice A63F242F-0010 | L148: 30942.5 | M148: 30942.5 | N148: 897.63 | O148: 30044.87 | P148: 2508-0701 Schwartz Samantha 02 | Q148: PIT_b4duDVkETeqrQJ | R148: yjones@yahoo.com | S148: Robert Moore
C149: =Transformed_Data[[#This Row],[Amount]]/SUMIFS(Transformed_Data[Amount],Transformed_Data[Created],Transformed_Data[[#This Row],[Created]]) -> 0.49290456 | D149: {=IFERROR(_xlfn.XLOOKUP(Transformed_Data[[#This Row],[Created]],_xlfn._TRO_TRAILING('Fees by date'!$C$4:$C$1001),_xlfn._TRO_TRAILING('Fees by date'!$D$4:D$1001)),"")*Transformed_Data[[#This Row],[Stripe fee Allocation %]]} -> -154.99877 | E149: =DATEVALUE(SUBSTITUTE(_xlfn.TEXTAFTER(Transformed_Data[[#This Row],[TabName]], " ", -3), " ", ", ", 2)) -> 45846 | F149: Clean July 2025 - Stripe data upload.xlsx | G149: Stripe data Jul 8 2025 | H149: Charge | I149: ch_3RgltqKYhcjsD9Cb0cVdxYCb | J149: 45841 | K149: Invoice 72023005-0026 | L149: 31000 | M149: 31000 | N149: 1054.3 | O149: 29945.7 | P149: 2508-1400 Atkinson Jose 03 | Q149: kVT_thGFGk35a6YdbF | R149: ronaldbrown@gmail.com
C150: =Transformed_Data[[#This Row],[Amount]]/SUMIFS(Transformed_Data[Amount],Transformed_Data[Created],Transformed_Data[[#This Row],[Created]]) -> 0.01510514 | D150: {=IFERROR(_xlfn.XLOOKUP(Transformed_Data[[#This Row],[Created]],_xlfn._TRO_TRAILING('Fees by date'!$C$4:$C$1001),_xlfn._TRO_TRAILING('Fees by date'!$D$4:D$1001)),"")*Transformed_Data[[#This Row],[Stripe fee Allocation %]]} -> -4.7499622 | E150: =DATEVALUE(SUBSTITUTE(_xlfn.TEXTAFTER(Transformed_Data[[#This Row],[TabName]], " ", -3), " ", ", ", 2)) -> 45846 | F150: Clean July 2025 - Stripe data upload.xlsx | G150: Stripe data Jul 8 2025 | H150: Charge | I150: ch_3RgoHAKYhcjsD9Cb1sFvtgDh | J150: 45841 | K150: Invoice 30FCD997-0008 | L150: 950 | M150: 950 | N150: 27.85 | O150: 922.15 | P150: 2507-0300 Jimenez Alexander 05 | Q150: vqr_xGCRJnim6CevVZ | R150: david74@yahoo.com
C151: =Transformed_Data[[#This Row],[Amount]]/SUMIFS(Transformed_Data[Amount],Transformed_Data[Created],Transformed_Data[[#This Row],[Created]]) -> 0.002261214 | D151: {=IFERROR(_xlfn.XLOOKUP(Transformed_Data[[#This Row],[Created]],_xlfn._TRO_TRAILING('Fees by date'!$C$4:$C$1001),_xlfn._TRO_TRAILING('Fees by date'!$D$4:D$1001)),"")*Transformed_Data[[#This Row],[Stripe fee Allocation %]]} -> -2.58 | E151: =DATEVALUE(SUBSTITUTE(_xlfn.TEXTAFTER(Transformed_Data[[#This Row],[TabName]], " ", -3), " ", ", ", 2)) -> 45853 | F151: Clean July 2025 - Stripe data upload.xlsx | G151: Stripe data Jul 15 2025 | H151: Charge | I151: ch_3ReWMQKYhcjsD9Cb1GFOuK7l | J151: 45842 | K151: Invoice 7E586985-0025 | L151: 516 | M151: 516 | N151: 23 | O151: 493 | P151: 2507-1900 Andrade Leslie 02 | Q151: Wto_kQD9BqMjLtt39d | R151: mchavez@yahoo.com | S151: Leslie Andrade
C152: =Transformed_Data[[#This Row],[Amount]]/SUMIFS(Transformed_Data[Amount],Transformed_Data[Created],Transformed_Data[[#This Row],[Created]]) -> 0.0047327736 | D152: {=IFERROR(_xlfn.XLOOKUP(Transformed_Data[[#This Row],[Created]],_xlfn._TRO_TRAILING('Fees by date'!$C$4:$C$1001),_xlfn._TRO_TRAILING('Fees by date'!$D$4:D$1001)),"")*Transformed_Data[[#This Row],[Stripe fee Allocation %]]} -> -5.4 | E152: =DATEVALUE(SUBSTITUTE(_xlfn.TEXTAFTER(Transformed_Data[[#This Row],[TabName]], " ", -3), " ", ", ", 2)) -> 45853 | F152: Clean July 2025 - Stripe data upload.xlsx | G152: Stripe data Jul 15 2025 | H152: Charge | I152: ch_3Rh8OdKYhcjsD9Cb1SNI2U9Y | J152: 45842 | K152: Invoice 947F7668-0003 | L152: 1080 | M152: 1080 | N152: 31.62 | O152: 1048.38 | P152: 2507-0800 Erickson Kim 02 | Q152: cOu_HrKudg0ZwCl8lW | R152: danny25@yahoo.com | S152: Kim Erickson
C153: =Transformed_Data[[#This Row],[Amount]]/SUMIFS(Transformed_Data[Amount],Transformed_Data[Created],Transformed_Data[[#This Row],[Created]]) -> 0.11656646 | D153: {=IFERROR(_xlfn.XLOOKUP(Transformed_Data[[#This Row],[Created]],_xlfn._TRO_TRAILING('Fees by date'!$C$4:$C$1001),_xlfn._TRO_TRAILING('Fees by date'!$D$4:D$1001)),"")*Transformed_Data[[#This Row],[Stripe fee Allocation %]]} -> -133 | E153: =DATEVALUE(SUBSTITUTE(_xlfn.TEXTAFTER(Transformed_Data[[#This Row],[TabName]], " ", -3), " ", ", ", 2)) -> 45853 | F153: Clean July 2025 - Stripe data upload.xlsx | G153: Stripe data Jul 15 2025 | H153: Charge | I153: ch_3RhBxNKYhcjsD9Cb09jWako9 | J153: 45842 | K153: Invoice SGZS4SO5-0001 | L153: 26600 | M153: 26600 | N153: 771.7 | O153: 25828.3 | P153: 2509-2500 Simon Christopher 04 | Q153: Cwx_iApeq6v9BJQCJi | R153: phubbard@gmail.com | S153: Christopher Simon
C154: =Transformed_Data[[#This Row],[Amount]]/SUMIFS(Transformed_Data[Amount],Transformed_Data[Created],Transformed_Data[[#This Row],[Created]]) -> 0.43821978 | D154: {=IFERROR(_xlfn.XLOOKUP(Transformed_Data[[#This Row],[Created]],_xlfn._TRO_TRAILING('Fees by date'!$C$4:$C$1001),_xlfn._TRO_TRAILING('Fees by date'!$D$4:D$1001)),"")*Transformed_Data[[#This Row],[Stripe fee Allocation %]]} -> -500 | E154: =DATEVALUE(SUBSTITUTE(_xlfn.TEXTAFTER(Transformed_Data[[#This Row],[TabName]], " ", -3), " ", ", ", 2)) -> 45853 | F154: Clean July 2025 - Stripe data upload.xlsx | G154: Stripe data Jul 15 2025 | H154: Charge | I154: ch_3RhEnjKYhcjsD9Cb1uJ46p2j | J154: 45842 | K154: Invoice VIU5XHOE-0002 | L154: 100000 | M154: 100000 | N154: 2900.3 | O154: 97099.7 | P154: 2512-2000 Ortiz Stacey 14 | Q154: oPA_magJ4Psht4CBP0 | R154: hickmanalan@yahoo.com | S154: Stacey Ortiz
C155: =Transformed_Data[[#This Row],[Amount]]/SUMIFS(Transformed_Data[Amount],Transformed_Data[Created],Transformed_Data[[#This Row],[Created]]) -> 0.43821978 | D155: {=IFERROR(_xlfn.XLOOKUP(Transformed_Data[[#This Row],[Created]],_xlfn._TRO_TRAILING('Fees by date'!$C$4:$C$1001),_xlfn._TRO_TRAILING('Fees by date'!$D$4:D$1001)),"")*Transformed_Data[[#This Row],[Stripe fee Allocation %]]} -> -500 | E155: =DATEVALUE(SUBSTITUTE(_xlfn.TEXTAFTER(Transformed_Data[[#This Row],[TabName]], " ", -3), " ", ", ", 2)) -> 45853 | F155: Clean July 2025 - Stripe data upload.xlsx | G155: Stripe data Jul 15 2025 | H155: Charge | I155: ch_3RhEr7KYhcjsD9Cb1yWmMyqY | J155: 45842 | K155: Invoice VIU5XHOE-0003 | L155: 100000 | M155: 100000 | N155: 2900.3 | O155: 97099.7 | P155: 2512-2000 Ortiz Stacey 14 | Q155: oPA_magJ4Psht4CBP0 | R155: hickmanalan@yahoo.com | S155: Stacey Ortiz
C156: =Transformed_Data[[#This Row],[Amount]]/SUMIFS(Transformed_Data[Amount],Transformed_Data[Created],Transformed_Data[[#This Row],[Created]]) -> 1 | D156: {=IFERROR(_xlfn.XLOOKUP(Transformed_Data[[#This Row],[Created]],_xlfn._TRO_TRAILING('Fees by date'!$C$4:$C$1001),_xlfn._TRO_TRAILING('Fees by date'!$D$4:D$1001)),"")*Transformed_Data[[#This Row],[Stripe fee Allocation %]]} -> -190.5 | E156: =DATEVALUE(SUBSTITUTE(_xlfn.TEXTAFTER(Transformed_Data[[#This Row],[TabName]], " ", -3), " ", ", ", 2)) -> 45853 | F156: Clean July 2025 - Stripe data upload.xlsx | G156: Stripe data Jul 15 2025 | H156: Charge | I156: ch_3Rh3PiKYhcjsD9Cb0V2f6AIJ | J156: 45843 | K156: Invoice C15DC7CC-0004 | L156: 38100 | M156: 38100 | N156: 1105.2 | O156: 36994.8 | P156: 2509-1300 Cain Brenda 02 | Q156: khA_cLYT4XzkDtIRZX | R156: donald19@hotmail.com | S156: Brenda Cain
C157: =Transformed_Data[[#This Row],[Amount]]/SUMIFS(Transformed_Data[Amount],Transformed_Data[Created],Transformed_Data[[#This Row],[Created]]) -> 1 | D157: {=IFERROR(_xlfn.XLOOKUP(Transformed_Data[[#This Row],[Created]],_xlfn._TRO_TRAILING('Fees by date'!$C$4:$C$1001),_xlfn._TRO_TRAILING('Fees by date'!$D$4:D$1001)),"")*Transformed_Data[[#This Row],[Stripe fee Allocation %]]} -> -98.84 | E157: =DATEVALUE(SUBSTITUTE(_xlfn.TEXTAFTER(Transformed_Data[[#This Row],[TabName]], " ", -3), " ", ", ", 2)) -> 45853 | F157: Clean July 2025 - Stripe data upload.xlsx | G157: Stripe data Jul 15 2025 | H157: Charge | I157: ch_3RdVgPKYhcjsD9Cb0antryW2 | J157: 45844 | K157: Invoice F99C4DA0-0003 | L157: 19767.5 | M157: 19767.5 | N157: 573.56 | O157: 19193.94 | P157: 2509-0202 Schaefer Steve 02 | Q157: xWy_wOA7qwoLVtdfp7 | R157: yumichelle@yahoo.com | S157: Steve Schaefer
C158: =Transformed_Data[[#This Row],[Amount]]/SUMIFS(Transformed_Data[Amount],Transformed_Data[Created],Transformed_Data[[#This Row],[Created]]) -> 0.19891816 | D158: {=IFERROR(_xlfn.XLOOKUP(Transformed_Data[[#This Row],[Created]],_xlfn._TRO_TRAILING('Fees by date'!$C$4:$C$1001),_xlfn._TRO_TRAILING('Fees by date'!$D$4:D$1001)),"")*Transformed_Data[[#This Row],[Stripe fee Allocation %]]} -> -57 | E158: =DATEVALUE(SUBSTITUTE(_xlfn.TEXTAFTER(Transformed_Data[[#This Row],[TabName]], " ", -3), " ", ", ", 2)) -> 45853 | F158: Clean July 2025 - Stripe data upload.xlsx | G158: Stripe data Jul 15 2025 | H158: Charge | I158: ch_3RiBr0KYhcjsD9Cb1xsJXWAP | J158: 45845 | K158: Invoice 65A240EA-0010 | L158: 11400 | M158: 11400 | N158: 387.9 | O158: 11012.1 | P158: 2508-1200 Tanner Kevin 02 | Q158: YHD_xcznEOqte1nNs1 | R158: plamb@gmail.com | S158: Kevin Tanner
C159: =Transformed_Data[[#This Row],[Amount]]/SUMIFS(Transformed_Data[Amount],Transformed_Data[Created],Transformed_Data[[#This Row],[Created]]) -> 0.24062118 | D159: {=IFERROR(_xlfn.XLOOKUP(Transformed_Data[[#This Row],[Created]],_xlfn._TRO_TRAILING('Fees by date'!$C$4:$C$1001),_xlfn._TRO_TRAILING('Fees by date'!$D$4:D$1001)),"")*Transformed_Data[[#This Row],[Stripe fee Allocation %]]} -> -68.95 | E159: =DATEVALUE(SUBSTITUTE(_xlfn.TEXTAFTER(Transformed_Data[[#This Row],[TabName]], " ", -3), " ", ", ", 2)) -> 45853 | F159: Clean July 2025 - Stripe data upload.xlsx | G159: Stripe data Jul 15 2025 | H159: Charge | I159: ch_3RgKuOKYhcjsD9Cb0iN4JyZ7 | J159: 45845 | K159: Invoice 9E8203DF-0006 | L159: 13790 | M159: 13790 | N159: 400.21 | O159: 13389.79 | P159: 2509-0500 Allen Brian 02 | Q159: NGo_WXUY7At3UAlkXz | R159: adrian85@yahoo.com | S159: Brian Allen
C160: =Transformed_Data[[#This Row],[Amount]]/SUMIFS(Transformed_Data[Amount],Transformed_Data[Created],Transformed_Data[[#This Row],[Created]]) -> 0.56046065 | D160: {=IFERROR(_xlfn.XLOOKUP(Transformed_Data[[#This Row],[Created]],_xlfn._TRO_TRAILING('Fees by date'!$C$4:$C$1001),_xlfn._TRO_TRAILING('Fees by date'!$D$4:D$1001)),"")*Transformed_Data[[#This Row],[Stripe fee Allocation %]]} -> -160.6 | E160: =DATEVALUE(SUBSTITUTE(_xlfn.TEXTAFTER(Transformed_Data[[#This Row],[TabName]], " ", -3), " ", ", ", 2)) -> 45853 | F160: Clean July 2025 - Stripe data upload.xlsx | G160: Stripe data Jul 15 2025 | H160: Charge | I160: ch_3RhGAeKYhcjsD9Cb10vxDWYR | J160: 45845 | K160: Invoice VIU5XHOE-0004 | L160: 32120 | M160: 32120 | N160: 931.78 | O160: 31188.22 | P160: 2512-2000 Ortiz Stacey 14 | Q160: oPA_magJ4Psht4CBP0 | R160: hickmanalan@yahoo.com | S160: Stacey Ortiz
C161: =Transformed_Data[[#This Row],[Amount]]/SUMIFS(Transformed_Data[Amount],Transformed_Data[Created],Transformed_Data[[#This Row],[Created]]) -> 0.0057533261 | D161: {=IFERROR(_xlfn.XLOOKUP(Transformed_Data[[#This Row],[Created]],_xlfn._TRO_TRAILING('Fees by date'!$C$4:$C$1001),_xlfn._TRO_TRAILING('Fees by date'!$D$4:D$1001)),"")*Transformed_Data[[#This Row],[Stripe fee Allocation %]]} -> -4 | E161: =DATEVALUE(SUBSTITUTE(_xlfn.TEXTAFTER(Transformed_Data[[#This Row],[TabName]], " ", -3), " ", ", ", 2)) -> 45853 | F161: Clean July 2025 - Stripe data upload.xlsx | G161: Stripe data Jul 15 2025 | H161: Charge | I161: ch_3RidKpKYhcjsD9Cb0onKlBy6 | J161: 45846 | K161: Invoice DBB2E049-0005 | L161: 800 | M161: 800 | N161: 23.5 | O161: 776.5 | P161: 2508-0600 Nguyen Laura 05 | Q161: pAX_ZvYKe5HxLHDLBd | R161: vwood@gmail.com | S161: Laura Nguyen
C162: =Transformed_Data[[#This Row],[Amount]]/SUMIFS(Transformed_Data[Amount],Transformed_Data[Created],Transformed_Data[[#This Row],[Created]]) -> 0.63466379 | D162: {=IFERROR(_xlfn.XLOOKUP(Transformed_Data[[#This Row],[Created]],_xlfn._TRO_TRAILING('Fees by date'!$C$4:$C$1001),_xlfn._TRO_TRAILING('Fees by date'!$D$4:D$1001)),"")*Transformed_Data[[#This Row],[Stripe fee Allocation %]]} -> -441.25 | E162: =DATEVALUE(SUBSTITUTE(_xlfn.TEXTAFTER(Transformed_Data[[#This Row],[TabName]], " ", -3), " ", ", ", 2)) -> 45853 | F162: Clean July 2025 - Stripe data upload.xlsx | G162: Stripe data Jul 15 2025 | H162: Charge | I162: ch_3RiFzLKYhcjsD9Cb1H2c4sim | J162: 45846 | K162: Invoice 61CF63F7-0003 | L162: 88250 | M162: 88250 | N162: 2559.55 | O162: 85690.45 | P162: 2509-2200 Erickson Lisa 04 | Q162: sOH_w0xzWefJSczrSD | R162: robert95@gmail.com | S162: Lisa Erickson
... C192: =Transformed_Data[[#This Row],[Amount]]/SUMIFS(Transformed_Data[Amount],Transformed_Data[Created],Transformed_Data[[#This Row],[Created]]) -> 0.016307692 | D192: {=IFERROR(_xlfn.XLOOKUP(Transformed_Data[[#This Row],[Created]],_xlfn._TRO_TRAILING('Fees by date'!$C$4:$C$1001),_xlfn._TRO_TRAILING('Fees by date'!$D$4:D$1001)),"")*Transformed_Data[[#This Row],[Stripe fee Allocation %]]} -> -13.25 | E192: =DATEVALUE(SUBSTITUTE(_xlfn.TEXTAFTER(Transformed_Data[[#This Row],[TabName]], " ", -3), " ", ", ", 2)) -> 45867 | F192: Clean July 2025 - Stripe data upload.xlsx | G192: Stripe data Jul 29 2025 | H192: Charge | I192: ch_3RnK04KYhcjsD9Cb0GjVHzhS | J192: 45859 | K192: Invoice CE119675-0015 | L192: 2650 | M192: 2650 | N192: 77.15 | O192: 2572.85 | P192: 2701-0104 Gardner Sarah 01 | Q192: UPv_U73NBtRgeqSUvr | R192: cjones@gmail.com | S192: Kimberly Lopez
C193: =Transformed_Data[[#This Row],[Amount]]/SUMIFS(Transformed_Data[Amount],Transformed_Data[Created],Transformed_Data[[#This Row],[Created]]) -> 0.55076923 | D193: {=IFERROR(_xlfn.XLOOKUP(Transformed_Data[[#This Row],[Created]],_xlfn._TRO_TRAILING('Fees by date'!$C$4:$C$1001),_xlfn._TRO_TRAILING('Fees by date'!$D$4:D$1001)),"")*Transformed_Data[[#This Row],[Stripe fee Allocation %]]} -> -447.5 | E193: =DATEVALUE(SUBSTITUTE(_xlfn.TEXTAFTER(Transformed_Data[[#This Row],[TabName]], " ", -3), " ", ", ", 2)) -> 45867 | F193: Clean July 2025 - Stripe data upload.xlsx | G193: Stripe data Jul 29 2025 | H193: Charge | I193: py_3RmcOkKYhcjsD9Cb0NZACcYX | J193: 45859 | K193: Invoice C8DSQKKQ-0001 | L193: 89500 | M193: 89500 | N193: 8 | O193: 89492 | P193: 2608-0400 Gutierrez Laura & Monica 02 | Q193: BEh_gT55yYwXPSzDfY
C194: =Transformed_Data[[#This Row],[Amount]]/SUMIFS(Transformed_Data[Amount],Transformed_Data[Created],Transformed_Data[[#This Row],[Created]]) -> 0.52957359 | D194: {=IFERROR(_xlfn.XLOOKUP(Transformed_Data[[#This Row],[Created]],_xlfn._TRO_TRAILING('Fees by date'!$C$4:$C$1001),_xlfn._TRO_TRAILING('Fees by date'!$D$4:D$1001)),"")*Transformed_Data[[#This Row],[Stripe fee Allocation %]]} -> -57.75 | E194: =DATEVALUE(SUBSTITUTE(_xlfn.TEXTAFTER(Transformed_Data[[#This Row],[TabName]], " ", -3), " ", ", ", 2)) -> 45867 | F194: Clean July 2025 - Stripe data upload.xlsx | G194: Stripe data Jul 29 2025 | H194: Charge | I194: ch_3ReGOKKYhcjsD9Cb1cp7OAOd | J194: 45860 | K194: Invoice F61828AE-0004 | L194: 11550 | M194: 11550 | N194: 335.25 | O194: 11214.75 | P194: 2509-0600 Blackwell Christine 02 | Q194: FCi_PzVRa8uhITmwRR | R194: nicholas66@yahoo.com | S194: Cole Ferguson
C195: =Transformed_Data[[#This Row],[Amount]]/SUMIFS(Transformed_Data[Amount],Transformed_Data[Created],Transformed_Data[[#This Row],[Created]]) -> 0.47042641 | D195: {=IFERROR(_xlfn.XLOOKUP(Transformed_Data[[#This Row],[Created]],_xlfn._TRO_TRAILING('Fees by date'!$C$4:$C$1001),_xlfn._TRO_TRAILING('Fees by date'!$D$4:D$1001)),"")*Transformed_Data[[#This Row],[Stripe fee Allocation %]]} -> -51.3 | E195: =DATEVALUE(SUBSTITUTE(_xlfn.TEXTAFTER(Transformed_Data[[#This Row],[TabName]], " ", -3), " ", ", ", 2)) -> 45867 | F195: Clean July 2025 - Stripe data upload.xlsx | G195: Stripe data Jul 29 2025 | H195: Charge | I195: ch_3Rnbd4KYhcjsD9Cb1ha4BKRn | J195: 45860 | K195: Invoice 28A01C7A-0005 | L195: 10260 | M195: 10260 | N195: 297.84 | O195: 9962.16 | P195: 2512-0200 Lester Rebecca 06 | Q195: mBt_AYbYOsNMeJiA8N | R195: david65@gmail.com | S195: Matthew Rose
C196: =Transformed_Data[[#This Row],[Amount]]/SUMIFS(Transformed_Data[Amount],Transformed_Data[Created],Transformed_Data[[#This Row],[Created]]) -> 0.99378882 | D196: {=IFERROR(_xlfn.XLOOKUP(Transformed_Data[[#This Row],[Created]],_xlfn._TRO_TRAILING('Fees by date'!$C$4:$C$1001),_xlfn._TRO_TRAILING('Fees by date'!$D$4:D$1001)),"")*Transformed_Data[[#This Row],[Stripe fee Allocation %]]} -> -80 | E196: =DATEVALUE(SUBSTITUTE(_xlfn.TEXTAFTER(Transformed_Data[[#This Row],[TabName]], " ", -3), " ", ", ", 2)) -> 45867 | F196: Clean July 2025 - Stripe data upload.xlsx | G196: Stripe data Jul 29 2025 | H196: Charge | I196: ch_3Rnbm5KYhcjsD9Cb0ZdRXu3M | J196: 45861 | K196: Invoice 28A01C7A-0006 | L196: 16000 | M196: 16000 | N196: 464.3 | O196: 15535.7 | P196: 2512-0200 Lester Rebecca 06 | Q196: mBt_AYbYOsNMeJiA8N | R196: allisonbullock@yahoo.com | S196: Melissa Smith
C197: =Transformed_Data[[#This Row],[Amount]]/SUMIFS(Transformed_Data[Amount],Transformed_Data[Created],Transformed_Data[[#This Row],[Created]]) -> 0.0062111801 | D197: {=IFERROR(_xlfn.XLOOKUP(Transformed_Data[[#This Row],[Created]],_xlfn._TRO_TRAILING('Fees by date'!$C$4:$C$1001),_xlfn._TRO_TRAILING('Fees by date'!$D$4:D$1001)),"")*Transformed_Data[[#This Row],[Stripe fee Allocation %]]} -> -0.5 | E197: =DATEVALUE(SUBSTITUTE(_xlfn.TEXTAFTER(Transformed_Data[[#This Row],[TabName]], " ", -3), " ", ", ", 2)) -> 45867 | F197: Clean July 2025 - Stripe data upload.xlsx | G197: Stripe data Jul 29 2025 | H197: Charge | I197: ch_3RnwrHKYhcjsD9Cb0LSsiEDV | J197: 45861 | K197: Invoice C1B77AD-0022 | L197: 100 | M197: 100 | N197: 3.7 | O197: 96.3 | P197: 2509-2400 Cabrera Jimmy 01 | Q197: eNW_bY8C5GAmO3WEHq | R197: christopher87@gmail.com | S197: Raymond Austin
C198: =Transformed_Data[[#This Row],[Amount]]/SUMIFS(Transformed_Data[Amount],Transformed_Data[Created],Transformed_Data[[#This Row],[Created]]) -> 0.0010656011 | D198: {=IFERROR(_xlfn.XLOOKUP(Transformed_Data[[#This Row],[Created]],_xlfn._TRO_TRAILING('Fees by date'!$C$4:$C$1001),_xlfn._TRO_TRAILING('Fees by date'!$D$4:D$1001)),"")*Transformed_Data[[#This Row],[Stripe fee Allocation %]]} -> -0.40000533 | E198: =DATEVALUE(SUBSTITUTE(_xlfn.TEXTAFTER(Transformed_Data[[#This Row],[TabName]], " ", -3), " ", ", ", 2)) -> 45867 | F198: Clean July 2025 - Stripe data upload.xlsx | G198: Stripe data Jul 29 2025 | H198: Charge | I198: ch_3RoffqKYhcjsD9Cb16rriaBe | J198: 45863 | K198: Invoice DBP5Q7EJ-0005 | L198: 80 | M198: 80 | N198: 2.62 | O198: 77.38 | P198: 2507-2000 Evans Selena 05 | Q198: jqz_OFFWvjdyL6VObC | R198: johnsonkelly@hotmail.com | S198: Richard Bradley
C199: =Transformed_Data[[#This Row],[Amount]]/SUMIFS(Transformed_Data[Amount],Transformed_Data[Created],Transformed_Data[[#This Row],[Created]]) -> 0.062271062 | D199: {=IFERROR(_xlfn.XLOOKUP(Transformed_Data[[#This Row],[Created]],_xlfn._TRO_TRAILING('Fees by date'!$C$4:$C$1001),_xlfn._TRO_TRAILING('Fees by date'!$D$4:D$1001)),"")*Transformed_Data[[#This Row],[Stripe fee Allocation %]]} -> -23.375311 | E199: =DATEVALUE(SUBSTITUTE(_xlfn.TEXTAFTER(Transformed_Data[[#This Row],[TabName]], " ", -3), " ", ", ", 2)) -> 45867 | F199: Clean July 2025 - Stripe data upload.xlsx | G199: Stripe data Jul 29 2025 | H199: Charge | I199: ch_3RogwdKYhcjsD9Cb0X47LaJg | J199: 45863 | K199: Invoice DBB2E049-0006 | L199: 4675 | M199: 4675 | N199: 135.88 | O199: 4539.12 | P199: 2508-0600 Nguyen Laura 05 | Q199: pAX_ZvYKe5HxLHDLBd | R199: frussell@gmail.com | S199: Sheri Harris
C200: =Transformed_Data[[#This Row],[Amount]]/SUMIFS(Transformed_Data[Amount],Transformed_Data[Created],Transformed_Data[[#This Row],[Created]]) -> 0.0038628039 | D200: {=IFERROR(_xlfn.XLOOKUP(Transformed_Data[[#This Row],[Created]],_xlfn._TRO_TRAILING('Fees by date'!$C$4:$C$1001),_xlfn._TRO_TRAILING('Fees by date'!$D$4:D$1001)),"")*Transformed_Data[[#This Row],[Stripe fee Allocation %]]} -> -1.4500193 | E200: =DATEVALUE(SUBSTITUTE(_xlfn.TEXTAFTER(Transformed_Data[[#This Row],[TabName]], " ", -3), " ", ", ", 2)) -> 45867 | F200: Clean July 2025 - Stripe data upload.xlsx | G200: Stripe data Jul 29 2025 | H200: Charge | I200: ch_3RofvkKYhcjsD9Cb1EX6FkO2 | J200: 45863 | K200: Invoice B849F28D-0004 | L200: 290 | M200: 290 | N200: 8.71 | O200: 281.29 | P200: 2509-1900 Aguilar Glen 02 | Q200: Oue_aLmIgy8T8xU0eZ | R200: heatherkey@gmail.com | S200: Jimmy Cabrera
C201: =Transformed_Data[[#This Row],[Amount]]/SUMIFS(Transformed_Data[Amount],Transformed_Data[Created],Transformed_Data[[#This Row],[Created]]) -> 0.0071928072 | D201: {=IFERROR(_xlfn.XLOOKUP(Transformed_Data[[#This Row],[Created]],_xlfn._TRO_TRAILING('Fees by date'!$C$4:$C$1001),_xlfn._TRO_TRAILING('Fees by date'!$D$4:D$1001)),"")*Transformed_Data[[#This Row],[Stripe fee Allocation %]]} -> -2.700036 | E201: =DATEVALUE(SUBSTITUTE(_xlfn.TEXTAFTER(Transformed_Data[[#This Row],[TabName]], " ", -3), " ", ", ", 2)) -> 45867 | F201: Clean July 2025 - Stripe data upload.xlsx | G201: Stripe data Jul 29 2025 | H201: Charge | I201: ch_3RofV8KYhcjsD9Cb1WlenpXO | J201: 45863 | K201: Invoice 6C318D0E-0010 | L201: 540 | M201: 540 | N201: 15.96 | O201: 524.04 | P201: 2508-1101 Moore Brian 02 | Q201: iDP_aVrykievwN0xQf | R201: susan17@yahoo.com | S201: Scott Schwartz
C202: =Transformed_Data[[#This Row],[Amount]]/SUMIFS(Transformed_Data[Amount],Transformed_Data[Created],Transformed_Data[[#This Row],[Created]]) -> 0.03982684 | D202: {=IFERROR(_xlfn.XLOOKUP(Transformed_Data[[#This Row],[Created]],_xlfn._TRO_TRAILING('Fees by date'!$C$4:$C$1001),_xlfn._TRO_TRAILING('Fees by date'!$D$4:D$1001)),"")*Transformed_Data[[#This Row],[Stripe fee Allocation %]]} -> -14.950199 | E202: =DATEVALUE(SUBSTITUTE(_xlfn.TEXTAFTER(Transformed_Data[[#This Row],[TabName]], " ", -3), " ", ", ", 2)) -> 45867 | F202: Clean July 2025 - Stripe data upload.xlsx | G202: Stripe data Jul 29 2025 | H202: Charge | I202: ch_3Rl42jKYhcjsD9Cb1jnjTShv | J202: 45863 | K202: Invoice 00BF4B89-0055 | L202: 2990 | M202: 2990 | N202: 87.01 | O202: 2902.99 | P202: 2508-0204 Padilla John 02 | Q202: DjZ_yQUUavF2r5BAKa | R202: erikawalker@yahoo.com | S202: Carla Williams
C203: =Transformed_Data[[#This Row],[Amount]]/SUMIFS(Transformed_Data[Amount],Transformed_Data[Created],Transformed_Data[[#This Row],[Created]]) -> 0.88578089 | D203: {=IFERROR(_xlfn.XLOOKUP(Transformed_Data[[#This Row],[Created]],_xlfn._TRO_TRAILING('Fees by date'!$C$4:$C$1001),_xlfn._TRO_TRAILING('Fees by date'!$D$4:D$1001)),"")*Transformed_Data[[#This Row],[Stripe fee Allocation %]]} -> -332.50443 | E203: =DATEVALUE(SUBSTITUTE(_xlfn.TEXTAFTER(Transformed_Data[[#This Row],[TabName]], " ", -3), " ", ", ", 2)) -> 45867 | F203: Clean July 2025 - Stripe data upload.xlsx | G203: Stripe data Jul 29 2025 | H203: Charge | I203: py_3RolPyKYhcjsD9Cb19lIpEox | J203: 45863 | K203: Invoice B3E6C316-0013 | L203: 66500 | M203: 66500 | N203: 8 | O203: 66492 | P203: 2510-0600 Allen Raymond & Christopher 02 | Q203: fIX_mhgW9D6o1SPeiF
C204: =Transformed_Data[[#This Row],[Amount]]/SUMIFS(Transformed_Data[Amount],Transformed_Data[Created],Transformed_Data[[#This Row],[Created]]) -> 1 | D204: {=IFERROR(_xlfn.XLOOKUP(Transformed_Data[[#This Row],[Created]],_xlfn._TRO_TRAILING('Fees by date'!$C$4:$C$1001),_xlfn._TRO_TRAILING('Fees by date'!$D$4:D$1001)),"")*Transformed_Data[[#This Row],[Stripe fee Allocation %]]} -> -1.4 | E204: =DATEVALUE(SUBSTITUTE(_xlfn.TEXTAFTER(Transformed_Data[[#This Row],[TabName]], " ", -3), " ", ", ", 2)) -> 45874 | F204: Clean August 2025 - Stripe data upload.xlsx | G204: Stripe data Aug 5 2025 | H204: Charge | I204: ch_3Rok0OKYhcjsD9Cb1Mvrtonw | J204: 45865 | K204: Invoice B4F1EE52-0003 | L204: 280 | M204: 280 | N204: 8.42 | O204: 271.58 | P204: 2509-0900 Rocha Gregory 02 | Q204: oXR_Q7D1wMqtbjOkCM | R204: karen54@hotmail.com | S204: Gregory Rocha
C205: =Transformed_Data[[#This Row],[Amount]]/SUMIFS(Transformed_Data[Amount],Transformed_Data[Created],Transformed_Data[[#This Row],[Created]]) -> 0.36536934 | D205: {=IFERROR(_xlfn.XLOOKUP(Transformed_Data[[#This Row],[Created]],_xlfn._TRO_TRAILING('Fees by date'!$C$4:$C$1001),_xlfn._TRO_TRAILING('Fees by date'!$D$4:D$1001)),"")*Transformed_Data[[#This Row],[Stripe fee Allocation %]]} -> -2.3018268 | E205: =DATEVALUE(SUBSTITUTE(_xlfn.TEXTAFTER(Transformed_Data[[#This Row],[TabName]], " ", -3), " ", ", ", 2)) -> 45874 | F205: Clean August 2025 - Stripe data upload.xlsx | G205: Stripe data Aug 5 2025 | H205: Charge | I205: ch_3RpkhsKYhcjsD9Cb04guHUPu | J205: 45866 | K205: Invoice 96C023F2-0004 | L205: 460 | M205: 460 | N205: 13.64 | O205: 446.36 | P205: 2507-1100 Barron Emma 02 | Q205: hNr_xMJdwsEwSdoQ9R | R205: james28@yahoo.com | S205: Emma Barron
C206: =Transformed_Data[[#This Row],[Amount]]/SUMIFS(Transformed_Data[Amount],Transformed_Data[Created],Transformed_Data[[#This Row],[Created]]) -> 0.52343129 | D206: {=IFERROR(_xlfn.XLOOKUP(Transformed_Data[[#This Row],[Created]],_xlfn._TRO_TRAILING('Fees by date'!$C$4:$C$1001),_xlfn._TRO_TRAILING('Fees by date'!$D$4:D$1001)),"")*Transformed_Data[[#This Row],[Stripe fee Allocation %]]} -> -3.2976172 | E206: =DATEVALUE(SUBSTITUTE(_xlfn.TEXTAFTER(Transformed_Data[[#This Row],[TabName]], " ", -3), " ", ", ", 2)) -> 45874 | F206: Clean August 2025 - Stripe data upload.xlsx | G206: Stripe data Aug 5 2025 | H206: Charge | I206: ch_3RpoBwKYhcjsD9Cb0Z79MFow | J206: 45866 | K206: Invoice FE5CB558-0004 | L206: 659 | M206: 659 | N206: 19.41 | O206: 639.59 | P206: 2508-1900 Keith Jeremy 06 | Q206: ysf_gwz8eeZCpKZiuO | R206: christopherhawkins@yahoo.com | S206: Jeremy Keith
C207: =Transformed_Data[[#This Row],[Amount]]/SUMIFS(Transformed_Data[Amount],Transformed_Data[Created],Transformed_Data[[#This Row],[Created]]) -> 0.11119936 | D207: {=IFERROR(_xlfn.XLOOKUP(Transformed_Data[[#This Row],[Created]],_xlfn._TRO_TRAILING('Fees by date'!$C$4:$C$1001),_xlfn._TRO_TRAILING('Fees by date'!$D$4:D$1001)),"")*Transformed_Data[[#This Row],[Stripe fee Allocation %]]} -> -0.700556 | E207: =DATEVALUE(SUBSTITUTE(_xlfn.TEXTAFTER(Transformed_Data[[#This Row],[TabName]], " ", -3), " ", ", ", 2)) -> 45874 | F207: Clean August 2025 - Stripe data upload.xlsx | G207: Stripe data Aug 5 2025 | H207: Charge | I207: ch_3RokIpKYhcjsD9Cb0BFG1gvu | J207: 45866 | K207: Invoice 1162BD3E-0003 | L207: 140 | M207: 140 | N207: 4.36 | O207: 135.64 | P207: 2509-0901 Conner David 01 | Q207: wsb_e37wac6DYIBIKn | R207: melanievalentine@gmail.com | S207: David Conner
...

Sheet Data
J2: =SUBTOTAL(9,Data[Amount]) -> 12126039 | N2: =SUBTOTAL(9,Data[Fees]) -> 279477.71
C3: =COLUMN(C3)-2 -> 1 | D3: =COLUMN(D3)-2 -> 2 | E3: =COLUMN(E3)-2 -> 3 | F3: =COLUMN(F3)-2 -> 4 | G3: =COLUMN(G3)-2 -> 5 | H3: =COLUMN(H3)-2 -> 6 | I3: =COLUMN(I3)-2 -> 7 | J3: =COLUMN(J3)-2 -> 8 | ... Z3: =COLUMN(Z3)-2 -> 24
C4: Fees-Date | D4: Worksheet | E4: TabName | F4: Type | G4: ID | H4: Created | I4: Description | J4: Amount | K4: Currency | L4: Column1 | M4: Converted Amount | N4: Fees | O4: Net | P4: Converted Currency | Q4: Details | R4: Customer ID | S4: Customer Email | T4: rs_document (metadata) | U4: rs_component (metadata) | V4: rs_signer_name (metadata) | W4: rs_signer_email (metadata) | X4: card_last4 (metadata) | Y4: Trip name or design fee?
C5: =IFERROR(IF(ISNUMBER(FIND("Invoicing",Data[[#This Row],[Description]])),DATEVALUE(MID(Data[[#This Row],[Description]], FIND("(",Data[[#This Row],[Description]])+1, FIND(")",Data[[#This Row],[Description]]) - FIND("(", Data[[#This Row],[Description]]) - 1)),""), "") | D5: Clean July 2025 - Stripe data upload.xlsx | E5: Stripe data Jun 3 2025 | F5: Charge | G5: ch_3RRra1KYhcjsD9Cb1uejIAyZ | H5: 45800 | I5: Invoice 63B5033F-0005 | J5: 150 | K5: usd | L5: =Data[[#This Row],[Fees]]/Data[[#This Row],[Converted Amount]] -> 0.031 | M5: 150 | N5: 4.65 | O5: 145.35 | P5: usd | Q5: 2507-0700 Roy Judith 02
C6: =IFERROR(IF(ISNUMBER(FIND("Invoicing",Data[[#This Row],[Description]])),DATEVALUE(MID(Data[[#This Row],[Description]], FIND("(",Data[[#This Row],[Description]])+1, FIND(")",Data[[#This Row],[Description]]) - FIND("(", Data[[#This Row],[Description]]) - 1)),""), "") | D6: Clean July 2025 - Stripe data upload.xlsx | E6: Stripe data Jun 3 2025 | F6: Charge | G6: ch_3RSu47KYhcjsD9Cb0kkHXUMr | H6: 45803 | I6: Invoice E60A20BC-0002 | J6: 11600 | K6: usd | L6: =Data[[#This Row],[Fees]]/Data[[#This Row],[Converted Amount]] -> 0.034025862 | M6: 11600 | N6: 394.7 | O6: 11205.3 | P6: usd | Q6: 2508-1000 Riddle Jean 02
C7: =IFERROR(IF(ISNUMBER(FIND("Invoicing",Data[[#This Row],[Description]])),DATEVALUE(MID(Data[[#This Row],[Description]], FIND("(",Data[[#This Row],[Description]])+1, FIND(")",Data[[#This Row],[Description]]) - FIND("(", Data[[#This Row],[Description]]) - 1)),""), "") | D7: Clean July 2025 - Stripe data upload.xlsx | E7: Stripe data Jun 3 2025 | F7: Charge | G7: ch_3RSv3pKYhcjsD9Cb0G0qgVRT | H7: 45803 | I7: Invoice 3C7E2175-0004 | J7: 850 | K7: usd | L7: =Data[[#This Row],[Fees]]/Data[[#This Row],[Converted Amount]] -> 0.034352941 | M7: 850 | N7: 29.2 | O7: 820.8 | P7: usd | Q7: 2508-0500 Gutierrez Gregory 02
C8: =IFERROR(IF(ISNUMBER(FIND("Invoicing",Data[[#This Row],[Description]])),DATEVALUE(MID(Data[[#This Row],[Description]], FIND("(",Data[[#This Row],[Description]])+1, FIND(")",Data[[#This Row],[Description]]) - FIND("(", Data[[#This Row],[Description]]) - 1)),""), "") | D8: Clean July 2025 - Stripe data upload.xlsx | E8: Stripe data Jun 3 2025 | F8: Charge | G8: ch_3RQQWYKYhcjsD9Cb10KjoUNV | H8: 45803 | I8: Invoice 2C268179-0003 | J8: 575 | K8: usd | L8: =Data[[#This Row],[Fees]]/Data[[#This Row],[Converted Amount]] -> 0.029530435 | M8: 575 | N8: 16.98 | O8: 558.02 | P8: usd | Q8: 2507-1200 Herrera Kathryn 05
C9: =IFERROR(IF(ISNUMBER(FIND("Invoicing",Data[[#This Row],[Description]])),DATEVALUE(MID(Data[[#This Row],[Description]], FIND("(",Data[[#This Row],[Description]])+1, FIND(")",Data[[#This Row],[Description]]) - FIND("(", Data[[#This Row],[Description]]) - 1)),""), "") | D9: Clean July 2025 - Stripe data upload.xlsx | E9: Stripe data Jun 3 2025 | F9: Charge | G9: ch_3RSxhBKYhcjsD9Cb1oXP0yJv | H9: 45803 | I9: Invoice FA88B26B-0007 | J9: 55 | K9: usd | L9: =Data[[#This Row],[Fees]]/Data[[#This Row],[Converted Amount]] -> 0.034545455 | M9: 55 | N9: 1.9 | O9: 53.1 | P9: usd | Q9: 2505-1100 Gay Sean 04
C10: =IFERROR(IF(ISNUMBER(FIND("Invoicing",Data[[#This Row],[Description]])),DATEVALUE(MID(Data[[#This Row],[Description]], FIND("(",Data[[#This Row],[Description]])+1, FIND(")",Data[[#This Row],[Description]]) - FIND("(", Data[[#This Row],[Description]]) - 1)),""), "") | D10: Clean July 2025 - Stripe data upload.xlsx | E10: Stripe data Jun 3 2025 | F10: Refund | G10: ch_3R15RTKYhcjsD9Cb1TTAIDZh | H10: 45803 | I10: Invoice B88098CA-0002 | J10: -1530.5 | K10: usd | L10: =Data[[#This Row],[Fees]]/Data[[#This Row],[Converted Amount]] -> 0 | M10: -1530.5 | N10: 0 | O10: -1530.5 | P10: usd | Q10: 2505-0600 Nolan Angela 02
C11: =IFERROR(IF(ISNUMBER(FIND("Invoicing",Data[[#This Row],[Description]])),DATEVALUE(MID(Data[[#This Row],[Description]], FIND("(",Data[[#This Row],[Description]])+1, FIND(")",Data[[#This Row],[Description]]) - FIND("(", Data[[#This Row],[Description]]) - 1)),""), "") | D11: Clean July 2025 - Stripe data upload.xlsx | E11: Stripe data Jun 3 2025 | F11: Refund | G11: ch_3R16nXKYhcjsD9Cb1XhftLPC | H11: 45803 | I11: Invoice 3F9F2C43-0002 | J11: -1530.5 | K11: usd | L11: =Data[[#This Row],[Fees]]/Data[[#This Row],[Converted Amount]] -> 0 | M11: -1530.5 | N11: 0 | O11: -1530.5 | P11: usd | Q11: 2505-0601 Hogan Emily 02
C12: =IFERROR(IF(ISNUMBER(FIND("Invoicing",Data[[#This Row],[Description]])),DATEVALUE(MID(Data[[#This Row],[Description]], FIND("(",Data[[#This Row],[Description]])+1, FIND(")",Data[[#This Row],[Description]]) - FIND("(", Data[[#This Row],[Description]]) - 1)),""), "") | D12: Clean July 2025 - Stripe data upload.xlsx | E12: Stripe data Jun 3 2025 | F12: Charge | G12: ch_3RTK4sKYhcjsD9Cb1kLMiKvP | H12: 45804 | I12: Invoice 30FCD997-0006 | J12: 480 | K12: usd | L12: =Data[[#This Row],[Fees]]/Data[[#This Row],[Converted Amount]] -> 0.029625 | M12: 480 | N12: 14.22 | O12: 465.78 | P12: usd | Q12: 2507-0300 Jimenez Alexander 05
C13: =IFERROR(IF(ISNUMBER(FIND("Invoicing",Data[[#This Row],[Description]])),DATEVALUE(MID(Data[[#This Row],[Description]], FIND("(",Data[[#This Row],[Description]])+1, FIND(")",Data[[#This Row],[Description]]) - FIND("(", Data[[#This Row],[Description]]) - 1)),""), "") | D13: Clean July 2025 - Stripe data upload.xlsx | E13: Stripe data Jun 3 2025 | F13: Charge | G13: ch_3RSudCKYhcjsD9Cb1PgN8vkk | H13: 45804 | I13: Invoice C34E5031-0002 | J13: 5800 | K13: usd | L13: =Data[[#This Row],[Fees]]/Data[[#This Row],[Converted Amount]] -> 0.029051724 | M13: 5800 | N13: 168.5 | O13: 5631.5 | P13: usd | Q13: 2508-1001 Riddle Christine 01
C14: =IFERROR(IF(ISNUMBER(FIND("Invoicing",Data[[#This Row],[Description]])),DATEVALUE(MID(Data[[#This Row],[Description]], FIND("(",Data[[#This Row],[Description]])+1, FIND(")",Data[[#This Row],[Description]]) - FIND("(", Data[[#This Row],[Description]]) - 1)),""), "") | D14: Clean July 2025 - Stripe data upload.xlsx | E14: Stripe data Jun 3 2025 | F14: Charge | G14: ch_3RR9azKYhcjsD9Cb1jD0WRDD | H14: 45804 | I14: Invoice 69294CBA-0002 | J14: 11200 | K14: usd | L14: =Data[[#This Row],[Fees]]/Data[[#This Row],[Converted Amount]] -> 0.029026786 | M14: 11200 | N14: 325.1 | O14: 10874.9 | P14: usd | Q14: 2605-0300 Kelly Maria 05
C15: =IFERROR(IF(ISNUMBER(FIND("Invoicing",Data[[#This Row],[Description]])),DATEVALUE(MID(Data[[#This Row],[Description]], FIND("(",Data[[#This Row],[Description]])+1, FIND(")",Data[[#This Row],[Description]]) - FIND("(", Data[[#This Row],[Description]]) - 1)),""), "") | D15: Clean July 2025 - Stripe data upload.xlsx | E15: Stripe data Jun 3 2025 | F15: Charge | G15: ch_3RQONQKYhcjsD9Cb0SYLrKip | H15: 45804 | I15: Invoice DBB2E049-0004 | J15: 98750 | K15: usd | L15: =Data[[#This Row],[Fees]]/Data[[#This Row],[Converted Amount]] -> 0.029003038 | M15: 98750 | N15: 2864.05 | O15: 95885.95 | P15: usd | Q15: 2508-0600 Nguyen Laura 05
C16: =IFERROR(IF(ISNUMBER(FIND("Invoicing",Data[[#This Row],[Description]])),DATEVALUE(MID(Data[[#This Row],[Description]], FIND("(",Data[[#This Row],[Description]])+1, FIND(")",Data[[#This Row],[Description]]) - FIND("(", Data[[#This Row],[Description]]) - 1)),""), "") | D16: Clean July 2025 - Stripe data upload.xlsx | E16: Stripe data Jun 3 2025 | F16: Refund | G16: ch_3R109XKYhcjsD9Cb0x7ax5Us | H16: 45804 | I16: Invoice AD1EAD56-0011 | J16: -731 | K16: usd | L16: =Data[[#This Row],[Fees]]/Data[[#This Row],[Converted Amount]] -> 0 | M16: -731 | N16: 0 | O16: -731 | P16: usd | Q16: 2505-0201 Tate Shannon 01
... C69: =IFERROR(IF(ISNUMBER(FIND("Invoicing",Data[[#This Row],[Description]])),DATEVALUE(MID(Data[[#This Row],[Description]], FIND("(",Data[[#This Row],[Description]])+1, FIND(")",Data[[#This Row],[Description]]) - FIND("(", Data[[#This Row],[Description]]) - 1)),""), "") | D69: Clean June 2025 - Stripe data upload.xlsx | E69: Stripe data Jun 17 2025 | F69: Charge | G69: py_3RYiSaKYhcjsD9Cb0mLfG3GP | H69: 45819 | I69: Invoice 81546724-0003 | J69: 25290 | K69: usd | L69: =Data[[#This Row],[Fees]]/Data[[#This Row],[Converted Amount]] -> 0.00031633057 | M69: 25290 | N69: 8 | O69: 25282 | P69: usd | Q69: 2509-2000 Allen Eugene & Kimberly 02
C70: =IFERROR(IF(ISNUMBER(FIND("Invoicing",Data[[#This Row],[Description]])),DATEVALUE(MID(Data[[#This Row],[Description]], FIND("(",Data[[#This Row],[Description]])+1, FIND(")",Data[[#This Row],[Description]]) - FIND("(", Data[[#This Row],[Description]]) - 1)),""), "") -> 45819 | D70: Clean June 2025 - Stripe data upload.xlsx | E70: Stripe data Jun 17 2025 | F70: Stripe Fee | G70: finvp_1RYlIiKYhcjsD9Cb5pJVgAaZ | H70: 45819 | I70: Invoicing (2025-06-11): Invoicing Plus | J70: -101.57 | K70: usd | L70: =Data[[#This Row],[Fees]]/Data[[#This Row],[Converted Amount]] -> 0 | M70: -101.57 | N70: 0 | O70: -101.57 | P70: usd
C71: =IFERROR(IF(ISNUMBER(FIND("Invoicing",Data[[#This Row],[Description]])),DATEVALUE(MID(Data[[#This Row],[Description]], FIND("(",Data[[#This Row],[Description]])+1, FIND(")",Data[[#This Row],[Description]]) - FIND("(", Data[[#This Row],[Description]]) - 1)),""), "") -> 45819 | D71: Clean June 2025 - Stripe data upload.xlsx | E71: Stripe data Jun 17 2025 | F71: Stripe Fee | G71: finvp_1RYuE2KYhcjsD9CbIlGlbgZP | H71: 45819 | I71: Invoicing (2025-06-11): adjustment to Invoicing Plus | J71: -13.25 | K71: usd | L71: =Data[[#This Row],[Fees]]/Data[[#This Row],[Converted Amount]] -> 0 | M71: -13.25 | N71: 0 | O71: -13.25 | P71: usd
C72: =IFERROR(IF(ISNUMBER(FIND("Invoicing",Data[[#This Row],[Description]])),DATEVALUE(MID(Data[[#This Row],[Description]], FIND("(",Data[[#This Row],[Description]])+1, FIND(")",Data[[#This Row],[Description]]) - FIND("(", Data[[#This Row],[Description]]) - 1)),""), "") -> 45819 | D72: Clean June 2025 - Stripe data upload.xlsx | E72: Stripe data Jun 17 2025 | F72: Stripe Fee | G72: finvp_1RYyH6KYhcjsD9CbFgFGHOo6 | H72: 45819 | I72: Invoicing (2025-06-11): adjustment to Invoicing Plus | J72: -127.5 | K72: usd | L72: =Data[[#This Row],[Fees]]/Data[[#This Row],[Converted Amount]] -> 0 | M72: -127.5 | N72: 0 | O72: -127.5 | P72: usd
C73: =IFERROR(IF(ISNUMBER(FIND("Invoicing",Data[[#This Row],[Description]])),DATEVALUE(MID(Data[[#This Row],[Description]], FIND("(",Data[[#This Row],[Description]])+1, FIND(")",Data[[#This Row],[Description]]) - FIND("(", Data[[#This Row],[Description]]) - 1)),""), "") | D73: Clean June 2025 - Stripe data upload.xlsx | E73: Stripe data Jun 17 2025 | F73: Charge | G73: ch_3RYpbyKYhcjsD9Cb1BTSx3YL | H73: 45820 | I73: Invoice UWWD93LB-0001 | J73: 1100 | K73: usd | L73: =Data[[#This Row],[Fees]]/Data[[#This Row],[Converted Amount]] -> 0.029272727 | M73: 1100 | N73: 32.2 | O73: 1067.8 | P73: usd | Q73: 2505-1200 Rodriguez Brenda 02 | R73: rUn_sYO3LXUk92CVf3 | S73: jacksonjennifer@gmail.com | T73: Brenda Rodriguez
C74: =IFERROR(IF(ISNUMBER(FIND("Invoicing",Data[[#This Row],[Description]])),DATEVALUE(MID(Data[[#This Row],[Description]], FIND("(",Data[[#This Row],[Description]])+1, FIND(")",Data[[#This Row],[Description]]) - FIND("(", Data[[#This Row],[Description]]) - 1)),""), "") | D74: Clean June 2025 - Stripe data upload.xlsx | E74: Stripe data Jun 17 2025 | F74: Charge | G74: ch_3RZFCRKYhcjsD9Cb1dC4mFqT | H74: 45820 | I74: Invoice SYLM9C6Q-0001 | J74: 27240 | K74: usd | L74: =Data[[#This Row],[Fees]]/Data[[#This Row],[Converted Amount]] -> 0.034011013 | M74: 27240 | N74: 926.46 | O74: 26313.54 | P74: usd | Q74: 2602-0100 Carlson Jessica 04 | R74: TYg_WdlRkenpmw84Nw | S74: waltersjon@hotmail.com | T74: Jessica Carlson
C75: =IFERROR(IF(ISNUMBER(FIND("Invoicing",Data[[#This Row],[Description]])),DATEVALUE(MID(Data[[#This Row],[Description]], FIND("(",Data[[#This Row],[Description]])+1, FIND(")",Data[[#This Row],[Description]]) - FIND("(", Data[[#This Row],[Description]]) - 1)),""), "") | D75: Clean June 2025 - Stripe data upload.xlsx | E75: Stripe data Jun 17 2025 | F75: Charge | G75: ch_3RYNRmKYhcjsD9Cb1Vd31wcp | H75: 45820 | I75: Invoice 96C023F2-0003 | J75: 390 | K75: usd | L75: =Data[[#This Row],[Fees]]/Data[[#This Row],[Converted Amount]] -> 0.029769231 | M75: 390 | N75: 11.61 | O75: 378.39 | P75: usd | Q75: 2507-1100 Barron Emma 02 | R75: hNr_xMJdwsEwSdoQ9R | S75: james28@yahoo.com | T75: Emma Barron
C76: =IFERROR(IF(ISNUMBER(FIND("Invoicing",Data[[#This Row],[Description]])),DATEVALUE(MID(Data[[#This Row],[Description]], FIND("(",Data[[#This Row],[Description]])+1, FIND(")",Data[[#This Row],[Description]]) - FIND("(", Data[[#This Row],[Description]]) - 1)),""), "") -> 45819 | D76: Clean June 2025 - Stripe data upload.xlsx | E76: Stripe data Jun 17 2025 | F76: Stripe Fee | G76: finvp_1RYzKOKYhcjsD9CbiTxLIX0w | H76: 45820 | I76: Invoicing (2025-06-11): adjustment to Invoicing Plus | J76: -13.43 | K76: usd | L76: =Data[[#This Row],[Fees]]/Data[[#This Row],[Converted Amount]] -> 0 | M76: -13.43 | N76: 0 | O76: -13.43 | P76: usd
C77: =IFERROR(IF(ISNUMBER(FIND("Invoicing",Data[[#This Row],[Description]])),DATEVALUE(MID(Data[[#This Row],[Description]], FIND("(",Data[[#This Row],[Description]])+1, FIND(")",Data[[#This Row],[Description]]) - FIND("(", Data[[#This Row],[Description]]) - 1)),""), "") -> 45819 | D77: Clean June 2025 - Stripe data upload.xlsx | E77: Stripe data Jun 17 2025 | F77: Stripe Fee | G77: finvp_1RZ4JxKYhcjsD9Cbg1rA78jC | H77: 45820 | I77: Invoicing (2025-06-11): adjustment to Invoicing Plus | J77: -1.05 | K77: usd | L77: =Data[[#This Row],[Fees]]/Data[[#This Row],[Converted Amount]] -> 0 | M77: -1.05 | N77: 0 | O77: -1.05 | P77: usd
C78: =IFERROR(IF(ISNUMBER(FIND("Invoicing",Data[[#This Row],[Description]])),DATEVALUE(MID(Data[[#This Row],[Description]], FIND("(",Data[[#This Row],[Description]])+1, FIND(")",Data[[#This Row],[Description]]) - FIND("(", Data[[#This Row],[Description]]) - 1)),""), "") -> 45820 | D78: Clean June 2025 - Stripe data upload.xlsx | E78: Stripe data Jun 17 2025 | F78: Stripe Fee | G78: finvp_1RZBvCKYhcjsD9Cbmgx2RwWT | H78: 45820 | I78: Invoicing (2025-06-12): Invoicing Plus | J78: -5.5 | K78: usd | L78: =Data[[#This Row],[Fees]]/Data[[#This Row],[Converted Amount]] -> 0 | M78: -5.5 | N78: 0 | O78: -5.5 | P78: usd
C79: =IFERROR(IF(ISNUMBER(FIND("Invoicing",Data[[#This Row],[Description]])),DATEVALUE(MID(Data[[#This Row],[Description]], FIND("(",Data[[#This Row],[Description]])+1, FIND(")",Data[[#This Row],[Description]]) - FIND("(", Data[[#This Row],[Description]]) - 1)),""), "") | D79: Clean June 2025 - Stripe data upload.xlsx | E79: Stripe data Jun 17 2025 | F79: Charge | G79: py_3RVwpFKYhcjsD9Cb0iMcOU7M | H79: 45821 | I79: Invoice JB6R9FXL-0001 | J79: 9411.59 | K79: usd | L79: =Data[[#This Row],[Fees]]/Data[[#This Row],[Converted Amount]] -> 0.00085001578 | M79: 9411.59 | N79: 8 | O79: 9403.59 | P79: usd | Q79: Buckley Scott | R79: cEi_gGlwZp7av8XGnS | S79: â stephenfuller@hotmail.com | T79: Brent Allen
C80: =IFERROR(IF(ISNUMBER(FIND("Invoicing",Data[[#This Row],[Description]])),DATEVALUE(MID(Data[[#This Row],[Description]], FIND("(",Data[[#This Row],[Description]])+1, FIND(")",Data[[#This Row],[Description]]) - FIND("(", Data[[#This Row],[Description]]) - 1)),""), "") | D80: Clean June 2025 - Stripe data upload.xlsx | E80: Stripe data Jun 17 2025 | F80: Charge | G80: ch_3RYpyIKYhcjsD9Cb0rqsxMNN | H80: 45821 | I80: Invoice ECB53460-0004 | J80: 105 | K80: usd | L80: =Data[[#This Row],[Fees]]/Data[[#This Row],[Converted Amount]] -> 0.031904762 | M80: 105 | N80: 3.35 | O80: 101.65 | P80: usd | Q80: 2508-1000 Riddle Kendra 01 | R80: vJD_VaOkUdXDi56GBZ | S80: julie60@yahoo.com | T80: Kendra Riddle
C81: =IFERROR(IF(ISNUMBER(FIND("Invoicing",Data[[#This Row],[Description]])),DATEVALUE(MID(Data[[#This Row],[Description]], FIND("(",Data[[#This Row],[Description]])+1, FIND(")",Data[[#This Row],[Description]]) - FIND("(", Data[[#This Row],[Description]]) - 1)),""), "") | D81: Clean June 2025 - Stripe data upload.xlsx | E81: Stripe data Jun 17 2025 | F81: Charge | G81: ch_3RZ6AnKYhcjsD9Cb0MbRhN9a | H81: 45821 | I81: Invoice DEE091EA-0006 | J81: 195 | K81: usd | L81: =Data[[#This Row],[Fees]]/Data[[#This Row],[Converted Amount]] -> 0.030564103 | M81: 195 | N81: 5.96 | O81: 189.04 | P81: usd | Q81: 2506-1500 Clark Pam 05 | R81: LsW_KmrjvQm9a9efR1 | S81: haledavid@yahoo.com | T81: Pam Clark
C82: =IFERROR(IF(ISNUMBER(FIND("Invoicing",Data[[#This Row],[Description]])),DATEVALUE(MID(Data[[#This Row],[Description]], FIND("(",Data[[#This Row],[Description]])+1, FIND(")",Data[[#This Row],[Description]]) - FIND("(", Data[[#This Row],[Description]]) - 1)),""), "") -> 45820 | D82: Clean June 2025 - Stripe data upload.xlsx | E82: Stripe data Jun 17 2025 | F82: Stripe Fee | G82: finvp_1RZLt6KYhcjsD9CbdIRCUi0x | H82: 45821 | I82: Invoicing (2025-06-12): adjustment to Invoicing Plus | J82: -138.15 | K82: usd | L82: =Data[[#This Row],[Fees]]/Data[[#This Row],[Converted Amount]] -> 0 | M82: -138.15 | N82: 0 | O82: -138.15 | P82: usd
C83: =IFERROR(IF(ISNUMBER(FIND("Invoicing",Data[[#This Row],[Description]])),DATEVALUE(MID(Data[[#This Row],[Description]], FIND("(",Data[[#This Row],[Description]])+1, FIND(")",Data[[#This Row],[Description]]) - FIND("(", Data[[#This Row],[Description]]) - 1)),""), "") -> 45821 | D83: Clean June 2025 - Stripe data upload.xlsx | E83: Stripe data Jun 17 2025 | F83: Stripe Fee | G83: finvp_1RZRbPKYhcjsD9Cb2WVibhol | H83: 45821 | I83: Invoicing (2025-06-13): Invoicing Plus | J83: -0.53 | K83: usd | L83: =Data[[#This Row],[Fees]]/Data[[#This Row],[Converted Amount]] -> 0 | M83: -0.53 | N83: 0 | O83: -0.53 | P83: usd
C84: =IFERROR(IF(ISNUMBER(FIND("Invoicing",Data[[#This Row],[Description]])),DATEVALUE(MID(Data[[#This Row],[Description]], FIND("(",Data[[#This Row],[Description]])+1, FIND(")",Data[[#This Row],[Description]]) - FIND("(", Data[[#This Row],[Description]]) - 1)),""), "") -> 45821 | D84: Clean June 2025 - Stripe data upload.xlsx | E84: Stripe data Jun 17 2025 | F84: Stripe Fee | G84: finvp_1RZcerKYhcjsD9CbId29Mz8n | H84: 45821 | I84: Invoicing (2025-06-13): adjustment to Invoicing Plus | J84: -0.98 | K84: usd | L84: =Data[[#This Row],[Fees]]/Data[[#This Row],[Converted Amount]] -> 0 | M84: -0.98 | N84: 0 | O84: -0.98 | P84: usd
C85: =IFERROR(IF(ISNUMBER(FIND("Invoicing",Data[[#This Row],[Description]])),DATEVALUE(MID(Data[[#This Row],[Description]], FIND("(",Data[[#This Row],[Description]])+1, FIND(")",Data[[#This Row],[Description]]) - FIND("(", Data[[#This Row],[Description]]) - 1)),""), "") -> 45821 | D85: Clean June 2025 - Stripe data upload.xlsx | E85: Stripe data Jun 17 2025 | F85: Stripe Fee | G85: finvp_1RZhcLKYhcjsD9Cbo92P220i | H85: 45822 | I85: Invoicing (2025-06-13): adjustment to Invoicing Plus | J85: -47.06 | K85: usd | L85: =Data[[#This Row],[Fees]]/Data[[#This Row],[Converted Amount]] -> 0 | M85: -47.06 | N85: 0 | O85: -47.06 | P85: usd
C86: =IFERROR(IF(ISNUMBER(FIND("Invoicing",Data[[#This Row],[Description]])),DATEVALUE(MID(Data[[#This Row],[Description]], FIND("(",Data[[#This Row],[Description]])+1, FIND(")",Data[[#This Row],[Description]]) - FIND("(", Data[[#This Row],[Description]]) - 1)),""), "") | D86: Clean June 2025 - Stripe data upload.xlsx | E86: Stripe data Jun 24 2025 | F86: Charge | G86: ch_3Ra9UiKYhcjsD9Cb1bdZorjn | H86: 45823 | I86: Invoice KJCGFYOY-0003 | J86: 380 | K86: usd | L86: =Data[[#This Row],[Fees]]/Data[[#This Row],[Converted Amount]] -> 0.029789474 | M86: 380 | N86: 11.32 | O86: 368.68 | P86: usd | Q86: 2506-0801 Cannon Michael 01 | R86: NZA_cyR8hGTmBONpIL | S86: mholmes@hotmail.com | T86: Danny Patrick
C87: =IFERROR(IF(ISNUMBER(FIND("Invoicing",Data[[#This Row],[Description]])),DATEVALUE(MID(Data[[#This Row],[Description]], FIND("(",Data[[#This Row],[Description]])+1, FIND(")",Data[[#This Row],[Description]]) - FIND("(", Data[[#This Row],[Description]]) - 1)),""), "") | D87: Clean June 2025 - Stripe data upload.xlsx | E87: Stripe data Jun 24 2025 | F87: Charge | G87: ch_3RaDbMKYhcjsD9Cb1K6gc7VM | H87: 45823 | I87: Invoice WHTIHLKD-0001 | J87: 15000 | K87: usd | L87: =Data[[#This Row],[Fees]]/Data[[#This Row],[Converted Amount]] -> 0.03402 | M87: 15000 | N87: 510.3 | O87: 14489.7 | P87: usd | Q87: 2609-0700 Vargas Maria 02 | R87: rtK_PoTeIKLvaiApV9 | S87: hboone@hotmail.com | T87: Gabriela Peck
C88: =IFERROR(IF(ISNUMBER(FIND("Invoicing",Data[[#This Row],[Description]])),DATEVALUE(MID(Data[[#This Row],[Description]], FIND("(",Data[[#This Row],[Description]])+1, FIND(")",Data[[#This Row],[Description]]) - FIND("(", Data[[#This Row],[Description]]) - 1)),""), "") | D88: Clean June 2025 - Stripe data upload.xlsx | E88: Stripe data Jun 24 2025 | F88: Charge | G88: ch_3RYpl4KYhcjsD9Cb0sg9uFQj | H88: 45823 | I88: Invoice C34E5031-0003 | J88: 105 | K88: usd | L88: =Data[[#This Row],[Fees]]/Data[[#This Row],[Converted Amount]] -> 0.031904762 | M88: 105 | N88: 3.35 | O88: 101.65 | P88: usd | Q88: 2508-1001 Riddle Christine 01 | R88: EwH_p2sr4cSjRi1B0k | S88: josephjaime@hotmail.com | T88: Gabriela & Jacqueline Morse
C89: =IFERROR(IF(ISNUMBER(FIND("Invoicing",Data[[#This Row],[Description]])),DATEVALUE(MID(Data[[#This Row],[Description]], FIND("(",Data[[#This Row],[Description]])+1, FIND(")",Data[[#This Row],[Description]]) - FIND("(", Data[[#This Row],[Description]]) - 1)),""), "") | D89: Clean June 2025 - Stripe data upload.xlsx | E89: Stripe data Jun 24 2025 | F89: Charge | G89: ch_3RZXf6KYhcjsD9Cb1gER7GBK | H89: 45823 | I89: Invoice 132BF3E5-0009 | J89: 19000 | K89: usd | L89: =Data[[#This Row],[Fees]]/Data[[#This Row],[Converted Amount]] -> 0.029015789 | M89: 19000 | N89: 551.3 | O89: 18448.7 | P89: usd | Q89: 2603-0200 Garcia Joseph 08 | R89: aBQ_WC2LqRCH5mvEUQ | S89: fwilson@hotmail.com | T89: Patricia Gonzales
C90: =IFERROR(IF(ISNUMBER(FIND("Invoicing",Data[[#This Row],[Description]])),DATEVALUE(MID(Data[[#This Row],[Description]], FIND("(",Data[[#This Row],[Description]])+1, FIND(")",Data[[#This Row],[Description]]) - FIND("(", Data[[#This Row],[Description]]) - 1)),""), "") | D90: Clean June 2025 - Stripe data upload.xlsx | E90: Stripe data Jun 24 2025 | F90: Charge | G90: ch_3RZXiEKYhcjsD9Cb1oLKIkmN | H90: 45823 | I90: Invoice 132BF3E5-0010 | J90: 8920 | K90: usd | L90: =Data[[#This Row],[Fees]]/Data[[#This Row],[Converted Amount]] -> 0.029033632 | M90: 8920 | N90: 258.98 | O90: 8661.02 | P90: usd | Q90: 2603-0200 Garcia Joseph 08 | R90: aBQ_WC2LqRCH5mvEUQ | S90: fwilson@hotmail.com | T90: Patricia Gonzales
C91: =IFERROR(IF(ISNUMBER(FIND("Invoicing",Data[[#This Row],[Description]])),DATEVALUE(MID(Data[[#This Row],[Description]], FIND("(",Data[[#This Row],[Description]])+1, FIND(")",Data[[#This Row],[Description]]) - FIND("(", Data[[#This Row],[Description]]) - 1)),""), "") -> 45823 | D91: Clean June 2025 - Stripe data upload.xlsx | E91: Stripe data Jun 17 2025 | F91: Stripe Fee | G91: finvp_1RaHwhKYhcjsD9CbbvE45RdH | H91: 45823 | I91: Invoicing (2025-06-15): Invoicing Plus | J91: -1.9 | K91: usd | L91: =Data[[#This Row],[Fees]]/Data[[#This Row],[Converted Amount]] -> 0 | M91: -1.9 | N91: 0 | O91: -1.9 | P91: usd
C92: =IFERROR(IF(ISNUMBER(FIND("Invoicing",Data[[#This Row],[Description]])),DATEVALUE(MID(Data[[#This Row],[Description]], FIND("(",Data[[#This Row],[Description]])+1, FIND(")",Data[[#This Row],[Description]]) - FIND("(", Data[[#This Row],[Description]]) - 1)),""), "") -> 45823 | D92: Clean June 2025 - Stripe data upload.xlsx | E92: Stripe data Jun 17 2025 | F92: Stripe Fee | G92: finvp_1RaJNKKYhcjsD9CbpyQfIli2 | H92: 45823 | I92: Invoicing (2025-06-15): adjustment to Invoicing Plus | J92: -75 | K92: usd | L92: =Data[[#This Row],[Fees]]/Data[[#This Row],[Converted Amount]] -> 0 | M92: -75 | N92: 0 | O92: -75 | P92: usd
C93: =IFERROR(IF(ISNUMBER(FIND("Invoicing",Data[[#This Row],[Description]])),DATEVALUE(MID(Data[[#This Row],[Description]], FIND("(",Data[[#This Row],[Description]])+1, FIND(")",Data[[#This Row],[Description]]) - FIND("(", Data[[#This Row],[Description]]) - 1)),""), "") -> 45823 | D93: Clean June 2025 - Stripe data upload.xlsx | E93: Stripe data Jun 17 2025 | F93: Stripe Fee | G93: finvp_1RaMbDKYhcjsD9CbZYCu26lu | H93: 45823 | I93: Invoicing (2025-06-15): adjustment to Invoicing Plus | J93: -0.53 | K93: usd | L93: =Data[[#This Row],[Fees]]/Data[[#This Row],[Converted Amount]] -> 0 | M93: -0.53 | N93: 0 | O93: -0.53 | P93: usd
C94: =IFERROR(IF(ISNUMBER(FIND("Invoicing",Data[[#This Row],[Description]])),DATEVALUE(MID(Data[[#This Row],[Description]], FIND("(",Data[[#This Row],[Description]])+1, FIND(")",Data[[#This Row],[Description]]) - FIND("(", Data[[#This Row],[Description]]) - 1)),""), "") -> 45823 | D94: Clean June 2025 - Stripe data upload.xlsx | E94: Stripe data Jun 17 2025 | F94: Stripe Fee | G94: finvp_1RaQKrKYhcjsD9CbgBOpoEQK | H94: 45823 | I94: Invoicing (2025-06-15): adjustment to Invoicing Plus | J94: -139.6 | K94: usd | L94: =Data[[#This Row],[Fees]]/Data[[#This Row],[Converted Amount]] -> 0 | M94: -139.6 | N94: 0 | O94: -139.6 | P94: usd
C95: =IFERROR(IF(ISNUMBER(FIND("Invoicing",Data[[#This Row],[Description]])),DATEVALUE(MID(Data[[#This Row],[Description]], FIND("(",Data[[#This Row],[Description]])+1, FIND(")",Data[[#This Row],[Description]]) - FIND("(", Data[[#This Row],[Description]]) - 1)),""), "") | D95: Clean June 2025 - Stripe data upload.xlsx | E95: Stripe data Jun 24 2025 | F95: Charge | G95: ch_3RaDf5KYhcjsD9Cb0mwc34Yn | H95: 45824 | I95: Invoice WHTIHLKD-0002 | J95: 20000 | K95: usd | L95: =Data[[#This Row],[Fees]]/Data[[#This Row],[Converted Amount]] -> 0.034015 | M95: 20000 | N95: 680.3 | O95: 19319.7 | P95: usd | Q95: 2609-0700 Vargas Maria 02 | R95: vqr_xGCRJnim6CevVZ | S95: david74@yahoo.com | T95: Alexander Jimenez | Y95: ["6485"]
C96: =IFERROR(IF(ISNUMBER(FIND("Invoicing",Data[[#This Row],[Description]])),DATEVALUE(MID(Data[[#This Row],[Description]], FIND("(",Data[[#This Row],[Description]])+1, FIND(")",Data[[#This Row],[Description]]) - FIND("(", Data[[#This Row],[Description]]) - 1)),""), "") | D96: Clean June 2025 - Stripe data upload.xlsx | E96: Stripe data Jun 24 2025 | F96: Charge | G96: ch_3RabRdKYhcjsD9Cb10jEOcze | H96: 45824 | I96: Invoice E320EDFA-0004 | J96: 34870 | K96: usd | L96: =Data[[#This Row],[Fees]]/Data[[#This Row],[Converted Amount]] -> 0.034008603 | M96: 34870 | N96: 1185.88 | O96: 33684.12 | P96: usd | Q96: 2508-1800 Sparks Heather 04 | R96: NNp_UeRLtmr6u2t9S5 | S96: castilloisaac@gmail.com | T96: Kristina Smith
C97: =IFERROR(IF(ISNUMBER(FIND("Invoicing",Data[[#This Row],[Description]])),DATEVALUE(MID(Data[[#This Row],[Description]], FIND("(",Data[[#This Row],[Description]])+1, FIND(")",Data[[#This Row],[Description]]) - FIND("(", Data[[#This Row],[Description]]) - 1)),""), "") | D97: Clean June 2025 - Stripe data upload.xlsx | E97: Stripe data Jun 24 2025 | F97: Charge | G97: ch_3RZS1pKYhcjsD9Cb0gCql4Bw | H97: 45824 | I97: Invoice C822FDB0-0002 | J97: 3420 | K97: usd | L97: =Data[[#This Row],[Fees]]/Data[[#This Row],[Converted Amount]] -> 0.029087719 | M97: 3420 | N97: 99.48 | O97: 3320.52 | P97: usd | Q97: 2509-2300 Burns Madison 02 | R97: yDO_HzpBKhgSiI8Z99 | S97: kirsten87@gmail.com | T97: Jonathan Brooks | Y97: ["8005"]
C98: =IFERROR(IF(ISNUMBER(FIND("Invoicing",Data[[#This Row],[Description]])),DATEVALUE(MID(Data[[#This Row],[Description]], FIND("(",Data[[#This Row],[Description]])+1, FIND(")",Data[[#This Row],[Description]]) - FIND("(", Data[[#This Row],[Description]]) - 1)),""), "") | D98: Clean June 2025 - Stripe data upload.xlsx | E98: Stripe data Jun 24 2025 | F98: Charge | G98: ch_3RagCXKYhcjsD9Cb0xtLGgQ5 | H98: 45824 | I98: Invoice 72023005-0024 | J98: 40000 | K98: usd | L98: =Data[[#This Row],[Fees]]/Data[[#This Row],[Converted Amount]] -> 0.0340075 | M98: 40000 | N98: 1360.3 | O98: 38639.7 | P98: usd | Q98: 2508-1400 Atkinson Jose 03 | R98: pbU_zyTZMaPkr8Srlx | S98: anita61@gmail.com | T98: Brian Sullivan
C99: =IFERROR(IF(ISNUMBER(FIND("Invoicing",Data[[#This Row],[Description]])),DATEVALUE(MID(Data[[#This Row],[Description]], FIND("(",Data[[#This Row],[Description]])+1, FIND(")",Data[[#This Row],[Description]]) - FIND("(", Data[[#This Row],[Description]]) - 1)),""), "") | D99: Clean June 2025 - Stripe data upload.xlsx | E99: Stripe data Jun 24 2025 | F99: Charge | G99: ch_3RYjUuKYhcjsD9Cb0H8VXGVi | H99: 45824 | I99: Invoice 46478283-0007 | J99: 685 | K99: usd | L99: =Data[[#This Row],[Fees]]/Data[[#This Row],[Converted Amount]] -> 0.029445255 | M99: 685 | N99: 20.17 | O99: 664.83 | P99: usd | Q99: 2512-0501 Lyons Henry 02 | R99: tkQ_nKLU867RXBuzum | S99: hallamanda@yahoo.com | T99: Frank Barnes
C100: =IFERROR(IF(ISNUMBER(FIND("Invoicing",Data[[#This Row],[Description]])),DATEVALUE(MID(Data[[#This Row],[Description]], FIND("(",Data[[#This Row],[Description]])+1, FIND(")",Data[[#This Row],[Description]]) - FIND("(", Data[[#This Row],[Description]]) - 1)),""), "") -> 45824 | D100: Clean June 2025 - Stripe data upload.xlsx | E100: Stripe data Jun 24 2025 | F100: Stripe Fee | G100: finvp_1RaggeKYhcjsD9CbckycKCap | H100: 45824 | I100: Invoicing (2025-06-16): Invoicing Plus | J100: -274.35 | K100: usd | L100: =Data[[#This Row],[Fees]]/Data[[#This Row],[Converted Amount]] -> 0 | M100: -274.35 | O100: -274.35 | P100: usd | R100: vJD_VaOkUdXDi56GBZ | S100: julie60@yahoo.com | T100: Kendra Riddle
C101: =IFERROR(IF(ISNUMBER(FIND("Invoicing",Data[[#This Row],[Description]])),DATEVALUE(MID(Data[[#This Row],[Description]], FIND("(",Data[[#This Row],[Description]])+1, FIND(")",Data[[#This Row],[Description]]) - FIND("(", Data[[#This Row],[Description]]) - 1)),""), "") -> 45824 | D101: Clean June 2025 - Stripe data upload.xlsx | E101: Stripe data Jun 24 2025 | F101: Stripe Fee | G101: finvp_1Ral2LKYhcjsD9Cbq69HbKWu | H101: 45824 | I101: Invoicing (2025-06-16): adjustment to Invoicing Plus | J101: -17.1 | K101: usd | L101: =Data[[#This Row],[Fees]]/Data[[#This Row],[Converted Amount]] -> 0 | M101: -17.1 | O101: -17.1 | P101: usd | R101: vru_ITckD5V1kdeUdy | S101: cjones@gmail.com | T101: Robert Moore
C102: =IFERROR(IF(ISNUMBER(FIND("Invoicing",Data[[#This Row],[Description]])),DATEVALUE(MID(Data[[#This Row],[Description]], FIND("(",Data[[#This Row],[Description]])+1, FIND(")",Data[[#This Row],[Description]]) - FIND("(", Data[[#This Row],[Description]]) - 1)),""), "") | D102: Clean June 2025 - Stripe data upload.xlsx | E102: Stripe data Jun 24 2025 | F102: Charge | G102: ch_3Rb51LKYhcjsD9Cb0OODle5q | H102: 45825 | I102: Invoice 1MVL5XKA-0001 | J102: 37000 | K102: usd | L102: =Data[[#This Row],[Fees]]/Data[[#This Row],[Converted Amount]] -> 0.034008108 | M102: 37000 | N102: 1258.3 | O102: 35741.7 | P102: usd | Q102: 2606-0300 Daniel Felicia 04 | R102: Gey_f6nTExWAmDz4oY | S102: michellecox@hotmail.com | T102: Janice Davis | Y102: ["8194"]
C103: =IFERROR(IF(ISNUMBER(FIND("Invoicing",Data[[#This Row],[Description]])),DATEVALUE(MID(Data[[#This Row],[Description]], FIND("(",Data[[#This Row],[Description]])+1, FIND(")",Data[[#This Row],[Description]]) - FIND("(", Data[[#This Row],[Description]]) - 1)),""), "") | D103: Clean June 2025 - Stripe data upload.xlsx | E103: Stripe data Jun 24 2025 | F103: Charge | G103: ch_3Rb56VKYhcjsD9Cb0SQnqIPl | H103: 45825 | I103: Invoice 1MVL5XKA-0002 | J103: 6000 | K103: usd | L103: =Data[[#This Row],[Fees]]/Data[[#This Row],[Converted Amount]] -> 0.03405 | M103: 6000 | N103: 204.3 | O103: 5795.7 | P103: usd | Q103: 2606-0300 Daniel Felicia 04 | R103: cCf_U8bH2pSXVcfWuY | S103: kristy63@hotmail.com | T103: Jacqueline & Darlene Rodriguez
C104: =IFERROR(IF(ISNUMBER(FIND("Invoicing",Data[[#This Row],[Description]])),DATEVALUE(MID(Data[[#This Row],[Description]], FIND("(",Data[[#This Row],[Description]])+1, FIND(")",Data[[#This Row],[Description]]) - FIND("(", Data[[#This Row],[Description]]) - 1)),""), "") -> 45824 | D104: Clean June 2025 - Stripe data upload.xlsx | E104: Stripe data Jun 24 2025 | F104: Stripe Fee | G104: finvp_1RamzoKYhcjsD9CbCAfRBhAo | H104: 45825 | I104: Invoicing (2025-06-16): adjustment to Invoicing Plus | J104: -203.43 | K104: usd | L104: =Data[[#This Row],[Fees]]/Data[[#This Row],[Converted Amount]] -> 0 | M104: -203.43 | O104: -203.43 | P104: usd | R104: dAT_sOSVLGHQb0HDpx | S104: yhart@hotmail.com | T104: Luis & Anthony Moore
C105: =IFERROR(IF(ISNUMBER(FIND("Invoicing",Data[[#This Row],[Description]])),DATEVALUE(MID(Data[[#This Row],[Description]], FIND("(",Data[[#This Row],[Description]])+1, FIND(")",Data[[#This Row],[Description]]) - FIND("(", Data[[#This Row],[Description]]) - 1)),""), "") | D105: Clean June 2025 - Stripe data upload.xlsx | E105: Stripe data Jun 24 2025 | F105: Charge | G105: ch_3RbMUUKYhcjsD9Cb1JDdwxLT | H105: 45826 | I105: Invoice DD88C660-0002 | J105: 3975 | K105: usd | L105: =Data[[#This Row],[Fees]]/Data[[#This Row],[Converted Amount]] -> 0.034075472 | M105: 3975 | N105: 135.45 | O105: 3839.55 | P105: usd | Q105: 2701-0112 Taylor Jesus 01 | R105: Bdb_eL6KWSPtETeIV7 | S105: tinakaiser@hotmail.com | T105: Cole Ferguson | Y105: ["6485"]
C106: =IFERROR(IF(ISNUMBER(FIND("Invoicing",Data[[#This Row],[Description]])),DATEVALUE(MID(Data[[#This Row],[Description]], FIND("(",Data[[#This Row],[Description]])+1, FIND(")",Data[[#This Row],[Description]]) - FIND("(", Data[[#This Row],[Description]]) - 1)),""), "") | D106: Clean June 2025 - Stripe data upload.xlsx | E106: Stripe data Jun 24 2025 | F106: Charge | G106: ch_3RaDiOKYhcjsD9Cb18FfmOA1 | H106: 45826 | I106: Invoice WHTIHLKD-0003 | J106: 6200 | K106: usd | L106: =Data[[#This Row],[Fees]]/Data[[#This Row],[Converted Amount]] -> 0.034048387 | M106: 6200 | N106: 211.1 | O106: 5988.9 | P106: usd | Q106: 2609-0700 Vargas Maria 02 | R106: WRW_ZTqe5kmV1RMVzI | S106: jperez@hotmail.com | T106: Jennifer Byrd
C107: =IFERROR(IF(ISNUMBER(FIND("Invoicing",Data[[#This Row],[Description]])),DATEVALUE(MID(Data[[#This Row],[Description]], FIND("(",Data[[#This Row],[Description]])+1, FIND(")",Data[[#This Row],[Description]]) - FIND("(", Data[[#This Row],[Description]]) - 1)),""), "") | D107: Clean June 2025 - Stripe data upload.xlsx | E107: Stripe data Jun 24 2025 | F107: Charge | G107: ch_3RaxMgKYhcjsD9Cb0ODAeZqR | H107: 45826 | I107: Invoice 3C7E2175-0005 | J107: 38135 | K107: usd | L107: =Data[[#This Row],[Fees]]/Data[[#This Row],[Converted Amount]] -> 0.029007998 | M107: 38135 | N107: 1106.22 | O107: 37028.78 | P107: usd | Q107: 2508-0500 Gutierrez Gregory 02 | R107: nkl_GLKJDCpvO39UAo | S107: ghernandez@hotmail.com | T107: Scott Schwartz
C108: =IFERROR(IF(ISNUMBER(FIND("Invoicing",Data[[#This Row],[Description]])),DATEVALUE(MID(Data[[#This Row],[Description]], FIND("(",Data[[#This Row],[Description]])+1, FIND(")",Data[[#This Row],[Description]]) - FIND("(", Data[[#This Row],[Description]]) - 1)),""), "") | D108: Clean June 2025 - Stripe data upload.xlsx | E108: Stripe data Jun 24 2025 | F108: Charge | G108: ch_3RbRVUKYhcjsD9Cb0nlOnd77 | H108: 45826 | I108: Invoice F1CF4EDB-0007 | J108: 9229 | K108: usd | L108: =Data[[#This Row],[Fees]]/Data[[#This Row],[Converted Amount]] -> 0.03403294 | M108: 9229 | N108: 314.09 | O108: 8914.91 | P108: usd | Q108: 2506-2700 Malone Maria 04 | R108: jqz_OFFWvjdyL6VObC | S108: johnnydavis@hotmail.com | T108: Selena Evans
C109: =IFERROR(IF(ISNUMBER(FIND("Invoicing",Data[[#This Row],[Description]])),DATEVALUE(MID(Data[[#This Row],[Description]], FIND("(",Data[[#This Row],[Description]])+1, FIND(")",Data[[#This Row],[Description]]) - FIND("(", Data[[#This Row],[Description]]) - 1)),""), "") | D109: Clean June 2025 - Stripe data upload.xlsx | E109: Stripe data Jun 24 2025 | F109: Charge | G109: py_3RY6I4KYhcjsD9Cb0YU885tn | H109: 45826 | I109: Invoice 69CE179A-0002 | J109: 48260 | K109: usd | L109: =Data[[#This Row],[Fees]]/Data[[#This Row],[Converted Amount]] -> 0.00016576875 | M109: 48260 | N109: 8 | O109: 48252 | P109: usd | Q109: 2508-2100 Cooper Bradley 04
C110: =IFERROR(IF(ISNUMBER(FIND("Invoicing",Data[[#This Row],[Description]])),DATEVALUE(MID(Data[[#This Row],[Description]], FIND("(",Data[[#This Row],[Description]])+1, FIND(")",Data[[#This Row],[Description]]) - FIND("(", Data[[#This Row],[Description]]) - 1)),""), "") -> 45825 | D110: Clean June 2025 - Stripe data upload.xlsx | E110: Stripe data Jun 24 2025 | F110: Stripe Fee | G110: finvp_1RbBUYKYhcjsD9CbjopNQk2g | H110: 45826 | I110: Invoicing (2025-06-17): Invoicing Plus | J110: -215 | K110: usd | L110: =Data[[#This Row],[Fees]]/Data[[#This Row],[Converted Amount]] -> 0 | M110: -215 | O110: -215 | P110: usd | R110: DkJ_CmXgPD9Umgo222 | S110: kwilson@yahoo.com | T110: Adam Gonzales
C111: =IFERROR(IF(ISNUMBER(FIND("Invoicing",Data[[#This Row],[Description]])),DATEVALUE(MID(Data[[#This Row],[Description]], FIND("(",Data[[#This Row],[Description]])+1, FIND(")",Data[[#This Row],[Description]]) - FIND("(", Data[[#This Row],[Description]]) - 1)),""), "") -> 45826 | D111: Clean June 2025 - Stripe data upload.xlsx | E111: Stripe data Jun 24 2025 | F111: Stripe Fee | G111: finvp_1RbSikKYhcjsD9Cbvh7u5Iag | H111: 45826 | I111: Invoicing (2025-06-18): Invoicing Plus | J111: -482.85 | K111: usd | L111: =Data[[#This Row],[Fees]]/Data[[#This Row],[Converted Amount]] -> 0 | M111: -482.85 | O111: -482.85 | P111: usd | R111: fcc_nznScH1e4AL2pj | S111: timothy05@gmail.com | T111: Kathryn Herrera
C112: =IFERROR(IF(ISNUMBER(FIND("Invoicing",Data[[#This Row],[Description]])),DATEVALUE(MID(Data[[#This Row],[Description]], FIND("(",Data[[#This Row],[Description]])+1, FIND(")",Data[[#This Row],[Description]]) - FIND("(", Data[[#This Row],[Description]]) - 1)),""), "") | D112: Clean June 2025 - Stripe data upload.xlsx | E112: Stripe data Jun 24 2025 | F112: Charge | G112: ch_3RYjfmKYhcjsD9Cb1mKQq6Vp | H112: 45827 | I112: Invoice 58A60EC5-0003 | J112: 685 | K112: usd | L112: =Data[[#This Row],[Fees]]/Data[[#This Row],[Converted Amount]] -> 0.029445255 | M112: 685 | N112: 20.17 | O112: 664.83 | P112: usd | Q112: 2512-0503 Lyons David & Richard | R112: mjt_gDIwoJzmVUjOEN | S112: schneiderbrian@hotmail.com | T112: Sean Bush
C113: =IFERROR(IF(ISNUMBER(FIND("Invoicing",Data[[#This Row],[Description]])),DATEVALUE(MID(Data[[#This Row],[Description]], FIND("(",Data[[#This Row],[Description]])+1, FIND(")",Data[[#This Row],[Description]]) - FIND("(", Data[[#This Row],[Description]]) - 1)),""), "") | D113: Clean June 2025 - Stripe data upload.xlsx | E113: Stripe data Jun 24 2025 | F113: Charge | G113: ch_3Rau1nKYhcjsD9Cb0oasmm3E | H113: 45827 | I113: Invoice UDFEMUNX-0001 | J113: 107625 | K113: usd | L113: =Data[[#This Row],[Fees]]/Data[[#This Row],[Converted Amount]] -> 0.029002834 | M113: 107625 | N113: 3121.43 | O113: 104503.57 | P113: usd | Q113: 2606-0200 Wright Kevin 05 | R113: pbU_zyTZMaPkr8Srlx | S113: anita61@gmail.com | T113: Brian Sullivan
C114: =IFERROR(IF(ISNUMBER(FIND("Invoicing",Data[[#This Row],[Description]])),DATEVALUE(MID(Data[[#This Row],[Description]], FIND("(",Data[[#This Row],[Description]])+1, FIND(")",Data[[#This Row],[Description]]) - FIND("(", Data[[#This Row],[Description]]) - 1)),""), "") | D114: Clean June 2025 - Stripe data upload.xlsx | E114: Stripe data Jun 24 2025 | F114: Charge | G114: ch_3Rbjl1KYhcjsD9Cb1uKHvb8v | H114: 45827 | I114: Invoice E320EDFA-0005 | J114: 34870 | K114: usd | L114: =Data[[#This Row],[Fees]]/Data[[#This Row],[Converted Amount]] -> 0.034008603 | M114: 34870 | N114: 1185.88 | O114: 33684.12 | P114: usd | Q114: 2508-1800 Sparks Heather 04 | R114: hNr_xMJdwsEwSdoQ9R | S114: james28@yahoo.com | T114: Emma Barron
C115: =IFERROR(IF(ISNUMBER(FIND("Invoicing",Data[[#This Row],[Description]])),DATEVALUE(MID(Data[[#This Row],[Description]], FIND("(",Data[[#This Row],[Description]])+1, FIND(")",Data[[#This Row],[Description]]) - FIND("(", Data[[#This Row],[Description]]) - 1)),""), "") | D115: Clean June 2025 - Stripe data upload.xlsx | E115: Stripe data Jun 24 2025 | F115: Charge | G115: ch_3RbME1KYhcjsD9Cb0WZPDjpI | H115: 45827 | I115: Invoice 1MVL5XKA-0003 | J115: 37000 | K115: usd | L115: =Data[[#This Row],[Fees]]/Data[[#This Row],[Converted Amount]] -> 0.029008108 | M115: 37000 | N115: 1073.3 | O115: 35926.7 | P115: usd | Q115: 2606-0300 Daniel Felicia 04 | R115: ijB_Vgkvi74uHFV9yZ | S115: angela05@hotmail.com | T115: Daniel Riddle
C116: =IFERROR(IF(ISNUMBER(FIND("Invoicing",Data[[#This Row],[Description]])),DATEVALUE(MID(Data[[#This Row],[Description]], FIND("(",Data[[#This Row],[Description]])+1, FIND(")",Data[[#This Row],[Description]]) - FIND("(", Data[[#This Row],[Description]]) - 1)),""), "") -> 45826 | D116: Clean June 2025 - Stripe data upload.xlsx | E116: Stripe data Jun 24 2025 | F116: Stripe Fee | G116: finvp_1RbXPIKYhcjsD9CbfZCsBACM | H116: 45827 | I116: Invoicing (2025-06-18): adjustment to Invoicing Plus | J116: -46.15 | K116: usd | L116: =Data[[#This Row],[Fees]]/Data[[#This Row],[Converted Amount]] -> 0 | M116: -46.15 | O116: -46.15 | P116: usd | R116: kDp_UkyN3i6PxsHcCb | S116: barnettjoseph@hotmail.com | T116: Gregory Cain
C117: =IFERROR(IF(ISNUMBER(FIND("Invoicing",Data[[#This Row],[Description]])),DATEVALUE(MID(Data[[#This Row],[Description]], FIND("(",Data[[#This Row],[Description]])+1, FIND(")",Data[[#This Row],[Description]]) - FIND("(", Data[[#This Row],[Description]]) - 1)),""), "") -> 45827 | D117: Clean June 2025 - Stripe data upload.xlsx | E117: Stripe data Jun 24 2025 | F117: Stripe Fee | G117: finvp_1RbmQJKYhcjsD9CbfDDxr6ph | H117: 45827 | I117: Invoicing (2025-06-19): Invoicing Plus | J117: -3.43 | K117: usd | L117: =Data[[#This Row],[Fees]]/Data[[#This Row],[Converted Amount]] -> 0 | M117: -3.43 | O117: -3.43 | P117: usd
C118: =IFERROR(IF(ISNUMBER(FIND("Invoicing",Data[[#This Row],[Description]])),DATEVALUE(MID(Data[[#This Row],[Description]], FIND("(",Data[[#This Row],[Description]])+1, FIND(")",Data[[#This Row],[Description]]) - FIND("(", Data[[#This Row],[Description]]) - 1)),""), "") -> 45827 | D118: Clean June 2025 - Stripe data upload.xlsx | E118: Stripe data Jun 24 2025 | F118: Stripe Fee | G118: finvp_1RbnnfKYhcjsD9CblI0dob0z | H118: 45827 | I118: Invoicing (2025-06-19): adjustment to Invoicing Plus | J118: -538.13 | K118: usd | L118: =Data[[#This Row],[Fees]]/Data[[#This Row],[Converted Amount]] -> 0 | M118: -538.13 | O118: -538.13 | P118: usd
C119: =IFERROR(IF(ISNUMBER(FIND("Invoicing",Data[[#This Row],[Description]])),DATEVALUE(MID(Data[[#This Row],[Description]], FIND("(",Data[[#This Row],[Description]])+1, FIND(")",Data[[#This Row],[Description]]) - FIND("(", Data[[#This Row],[Description]]) - 1)),""), "") -> 45827 | D119: Clean June 2025 - Stripe data upload.xlsx | E119: Stripe data Jun 24 2025 | F119: Stripe Fee | G119: finvp_1Rbp5mKYhcjsD9CbiSWQkXqX | H119: 45827 | I119: Invoicing (2025-06-19): adjustment to Invoicing Plus | J119: -174.35 | K119: usd | L119: =Data[[#This Row],[Fees]]/Data[[#This Row],[Converted Amount]] -> 0 | M119: -174.35 | O119: -174.35 | P119: usd
C120: =IFERROR(IF(ISNUMBER(FIND("Invoicing",Data[[#This Row],[Description]])),DATEVALUE(MID(Data[[#This Row],[Description]], FIND("(",Data[[#This Row],[Description]])+1, FIND(")",Data[[#This Row],[Description]]) - FIND("(", Data[[#This Row],[Description]]) - 1)),""), "") -> 45827 | D120: Clean June 2025 - Stripe data upload.xlsx | E120: Stripe data Jun 24 2025 | F120: Stripe Fee | G120: finvp_1RbrLxKYhcjsD9Cb3jReYOeq | H120: 45827 | I120: Invoicing (2025-06-19): adjustment to Invoicing Plus | J120: -185 | K120: usd | L120: =Data[[#This Row],[Fees]]/Data[[#This Row],[Converted Amount]] -> 0 | M120: -185 | O120: -185 | P120: usd
C121: =IFERROR(IF(ISNUMBER(FIND("Invoicing",Data[[#This Row],[Description]])),DATEVALUE(MID(Data[[#This Row],[Description]], FIND("(",Data[[#This Row],[Description]])+1, FIND(")",Data[[#This Row],[Description]]) - FIND("(", Data[[#This Row],[Description]]) - 1)),""), "") | D121: Clean June 2025 - Stripe data upload.xlsx | E121: Stripe data Jul 1 2025 | F121: Charge | G121: ch_3RdAcYKYhcjsD9Cb0MxhIriw | H121: 45831 | I121: Invoice 3642C437-0004 | J121: 33750 | K121: usd | L121: =Data[[#This Row],[Fees]]/Data[[#This Row],[Converted Amount]] -> 0.029008889 | M121: 33750 | N121: 979.05 | O121: 32770.95 | P121: usd | Q121: 2508-2200 Keith Cynthia 09 | R121: qdS_L8OYCN9QsIUztD | S121: timothydavidson@hotmail.com | T121: Jean James Carter
C122: =IFERROR(IF(ISNUMBER(FIND("Invoicing",Data[[#This Row],[Description]])),DATEVALUE(MID(Data[[#This Row],[Description]], FIND("(",Data[[#This Row],[Description]])+1, FIND(")",Data[[#This Row],[Description]]) - FIND("(", Data[[#This Row],[Description]]) - 1)),""), "") | D122: Clean June 2025 - Stripe data upload.xlsx | E122: Stripe data Jul 1 2025 | F122: Charge | G122: ch_3RdAenKYhcjsD9Cb0cJdL8zc | H122: 45831 | I122: Invoice 3642C437-0005 | J122: 33750 | K122: usd | L122: =Data[[#This Row],[Fees]]/Data[[#This Row],[Converted Amount]] -> 0.029008889 | M122: 33750 | N122: 979.05 | O122: 32770.95 | P122: usd | Q122: 2508-2200 Keith Cynthia 09 | R122: qdS_L8OYCN9QsIUztD | S122: timothydavidson@hotmail.com | T122: Lisa Erickson
C123: =IFERROR(IF(ISNUMBER(FIND("Invoicing",Data[[#This Row],[Description]])),DATEVALUE(MID(Data[[#This Row],[Description]], FIND("(",Data[[#This Row],[Description]])+1, FIND(")",Data[[#This Row],[Description]]) - FIND("(", Data[[#This Row],[Description]]) - 1)),""), "") | D123: Clean June 2025 - Stripe data upload.xlsx | E123: Stripe data Jul 1 2025 | F123: Charge | G123: ch_3RdR1eKYhcjsD9Cb03y3Y5qg | H123: 45832 | I123: Invoice B2FC7B4C-0005 | J123: 1850 | K123: usd | L123: =Data[[#This Row],[Fees]]/Data[[#This Row],[Converted Amount]] -> 0.044162162 | M123: 1850 | N123: 81.7 | O123: 1768.3 | P123: usd | Q123: 2507-1300 Moore Robert & Sheila 02 | R123: vru_ITckD5V1kdeUdy | S123: cjones@gmail.com | T123: Kimberly Lopez
C124: =IFERROR(IF(ISNUMBER(FIND("Invoicing",Data[[#This Row],[Description]])),DATEVALUE(MID(Data[[#This Row],[Description]], FIND("(",Data[[#This Row],[Description]])+1, FIND(")",Data[[#This Row],[Description]]) - FIND("(", Data[[#This Row],[Description]]) - 1)),""), "") | D124: Clean June 2025 - Stripe data upload.xlsx | E124: Stripe data Jul 1 2025 | F124: Charge | G124: ch_3RdXxoKYhcjsD9Cb0t1PtZLe | H124: 45832 | I124: Invoice 21380D0C-0003 | J124: 17617.5 | K124: usd | L124: =Data[[#This Row],[Fees]]/Data[[#This Row],[Converted Amount]] -> 0.02901717 | M124: 17617.5 | N124: 511.21 | O124: 17106.29 | P124: usd | Q124: 2509-0201 Cole Timothy 02 | R124: QoW_MRzCX4BPQL3uFS | S124: nicholas66@yahoo.com | T124: Cole Ferguson | U124: ["6485"]
C125: =IFERROR(IF(ISNUMBER(FIND("Invoicing",Data[[#This Row],[Description]])),DATEVALUE(MID(Data[[#This Row],[Description]], FIND("(",Data[[#This Row],[Description]])+1, FIND(")",Data[[#This Row],[Description]]) - FIND("(", Data[[#This Row],[Description]]) - 1)),""), "") -> 45831 | D125: Clean June 2025 - Stripe data upload.xlsx | E125: Stripe data Jul 1 2025 | F125: Stripe Fee | G125: finvp_1RdP1rKYhcjsD9CbzofAOaJZ | H125: 45832 | I125: Invoicing (2025-06-23): Invoicing Plus | J125: -337.5 | K125: usd | L125: =Data[[#This Row],[Fees]]/Data[[#This Row],[Converted Amount]] -> 0 | M125: -337.5 | N125: 0 | O125: -337.5 | P125: usd
C126: =IFERROR(IF(ISNUMBER(FIND("Invoicing",Data[[#This Row],[Description]])),DATEVALUE(MID(Data[[#This Row],[Description]], FIND("(",Data[[#This Row],[Description]])+1, FIND(")",Data[[#This Row],[Description]]) - FIND("(", Data[[#This Row],[Description]]) - 1)),""), "") -> 45832 | D126: Clean June 2025 - Stripe data upload.xlsx | E126: Stripe data Jul 1 2025 | F126: Stripe Fee | G126: finvp_1Rdbk5KYhcjsD9CbK54ZVmQ7 | H126: 45832 | I126: Invoicing (2025-06-24): Invoicing Plus | J126: -9.25 | K126: usd | L126: =Data[[#This Row],[Fees]]/Data[[#This Row],[Converted Amount]] -> 0 | M126: -9.25 | N126: 0 | O126: -9.25 | P126: usd
C127: =IFERROR(IF(ISNUMBER(FIND("Invoicing",Data[[#This Row],[Description]])),DATEVALUE(MID(Data[[#This Row],[Description]], FIND("(",Data[[#This Row],[Description]])+1, FIND(")",Data[[#This Row],[Description]]) - FIND("(", Data[[#This Row],[Description]]) - 1)),""), "") -> 45832 | D127: Clean June 2025 - Stripe data upload.xlsx | E127: Stripe data Jul 1 2025 | F127: Stripe Fee | G127: finvp_1RdgYFKYhcjsD9Cb3CAX57e7 | H127: 45832 | I127: Invoicing (2025-06-24): adjustment to Invoicing Plus | J127: -88.09 | K127: usd | L127: =Data[[#This Row],[Fees]]/Data[[#This Row],[Converted Amount]] -> 0 | M127: -88.09 | N127: 0 | O127: -88.09 | P127: usd
C128: =IFERROR(IF(ISNUMBER(FIND("Invoicing",Data[[#This Row],[Description]])),DATEVALUE(MID(Data[[#This Row],[Description]], FIND("(",Data[[#This Row],[Description]])+1, FIND(")",Data[[#This Row],[Description]]) - FIND("(", Data[[#This Row],[Description]]) - 1)),""), "") | D128: Clean June 2025 - Stripe data upload.xlsx | E128: Stripe data Jul 1 2025 | F128: Charge | G128: ch_3RdlrMKYhcjsD9Cb11KVHkQc | H128: 45833 | I128: Invoice EVFZ3UHB-0001 | J128: 13250 | K128: usd | L128: =Data[[#This Row],[Fees]]/Data[[#This Row],[Converted Amount]] -> 0.034022642 | M128: 13250 | N128: 450.8 | O128: 12799.2 | P128: usd | Q128: 2701-0113 Christian John 01 | R128: HGC_eNaXg6K3b61kLv | S128: david65@gmail.com | T128: Matthew Rose
C129: =IFERROR(IF(ISNUMBER(FIND("Invoicing",Data[[#This Row],[Description]])),DATEVALUE(MID(Data[[#This Row],[Description]], FIND("(",Data[[#This Row],[Description]])+1, FIND(")",Data[[#This Row],[Description]]) - FIND("(", Data[[#This Row],[Description]]) - 1)),""), "") | D129: Clean June 2025 - Stripe data upload.xlsx | E129: Stripe data Jul 1 2025 | F129: Charge | G129: ch_3Rdna4KYhcjsD9Cb1KwzUJdK | H129: 45833 | I129: Invoice D5A4FB29-0004 | J129: 1240 | K129: usd | L129: =Data[[#This Row],[Fees]]/Data[[#This Row],[Converted Amount]] -> 0.044241935 | M129: 1240 | N129: 54.86 | O129: 1185.14 | P129: usd | Q129: 2507-0900 Black Christopher 11 | R129: gPu_Et9dKdQFehXm0Q | S129: allisonbullock@yahoo.com | T129: Melissa Smith
C130: =IFERROR(IF(ISNUMBER(FIND("Invoicing",Data[[#This Row],[Description]])),DATEVALUE(MID(Data[[#This Row],[Description]], FIND("(",Data[[#This Row],[Description]])+1, FIND(")",Data[[#This Row],[Description]]) - FIND("(", Data[[#This Row],[Description]]) - 1)),""), "") -> 45833 | D130: Clean June 2025 - Stripe data upload.xlsx | E130: Stripe data Jul 1 2025 | F130: Stripe Fee | G130: finvp_1RdqkPKYhcjsD9CbjxU9javJ | H130: 45833 | I130: Invoicing (2025-06-25): Invoicing Plus | J130: -66.25 | K130: usd | L130: =Data[[#This Row],[Fees]]/Data[[#This Row],[Converted Amount]] -> 0 | M130: -66.25 | N130: 0 | O130: -66.25 | P130: usd
C131: =IFERROR(IF(ISNUMBER(FIND("Invoicing",Data[[#This Row],[Description]])),DATEVALUE(MID(Data[[#This Row],[Description]], FIND("(",Data[[#This Row],[Description]])+1, FIND(")",Data[[#This Row],[Description]]) - FIND("(", Data[[#This Row],[Description]]) - 1)),""), "") | D131: Clean June 2025 - Stripe data upload.xlsx | E131: Stripe data Jul 1 2025 | F131: Charge | G131: ch_3ReBmcKYhcjsD9Cb0c1fe03V | H131: 45834 | I131: Invoice 0AC15I0L-0001 | J131: 1079 | K131: usd | L131: =Data[[#This Row],[Fees]]/Data[[#This Row],[Converted Amount]] -> 0.044281742 | M131: 1079 | N131: 47.78 | O131: 1031.22 | P131: usd | Q131: 2506-2901 Castaneda Jennifer 01 | R131: wvN_QPglTpMAhhaSX9 | S131: christopher87@gmail.com | T131: Raymond Austin
C132: =IFERROR(IF(ISNUMBER(FIND("Invoicing",Data[[#This Row],[Description]])),DATEVALUE(MID(Data[[#This Row],[Description]], FIND("(",Data[[#This Row],[Description]])+1, FIND(")",Data[[#This Row],[Description]]) - FIND("(", Data[[#This Row],[Description]]) - 1)),""), "") | D132: Clean June 2025 - Stripe data upload.xlsx | E132: Stripe data Jul 1 2025 | F132: Charge | G132: ch_3ReBe1KYhcjsD9Cb0ceByE9B | H132: 45834 | I132: Invoice 1486A6C9-0002 | J132: 1079 | K132: usd | L132: =Data[[#This Row],[Fees]]/Data[[#This Row],[Converted Amount]] -> 0.044281742 | M132: 1079 | N132: 47.78 | O132: 1031.22 | P132: usd | Q132: 2506-2900 Jenkins Allen 01 | R132: IHn_tPSr65viKILZVj | S132: johnsonkelly@hotmail.com | T132: Richard Bradley
C133: =IFERROR(IF(ISNUMBER(FIND("Invoicing",Data[[#This Row],[Description]])),DATEVALUE(MID(Data[[#This Row],[Description]], FIND("(",Data[[#This Row],[Description]])+1, FIND(")",Data[[#This Row],[Description]]) - FIND("(", Data[[#This Row],[Description]]) - 1)),""), "") | D133: Clean June 2025 - Stripe data upload.xlsx | E133: Stripe data Jul 1 2025 | F133: Charge | G133: ch_3Rdom7KYhcjsD9Cb0s7e6shl | H133: 45834 | I133: Invoice 78C5E0EF-0003 | J133: 3810 | K133: usd | L133: =Data[[#This Row],[Fees]]/Data[[#This Row],[Converted Amount]] -> 0.02907874 | M133: 3810 | N133: 110.79 | O133: 3699.21 | P133: usd | Q133: 2506-2400 Terrell John 02 | R133: Ulz_RSR4ltM1nvklKK | S133: frussell@gmail.com | T133: Sheri Harris
C134: =IFERROR(IF(ISNUMBER(FIND("Invoicing",Data[[#This Row],[Description]])),DATEVALUE(MID(Data[[#This Row],[Description]], FIND("(",Data[[#This Row],[Description]])+1, FIND(")",Data[[#This Row],[Description]]) - FIND("(", Data[[#This Row],[Description]]) - 1)),""), "") | D134: Clean June 2025 - Stripe data upload.xlsx | E134: Stripe data Jul 1 2025 | F134: Charge | G134: ch_3Rc1DuKYhcjsD9Cb0xMwJJhK | H134: 45834 | I134: Invoice 1E1F700B-0012 | J134: 30942.5 | K134: usd | L134: =Data[[#This Row],[Fees]]/Data[[#This Row],[Converted Amount]] -> 0.029009615 | M134: 30942.5 | N134: 897.63 | O134: 30044.87 | P134: usd | Q134: 2508-0700 Copeland Michael & Donna 02 | R134: deF_T6TB118PH4cTWD | S134: heatherkey@gmail.com | T134: Jimmy Cabrera
C135: =IFERROR(IF(ISNUMBER(FIND("Invoicing",Data[[#This Row],[Description]])),DATEVALUE(MID(Data[[#This Row],[Description]], FIND("(",Data[[#This Row],[Description]])+1, FIND(")",Data[[#This Row],[Description]]) - FIND("(", Data[[#This Row],[Description]]) - 1)),""), "") | D135: Clean June 2025 - Stripe data upload.xlsx | E135: Stripe data Jul 1 2025 | F135: Charge | G135: ch_3RdcavKYhcjsD9Cb0vJvLGTg | H135: 45834 | I135: Invoice C60NNV6F-0001 | J135: 16650 | K135: usd | L135: =Data[[#This Row],[Fees]]/Data[[#This Row],[Converted Amount]] -> 0.029018018 | M135: 16650 | N135: 483.15 | O135: 16166.85 | P135: usd | Q135: 2512-1900 Long Christopher 02 | R135: gUU_LSRYgieDa6R01R | S135: susan17@yahoo.com | T135: Scott Schwartz
C136: =IFERROR(IF(ISNUMBER(FIND("Invoicing",Data[[#This Row],[Description]])),DATEVALUE(MID(Data[[#This Row],[Description]], FIND("(",Data[[#This Row],[Description]])+1, FIND(")",Data[[#This Row],[Description]]) - FIND("(", Data[[#This Row],[Description]]) - 1)),""), "") -> 45833 | D136: Clean June 2025 - Stripe data upload.xlsx | E136: Stripe data Jul 1 2025 | F136: Stripe Fee | G136: finvp_1Re6QmKYhcjsD9CbDtwdeHoA | H136: 45834 | I136: Invoicing (2025-06-25): adjustment to Invoicing Plus | J136: -6.2 | K136: usd | L136: =Data[[#This Row],[Fees]]/Data[[#This Row],[Converted Amount]] -> 0 | M136: -6.2 | N136: 0 | O136: -6.2 | P136: usd
C137: =IFERROR(IF(ISNUMBER(FIND("Invoicing",Data[[#This Row],[Description]])),DATEVALUE(MID(Data[[#This Row],[Description]], FIND("(",Data[[#This Row],[Description]])+1, FIND(")",Data[[#This Row],[Description]]) - FIND("(", Data[[#This Row],[Description]]) - 1)),""), "") -> 45834 | D137: Clean June 2025 - Stripe data upload.xlsx | E137: Stripe data Jul 1 2025 | F137: Stripe Fee | G137: finvp_1ReGlqKYhcjsD9Cb4SUI5cOJ | H137: 45834 | I137: Invoicing (2025-06-26): Invoicing Plus | J137: -5.4 | K137: usd | L137: =Data[[#This Row],[Fees]]/Data[[#This Row],[Converted Amount]] -> 0 | M137: -5.4 | N137: 0 | O137: -5.4 | P137: usd
C138: =IFERROR(IF(ISNUMBER(FIND("Invoicing",Data[[#This Row],[Description]])),DATEVALUE(MID(Data[[#This Row],[Description]], FIND("(",Data[[#This Row],[Description]])+1, FIND(")",Data[[#This Row],[Description]]) - FIND("(", Data[[#This Row],[Description]]) - 1)),""), "") -> 45834 | D138: Clean June 2025 - Stripe data upload.xlsx | E138: Stripe data Jul 1 2025 | F138: Stripe Fee | G138: finvp_1ReHa5KYhcjsD9CbD5Pdrcb1 | H138: 45834 | I138: Invoicing (2025-06-26): adjustment to Invoicing Plus | J138: -5.4 | K138: usd | L138: =Data[[#This Row],[Fees]]/Data[[#This Row],[Converted Amount]] -> 0 | M138: -5.4 | N138: 0 | O138: -5.4 | P138: usd
C139: =IFERROR(IF(ISNUMBER(FIND("Invoicing",Data[[#This Row],[Description]])),DATEVALUE(MID(Data[[#This Row],[Description]], FIND("(",Data[[#This Row],[Description]])+1, FIND(")",Data[[#This Row],[Description]]) - FIND("(", Data[[#This Row],[Description]]) - 1)),""), "") -> 45834 | D139: Clean June 2025 - Stripe data upload.xlsx | E139: Stripe data Jul 1 2025 | F139: Stripe Fee | G139: finvp_1ReKkfKYhcjsD9CbtsIHrPku | H139: 45834 | I139: Invoicing (2025-06-26): adjustment to Invoicing Plus | J139: -173.76 | K139: usd | L139: =Data[[#This Row],[Fees]]/Data[[#This Row],[Converted Amount]] -> 0 | M139: -173.76 | N139: 0 | O139: -173.76 | P139: usd
C140: =IFERROR(IF(ISNUMBER(FIND("Invoicing",Data[[#This Row],[Description]])),DATEVALUE(MID(Data[[#This Row],[Description]], FIND("(",Data[[#This Row],[Description]])+1, FIND(")",Data[[#This Row],[Description]]) - FIND("(", Data[[#This Row],[Description]]) - 1)),""), "") | D140: Clean June 2025 - Stripe data upload.xlsx | E140: Stripe data Jul 1 2025 | F140: Charge | G140: ch_3RdqH3KYhcjsD9Cb0lqxwHHx | H140: 45835 | I140: Invoice 8DDC7DA1-0020 | J140: 41520 | K140: usd | L140: =Data[[#This Row],[Fees]]/Data[[#This Row],[Converted Amount]] -> 0.029007225 | M140: 41520 | N140: 1204.38 | O140: 40315.62 | P140: usd | Q140: 2509-1700 Burke Donna 01 | R140: oly_lW50UIAkKcgEeE | S140: erikawalker@yahoo.com | T140: Carla Williams
C141: =IFERROR(IF(ISNUMBER(FIND("Invoicing",Data[[#This Row],[Description]])),DATEVALUE(MID(Data[[#This Row],[Description]], FIND("(",Data[[#This Row],[Description]])+1, FIND(")",Data[[#This Row],[Description]]) - FIND("(", Data[[#This Row],[Description]]) - 1)),""), "") | D141: Clean June 2025 - Stripe data upload.xlsx | E141: Stripe data Jul 1 2025 | F141: Charge | G141: ch_3RduuJKYhcjsD9Cb02voJlrh | H141: 45835 | I141: Invoice KJBKGAVC-0001 | J141: 170 | K141: usd | L141: =Data[[#This Row],[Fees]]/Data[[#This Row],[Converted Amount]] -> 0.030764706 | M141: 170 | N141: 5.23 | O141: 164.77 | P141: usd | Q141: 2512-0701 Bright Amy 01 | R141: lVl_OM2Hd9bfBIt8ly | S141: tarasingh@yahoo.com | T141: Sean Gay
C142: =IFERROR(IF(ISNUMBER(FIND("Invoicing",Data[[#This Row],[Description]])),DATEVALUE(MID(Data[[#This Row],[Description]], FIND("(",Data[[#This Row],[Description]])+1, FIND(")",Data[[#This Row],[Description]]) - FIND("(", Data[[#This Row],[Description]]) - 1)),""), "") | D142: Clean June 2025 - Stripe data upload.xlsx | E142: Stripe data Jul 1 2025 | F142: Charge | G142: ch_3RbfWzKYhcjsD9Cb0AYNbGbj | H142: 45835 | I142: Invoice 7551AD89-0005 | J142: 15330 | K142: usd | L142: =Data[[#This Row],[Fees]]/Data[[#This Row],[Converted Amount]] -> 0.029019569 | M142: 15330 | N142: 444.87 | O142: 14885.13 | P142: usd | Q142: 2508-2000 Nguyen Stanley 01 | R142: ACQ_sEHRm66mBp8i8Z | S142: okim@hotmail.com | T142: Maria Malone
C143: =IFERROR(IF(ISNUMBER(FIND("Invoicing",Data[[#This Row],[Description]])),DATEVALUE(MID(Data[[#This Row],[Description]], FIND("(",Data[[#This Row],[Description]])+1, FIND(")",Data[[#This Row],[Description]]) - FIND("(", Data[[#This Row],[Description]]) - 1)),""), "") | D143: Clean June 2025 - Stripe data upload.xlsx | E143: Stripe data Jul 1 2025 | F143: Charge | G143: ch_3RbfdgKYhcjsD9Cb0IlDEoPl | H143: 45835 | I143: Invoice FD2C2B50-0004 | J143: 14830 | K143: usd | L143: =Data[[#This Row],[Fees]]/Data[[#This Row],[Converted Amount]] -> 0.029020229 | M143: 14830 | N143: 430.37 | O143: 14399.63 | P143: usd | Q143: 2508-2001 Hardin Bobby 01 | R143: UQA_ohGOX8SDBLoF96 | S143: robert69@hotmail.com | T143: Bethany Hickman
C144: =IFERROR(IF(ISNUMBER(FIND("Invoicing",Data[[#This Row],[Description]])),DATEVALUE(MID(Data[[#This Row],[Description]], FIND("(",Data[[#This Row],[Description]])+1, FIND(")",Data[[#This Row],[Description]]) - FIND("(", Data[[#This Row],[Description]]) - 1)),""), "") | D144: Clean June 2025 - Stripe data upload.xlsx | E144: Stripe data Jul 1 2025 | F144: Charge | G144: ch_3RdsFEKYhcjsD9Cb0yBR6yqT | H144: 45835 | I144: Invoice 30354213-0002 | J144: 57700 | K144: usd | L144: =Data[[#This Row],[Fees]]/Data[[#This Row],[Converted Amount]] -> 0.029005199 | M144: 57700 | N144: 1673.6 | O144: 56026.4 | P144: usd | Q144: 2509-0301 Anderson Gabriela 02 | R144: KPL_qqgPn9vlt8K0w9 | S144: bellkimberly@gmail.com | T144: John Padilla
C145: =IFERROR(IF(ISNUMBER(FIND("Invoicing",Data[[#This Row],[Description]])),DATEVALUE(MID(Data[[#This Row],[Description]], FIND("(",Data[[#This Row],[Description]])+1, FIND(")",Data[[#This Row],[Description]]) - FIND("(", Data[[#This Row],[Description]]) - 1)),""), "") -> 45834 | D145: Clean June 2025 - Stripe data upload.xlsx | E145: Stripe data Jul 1 2025 | F145: Stripe Fee | G145: finvp_1ReQh7KYhcjsD9Cbf7H7dENL | H145: 45835 | I145: Invoicing (2025-06-26): adjustment to Invoicing Plus | J145: -83.25 | K145: usd | L145: =Data[[#This Row],[Fees]]/Data[[#This Row],[Converted Amount]] -> 0 | M145: -83.25 | N145: 0 | O145: -83.25 | P145: usd
C146: =IFERROR(IF(ISNUMBER(FIND("Invoicing",Data[[#This Row],[Description]])),DATEVALUE(MID(Data[[#This Row],[Description]], FIND("(",Data[[#This Row],[Description]])+1, FIND(")",Data[[#This Row],[Description]]) - FIND("(", Data[[#This Row],[Description]]) - 1)),""), "") -> 45835 | D146: Clean June 2025 - Stripe data upload.xlsx | E146: Stripe data Jul 1 2025 | F146: Stripe Fee | G146: finvp_1RedDwKYhcjsD9Cb7t9xGu7Y | H146: 45835 | I146: Invoicing (2025-06-27): Invoicing Plus | J146: -207.6 | K146: usd | L146: =Data[[#This Row],[Fees]]/Data[[#This Row],[Converted Amount]] -> 0 | M146: -207.6 | N146: 0 | O146: -207.6 | P146: usd
C147: =IFERROR(IF(ISNUMBER(FIND("Invoicing",Data[[#This Row],[Description]])),DATEVALUE(MID(Data[[#This Row],[Description]], FIND("(",Data[[#This Row],[Description]])+1, FIND(")",Data[[#This Row],[Description]]) - FIND("(", Data[[#This Row],[Description]]) - 1)),""), "") -> 45835 | D147: Clean June 2025 - Stripe data upload.xlsx | E147: Stripe data Jul 1 2025 | F147: Stripe Fee | G147: finvp_1Regz6KYhcjsD9CbGfHSohs3 | H147: 45835 | I147: Invoicing (2025-06-27): adjustment to Invoicing Plus | J147: -0.85 | K147: usd | L147: =Data[[#This Row],[Fees]]/Data[[#This Row],[Converted Amount]] -> 0 | M147: -0.85 | N147: 0 | O147: -0.85 | P147: usd
C148: =IFERROR(IF(ISNUMBER(FIND("Invoicing",Data[[#This Row],[Description]])),DATEVALUE(MID(Data[[#This Row],[Description]], FIND("(",Data[[#This Row],[Description]])+1, FIND(")",Data[[#This Row],[Description]]) - FIND("(", Data[[#This Row],[Description]]) - 1)),""), "") -> 45835 | D148: Clean June 2025 - Stripe data upload.xlsx | E148: Stripe data Jul 1 2025 | F148: Stripe Fee | G148: finvp_1ReiB4KYhcjsD9CbmfIj4GPS | H148: 45835 | I148: Invoicing (2025-06-27): adjustment to Invoicing Plus | J148: -76.65 | K148: usd | L148: =Data[[#This Row],[Fees]]/Data[[#This Row],[Converted Amount]] -> 0 | M148: -76.65 | N148: 0 | O148: -76.65 | P148: usd
C149: =IFERROR(IF(ISNUMBER(FIND("Invoicing",Data[[#This Row],[Description]])),DATEVALUE(MID(Data[[#This Row],[Description]], FIND("(",Data[[#This Row],[Description]])+1, FIND(")",Data[[#This Row],[Description]]) - FIND("(", Data[[#This Row],[Description]]) - 1)),""), "") -> 45835 | D149: Clean June 2025 - Stripe data upload.xlsx | E149: Stripe data Jul 1 2025 | F149: Stripe Fee | G149: finvp_1Rej5QKYhcjsD9Cb88KrPEzc | H149: 45835 | I149: Invoicing (2025-06-27): adjustment to Invoicing Plus | J149: -74.15 | K149: usd | L149: =Data[[#This Row],[Fees]]/Data[[#This Row],[Converted Amount]] -> 0 | M149: -74.15 | N149: 0 | O149: -74.15 | P149: usd
C150: =IFERROR(IF(ISNUMBER(FIND("Invoicing",Data[[#This Row],[Description]])),DATEVALUE(MID(Data[[#This Row],[Description]], FIND("(",Data[[#This Row],[Description]])+1, FIND(")",Data[[#This Row],[Description]]) - FIND("(", Data[[#This Row],[Description]]) - 1)),""), "") -> 45835 | D150: Clean June 2025 - Stripe data upload.xlsx | E150: Stripe data Jul 1 2025 | F150: Stripe Fee | G150: finvp_1Reky5KYhcjsD9CbzdDyf8WC | H150: 45835 | I150: Invoicing (2025-06-27): adjustment to Invoicing Plus | J150: -288.5 | K150: usd | L150: =Data[[#This Row],[Fees]]/Data[[#This Row],[Converted Amount]] -> 0 | M150: -288.5 | N150: 0 | O150: -288.5 | P150: usd
C151: =IFERROR(IF(ISNUMBER(FIND("Invoicing",Data[[#This Row],[Description]])),DATEVALUE(MID(Data[[#This Row],[Description]], FIND("(",Data[[#This Row],[Description]])+1, FIND(")",Data[[#This Row],[Description]]) - FIND("(", Data[[#This Row],[Description]]) - 1)),""), "") | D151: Clean July 2025 - Stripe data upload.xlsx | E151: Stripe data Jul 8 2025 | F151: Charge | G151: ch_3RdqMtKYhcjsD9Cb0fSWE9HO | H151: 45836 | I151: Invoice 0CFFDDD2-0010 | J151: 38900 | K151: usd | L151: =Data[[#This Row],[Fees]]/Data[[#This Row],[Converted Amount]] -> 0.029007712 | M151: 38900 | N151: 1128.4 | O151: 37771.6 | P151: usd | Q151: 2509-1701 Gomez Stacy 01 | R151: vJP_PP8nSfUorH4bLC | S151: eayers@yahoo.com | T151: Cole Morton
C152: =IFERROR(IF(ISNUMBER(FIND("Invoicing",Data[[#This Row],[Description]])),DATEVALUE(MID(Data[[#This Row],[Description]], FIND("(",Data[[#This Row],[Description]])+1, FIND(")",Data[[#This Row],[Description]]) - FIND("(", Data[[#This Row],[Description]]) - 1)),""), "") | D152: Clean July 2025 - Stripe data upload.xlsx | E152: Stripe data Jul 8 2025 | F152: Charge | G152: ch_3RdAsfKYhcjsD9Cb1Q5FrHEG | H152: 45836 | I152: Invoice DBP5Q7EJ-0004 | J152: 685 | K152: usd | L152: =Data[[#This Row],[Fees]]/Data[[#This Row],[Converted Amount]] -> 0.029445255 | M152: 685 | N152: 20.17 | O152: 664.83 | P152: usd | Q152: 2507-2000 Evans Selena 05 | R152: jqz_OFFWvjdyL6VObC | S152: johnnydavis@hotmail.com | T152: Abigail Pierce
C153: =IFERROR(IF(ISNUMBER(FIND("Invoicing",Data[[#This Row],[Description]])),DATEVALUE(MID(Data[[#This Row],[Description]], FIND("(",Data[[#This Row],[Description]])+1, FIND(")",Data[[#This Row],[Description]]) - FIND("(", Data[[#This Row],[Description]]) - 1)),""), "") -> 45836 | D153: Clean June 2025 - Stripe data upload.xlsx | E153: Stripe data Jul 1 2025 | F153: Stripe Fee | G153: finvp_1Rf9EbKYhcjsD9CbUu4sGDDt | H153: 45837 | I153: Invoicing (2025-06-28): Invoicing Plus | J153: -194.5 | K153: usd | L153: =Data[[#This Row],[Fees]]/Data[[#This Row],[Converted Amount]] -> 0 | M153: -194.5 | N153: 0 | O153: -194.5 | P153: usd
...

Sheet Aux
A1: {=LEFT(CELL("filename",A1),FIND("[",CELL("filename",A1))-1) & "Data\"} -> C:\Users\isaac\Documents\0 - Webprojects\ProjectFinance Cases\PowerQuery_StripeFees\Data\
A2: Path
